Workbook
Name \P: #REF!
Name _002: #REF!
Name a: #REF!
Name AllowanceCats: #REF!
Name BPDetail_Import_Date: #REF!
Name bpmonth: #REF!
Name bpmonthf: #REF!
Name bpyear: #REF!
Name BUCODE: #REF!
Name BUCODE: #REF!
Name BUCODE: #REF!
Name BUCODE: #REF!
Name BUCODE: #REF!
Name BUCODE: #REF!
Name BUCODE_2: #REF!
Name Budget_Year: #REF!
Name BudgetYear: #REF!
Name Calendar: #REF!
Name Category: #REF!
Name ccc: #REF!
Name Copy_1_1: #REF!
Name Copy_1_2: #REF!
Name Copy_2_1: #REF!
Name Copy_3_1: #REF!
Name Copy_4_1: #REF!
Name Copy_5_1: #REF!
Name Copy_6_1: #REF!
Name Copy_7_1: #REF!
Name Copy_7_2: #REF!
Name Copy_8_1: #REF!
Name Copy_9_1: #REF!
Name Copy_9_2: #REF!
Name COVER: #REF!
Name CP: #REF!
Name CP: #REF!
Name CP: #REF!
Name CP: #REF!
Name CP: #REF!
Name CP: #REF!
Name CP: [1]Parameter!$C$7
Name Currency: #REF!
Name currentyear: #REF!
Name CurrentYr: #REF!
Name d: #REF!
Name df: #REF!
Name er: #REF!
Name F0R_INT: #REF!
Name FB: #REF!
Name FOR_INT: #REF!
Name FOR90_E2: #REF!
Name FOR90_I2: #REF!
Name FOR9O_E: #REF!
Name FRSname: #REF!
Name FRSnum: #REF!
Name FX_Rate_BY: #REF!
Name gh: #REF!
Name hotel: #REF!
Name hotel_name_long: #REF!
Name Hotelname: #REF!
Name inflation: #REF!

Sheet 2025 Summay
E1: 2021001 | F1: 2021002 | G1: 2021003 | H1: 2021004 | I1: 2021005 | J1: 2021006 | K1: 2021007 | L1: 2021008 | M1: 2021009 | N1: 2021010 | O1: 2021011 | P1: 2021012 | R1: 2021001 | S1: 2021002 | T1: 2021003 | U1: 2021004 | V1: 2021005 | W1: 2021006 | X1: 2021007 | Y1: 2021008 | Z1: 2021009 | AA1: 2021010 | AB1: 2021011 | AC1: 2021012
E2: =E1 -> 2021001 | F2: =F1 -> 2021002 | G2: =G1 -> 2021003 | H2: =H1 -> 2021004 | I2: =I1 -> 2021005 | J2: =J1 -> 2021006 | K2: =K1 -> 2021007 | L2: =L1 -> 2021008 | ... P2: =P1 -> 2021012 | R2: 2021001 | S2: 2021002 | T2: 2021003 | U2: 2021004 | V2: 2021005 | W2: 2021006 | X2: 2021007 | Y2: 2021008 | Z2: 2021009 | AA2: 2021010 | AB2: 2021011 | AC2: 2021012
E3: A | F3: A | G3: A | H3: A | I3: A | J3: A | R3: A | S3: A | T3: A | U3: A | V3: A | W3: A | X3: A | Y3: A | Z3: A | AA3: A | AB3: A | AC3: A | AD3: A
D4: Hotel Profit & Loss Monthly Report
D5: 酒店月度损益报表 | R5: 0 | S5: 0 | T5: 0 | U5: 0 | V5: 0 | W5: 0 | X5: 0 | Y5: 0 | Z5: 0 | AA5: 0 | AB5: 0 | AC5: 0 | AD5: 0
D6: Income Statement
D7: 2025
E9: 1 | F9: 2 | G9: 3 | H9: 4 | I9: 5 | J9: 6 | K9: 7 | L9: 8 | M9: 9 | N9: 10 | O9: 11 | P9: 12 | Q9: 2025 | R9: 202401 | S9: 202402 | T9: 202403 | U9: 202404 | V9: 202405 | W9: 202406 | X9: 202407 | Y9: 202408 | Z9: 202409 | AA9: 202410 | AB9: 202411 | AC9: 202412 | AD9: 2024 | AE9: Var. | AG9: 2021年 | AI9: 2019 | AL9: 2023 | AM9: Var.
A10: Account | B10: Dept | E10: Budget | F10: Budget | G10: Budget | H10: Budget | I10: Budget | J10: Budget | K10: Budget | L10: Budget | M10: Budget | N10: Budget | O10: Budget | P10: Budget | Q10: Budget | R10: Actual | S10: Actual | T10: Actual | U10: Actual | V10: Actual | W10: Actual | X10: Actual | Y10: Actual | Z10: Forecast | AA10: Forecast | AB10: Forecast | AC10: Forecast | AD10: Forecast | AG10: Actual | AI10: ACTUAL | AL10: Actual
A11: <<30100110..30100192,38108100,39810200..39810300 | B11: <<10099..10999 | D11: Rooms Revenue 客房收入 | E11: ='Rooms+Summary'!E15 -> 29442573 | F11: ='Rooms+Summary'!F15 -> 34339448 | G11: ='Rooms+Summary'!G15 -> 20349212 | H11: ='Rooms+Summary'!H15 -> 18705258 | I11: ='Rooms+Summary'!I15 -> 17427010 | J11: ='Rooms+Summary'!J15 -> 15601860 | K11: ='Rooms+Summary'!K15 -> 23179432 | L11: ='Rooms+Summary'!L15 -> 26831725 | ... P11: ='Rooms+Summary'!P15 -> 19547757 | Q11: =SUM(E11:P11) -> 252268372 | R11: ='Rooms+Summary'!R15 -> 33339933 | S11: ='Rooms+Summary'!S15 -> 52712408 | T11: ='Rooms+Summary'!T15 -> 22181852 | U11: ='Rooms+Summary'!U15 -> 18679121 | V11: ='Rooms+Summary'!V15 -> 17436274 | W11: ='Rooms+Summary'!W15 -> 15572622 | X11: ='Rooms+Summary'!X15 -> 23202310 | Y11: ='Rooms+Summary'!Y15 -> 27004827 | ... AC11: ='Rooms+Summary'!AC15 -> 17813000 | AD11: =SUM(R11:AC11) -> 2.7141041e+08 | AE11: =Q11-AD11 -> -19142042 | AG11: 2.5866085e+08 | AH11: =Q11-AG11 -> -6392476.1 | AI11: 2.4420152e+08 | AJ11: =Q11-AI11 -> 8066848 | AL11: 3.2826855e+08 | AM11: =Q11-AL11 -> -76000180 | AP11: =Q11-'[1]2025 Summay'!Q11 -> 0
A12: <<30200210..30400050,38108100,39810200..39810300 | B12: <<20001..29999 | D12: Food and Beverage Revenue 餐饮收入 | E12: ='F&B+Summary'!D48 -> 9000030 | F12: ='F&B+Summary'!E48 -> 8202468 | G12: ='F&B+Summary'!F48 -> 6009517 | H12: ='F&B+Summary'!G48 -> 5635934 | I12: ='F&B+Summary'!H48 -> 5700473 | J12: ='F&B+Summary'!I48 -> 5135401 | K12: ='F&B+Summary'!J48 -> 7024126 | L12: ='F&B+Summary'!K48 -> 7291081 | ... P12: ='F&B+Summary'!O48 -> 7400857 | Q12: =SUM(E12:P12) -> 80001320 | R12: ='F&B+Summary'!Q48 -> 7698134 | S12: ='F&B+Summary'!R48 -> 11532451 | T12: ='F&B+Summary'!S48 -> 6956778 | U12: ='F&B+Summary'!T48 -> 6336497.9 | V12: ='F&B+Summary'!U48 -> 5974934.4 | W12: ='F&B+Summary'!V48 -> 5432701.3 | X12: ='F&B+Summary'!W48 -> 7023132.7 | Y12: ='F&B+Summary'!X48 -> 7458428.3 | ... AC12: ='F&B+Summary'!AB48 -> 6290078 | AD12: =SUM(R12:AC12) -> 81003554 | AE12: =Q12-AD12 -> -1002234.3 | AG12: 77018567 | AH12: =Q12-AG12 -> 2982752.7 | AI12: 86051217 | AJ12: =Q12-AI12 -> -6049897.3 | AL12: 86198069 | AM12: =Q12-AL12 -> -6196748.7 | AP12: =Q12-'[1]2025 Summay'!Q12 -> 0
A13: <<36010011..36800100,37013000,38108100,39810200..39810300 | B13: <<31099..39000 | D13: Other Operating Dept. Revenue 他运营部门收入 | E13: ='OOD '!D18-'OOD '!D17 -> 436400 | F13: ='OOD '!E18-'OOD '!E17 -> 556360 | G13: ='OOD '!F18-'OOD '!F17 -> 317502 | H13: ='OOD '!G18-'OOD '!G17 -> 331919 | I13: ='OOD '!H18-'OOD '!H17 -> 326011 | J13: ='OOD '!I18-'OOD '!I17 -> 204604 | K13: ='OOD '!J18-'OOD '!J17 -> 348484 | L13: ='OOD '!K18-'OOD '!K17 -> 342337 | ... P13: ='OOD '!O18-'OOD '!O17 -> 356782 | Q13: =SUM(E13:P13) -> 4106492 | R13: ='OOD '!Q18-R15 -> 589296.09 | S13: ='OOD '!R18-S15 -> 822237.85 | T13: ='OOD '!S18-T15 -> 439336.52 | U13: ='OOD '!T18-U15 -> 440394.26 | V13: ='OOD '!U18-V15 -> 428925.25 | W13: ='OOD '!V18-W15 -> 292954.07 | X13: ='OOD '!W18-X15 -> 433797.53 | Y13: ='OOD '!X18-Y15 -> 603523.31 | ... AC13: ='OOD '!AB18-AC15 -> 551644.9 | AD13: =SUM(R13:AC13) -> 5813760 | AE13: =Q13-AD13 -> -1707268 | AG13: 5165566.3 | AH13: =Q13-AG13 -> -1059074.3 | AI13: 4752037.6 | AJ13: =Q13-AI13 -> -645545.58 | AL13: 6199978.5 | AM13: =Q13-AL13 -> -2093486.5 | AP13: =Q13-'[1]2025 Summay'!Q13 -> 0
A14: <<37011000,38108100,39810200..39810300 | B14: <<39801 | D14: Shop&Showcase Revenue 零售和展柜收入 | Q14: =SUM(E14:P14) -> 0 | AD14: =SUM(R14:AC14) -> 0 | AE14: =Q14-AD14 -> 0 | AG14: 0 | AH14: =Q14-AG14 -> 0 | AI14: 0 | AJ14: =Q14-AI14 -> 0 | AL14: 0 | AM14: =Q14-AL14 -> 0 | AP14: =Q14-'[1]2025 Summay'!Q14 -> 0
A15: <<36800200..37010000,37012000..39810300 | B15: <<39801 | D15: Miscellaneous Revenue 杂项收入 | E15: ='OOD '!D17 -> 354146 | F15: ='OOD '!E17 -> 354146 | G15: ='OOD '!F17 -> 354146 | H15: ='OOD '!G17 -> 354146 | I15: ='OOD '!H17 -> 354146 | J15: ='OOD '!I17 -> 354146 | K15: ='OOD '!J17 -> 354146 | L15: ='OOD '!K17 -> 354146 | ... P15: ='OOD '!O17 -> 354154 | Q15: =SUM(E15:P15) -> 4249760 | R15: ='OOD '!Q17 -> 274421.34 | S15: ='OOD '!R17 -> 325261.56 | T15: ='OOD '!S17 -> 368758.67 | U15: ='OOD '!T17 -> 303970.49 | V15: ='OOD '!U17 -> 280657.18 | W15: ='OOD '!V17 -> 276915.02 | X15: ='OOD '!W17 -> 264193.97 | Y15: ='OOD '!X17 -> 312553.67 | ... AC15: ='OOD '!AB17 -> 278033 | AD15: =SUM(R15:AC15) -> 3518863.9 | AE15: =Q15-AD15 -> 730896.1 | AG15: 4169173.9 | AH15: =Q15-AG15 -> 80586.13 | AI15: 4549679.7 | AJ15: =Q15-AI15 -> -299919.7 | AL15: 3561306.8 | AM15: =Q15-AL15 -> 688453.18 | AP15: =Q15-'[1]2025 Summay'!Q15 -> 0
D16: Total Gross Operating Revenue 运营总收入 | E16: =SUBTOTAL(9,E11:E15) -> 39233149 | F16: =SUBTOTAL(9,F11:F15) -> 43452422 | G16: =SUBTOTAL(9,G11:G15) -> 27030377 | H16: =SUBTOTAL(9,H11:H15) -> 25027257 | I16: =SUBTOTAL(9,I11:I15) -> 23807640 | J16: =SUBTOTAL(9,J11:J15) -> 21296011 | K16: =SUBTOTAL(9,K11:K15) -> 30906188 | L16: =SUBTOTAL(9,L11:L15) -> 34819289 | ... AD16: =SUBTOTAL(9,AD11:AD15) -> 3.6174659e+08 | AE16: =Q16-AD16 -> -21120648 | AG16: 3.4501416e+08 | AH16: =Q16-AG16 -> -4388211.5 | AI16: 3.3955446e+08 | AJ16: =Q16-AI16 -> 1071485.4 | AL16: 4.2422791e+08 | AM16: =Q16-AL16 -> -83601962 | AP16: =Q16-'[1]2025 Summay'!Q16 -> 0
AE17: =AE16/AD16 -> -0.058385203 | AM17: =Q17-AL17 -> 0 | AP17: =Q17-'[1]2025 Summay'!Q17 -> 0
A18: <<40200100..69999999 | B18: <<10099..10999 | D18: Rooms Expenses 客房费用 | E18: ='Rooms+Summary'!E44+'Rooms+Summary'!E17 -> 5706729.6 | F18: ='Rooms+Summary'!F44+'Rooms+Summary'!F17 -> 5322446.4 | G18: ='Rooms+Summary'!G44+'Rooms+Summary'!G17 -> 4403623.9 | H18: ='Rooms+Summary'!H44+'Rooms+Summary'!H17 -> 4361951.5 | I18: ='Rooms+Summary'!I44+'Rooms+Summary'!I17 -> 4337138.3 | J18: ='Rooms+Summary'!J44+'Rooms+Summary'!J17 -> 4070436.1 | K18: ='Rooms+Summary'!K44+'Rooms+Summary'!K17 -> 4753079.3 | L18: ='Rooms+Summary'!L44+'Rooms+Summary'!L17 -> 4985636.4 | ... P18: ='Rooms+Summary'!P44+'Rooms+Summary'!P17 -> 4512521.3 | Q18: =SUM(E18:P18) -> 55229370 | R18: ='Rooms+Summary'!R44+'Rooms+Summary'!R17 -> 6320485.8 | S18: ='Rooms+Summary'!S44+'Rooms+Summary'!S17 -> 8673892.5 | T18: ='Rooms+Summary'!T44+'Rooms+Summary'!T17 -> 5418330.4 | U18: ='Rooms+Summary'!U44+'Rooms+Summary'!U17 -> 4944402.2 | V18: ='Rooms+Summary'!V44+'Rooms+Summary'!V17 -> 4974209.3 | W18: ='Rooms+Summary'!W44+'Rooms+Summary'!W17 -> 4344709.3 | X18: ='Rooms+Summary'!X44+'Rooms+Summary'!X17 -> 5121829.2 | Y18: ='Rooms+Summary'!Y44+'Rooms+Summary'!Y17 -> 6400470.1 | ... AC18: ='Rooms+Summary'!AC44+'Rooms+Summary'!AC17 -> 4883077 | AD18: =SUM(R18:AC18) -> 64619534 | AE18: =Q18-AD18 -> -9390163.6 | AF18: =AE18/AD18 -> -0.14531463 | AG18: 50844359 | AH18: =AG18-Q18 -> -4385011.3 | AI18: 45744344 | AJ18: =AI18-Q18 -> -9485025.6 | AL18: 72148329 | AM18: =Q18-AL18 -> -16918959 | AP18: =Q18-'[1]2025 Summay'!Q18 -> 0
A19: <<40200100..69999999 | B19: <<20001..29999 | D19: Food and Beverage Expenses 餐饮费用 | E19: ='F&B+Summary'!D55+'F&B+Summary'!D57+'F&B+Summary'!D101 -> 5815846.3 | F19: ='F&B+Summary'!E55+'F&B+Summary'!E57+'F&B+Summary'!E101 -> 5222186.7 | G19: ='F&B+Summary'!F55+'F&B+Summary'!F57+'F&B+Summary'!F101 -> 4354494 | H19: ='F&B+Summary'!G55+'F&B+Summary'!G57+'F&B+Summary'!G101 -> 4304037.4 | I19: ='F&B+Summary'!H55+'F&B+Summary'!H57+'F&B+Summary'!H101 -> 4501502.7 | J19: ='F&B+Summary'!I55+'F&B+Summary'!I57+'F&B+Summary'!I101 -> 4067651.3 | K19: ='F&B+Summary'!J55+'F&B+Summary'!J57+'F&B+Summary'!J101 -> 4834140 | L19: ='F&B+Summary'!K55+'F&B+Summary'!K57+'F&B+Summary'!K101 -> 4929107.2 | ... P19: ='F&B+Summary'!O55+'F&B+Summary'!O57+'F&B+Summary'!O101 -> 4860991.2 | Q19: =SUM(E19:P19) -> 57069542 | R19: ='F&B+Summary'!Q55+'F&B+Summary'!Q57+'F&B+Summary'!Q101 -> 5588518.9 | S19: ='F&B+Summary'!R55+'F&B+Summary'!R57+'F&B+Summary'!R101 -> 7513599 | T19: ='F&B+Summary'!S55+'F&B+Summary'!S57+'F&B+Summary'!S101 -> 5130471.7 | U19: ='F&B+Summary'!T55+'F&B+Summary'!T57+'F&B+Summary'!T101 -> 4586321.2 | V19: ='F&B+Summary'!U55+'F&B+Summary'!U57+'F&B+Summary'!U101 -> 4311452.4 | W19: ='F&B+Summary'!V55+'F&B+Summary'!V57+'F&B+Summary'!V101 -> 4280408 | X19: ='F&B+Summary'!W55+'F&B+Summary'!W57+'F&B+Summary'!W101 -> 4816194.7 | Y19: ='F&B+Summary'!X55+'F&B+Summary'!X57+'F&B+Summary'!X101 -> 5184942.5 | ... AC19: ='F&B+Summary'!AB55+'F&B+Summary'!AB57+'F&B+Summary'!AB101 -> 4487700.5 | AD19: =SUM(R19:AC19) -> 59269939 | AE19: =Q19-AD19 -> -2200397.7 | AF19: =AE19/AD19 -> -0.03712502 | AG19: 55259749 | AH19: =AG19-Q19 -> -1809792.4 | AI19: 55404727 | AJ19: =AI19-Q19 -> -1664814.9 | AL19: 67117097 | AM19: =Q19-AL19 -> -10047556 | AP19: =Q19-'[1]2025 Summay'!Q19 -> 0
A20: <<40200100..69999999 | B20: <<31099..39000 | D20: Other Operating Dept. Expenses 他运营部门费用 | E20: ='OOD '!D30+'OOD '!D77-Laundry!E60 -> 1612638.5 | F20: ='OOD '!E30+'OOD '!E77-Laundry!F60 -> 1365686.7 | G20: ='OOD '!F30+'OOD '!F77-Laundry!G60 -> 1381732.3 | H20: ='OOD '!G30+'OOD '!G77-Laundry!H60 -> 1364910.5 | I20: ='OOD '!H30+'OOD '!H77-Laundry!I60 -> 1455407.1 | J20: ='OOD '!I30+'OOD '!I77-Laundry!J60 -> 1369717.1 | K20: ='OOD '!J30+'OOD '!J77-Laundry!K60 -> 1390579.3 | L20: ='OOD '!K30+'OOD '!K77-Laundry!L60 -> 1381080 | ... P20: ='OOD '!O30+'OOD '!O77-Laundry!P60 -> 1401678.8 | Q20: =SUM(E20:P20) -> 17016518 | R20: ='OOD '!Q30+'OOD '!Q77-Laundry!R60 -> 1940764.9 | S20: ='OOD '!R30+'OOD '!R77-Laundry!S60 -> 2851632.7 | T20: ='OOD '!S30+'OOD '!S77-Laundry!T60 -> 1612156.9 | U20: ='OOD '!T30+'OOD '!T77-Laundry!U60 -> 1516651.6 | V20: ='OOD '!U30+'OOD '!U77-Laundry!V60 -> 621510.6 | W20: ='OOD '!V30+'OOD '!V77-Laundry!W60 -> 1369707.9 | X20: ='OOD '!W30+'OOD '!W77-Laundry!X60 -> 1634469.1 | Y20: ='OOD '!X30+'OOD '!X77-Laundry!Y60 -> 1740847.1 | ... AC20: ='OOD '!AB30+'OOD '!AB77-Laundry!AC60 -> 1585306.5 | AD20: =SUM(R20:AC20) -> 18942390 | AE20: =Q20-AD20 -> -1925872.9 | AF20: =AE20/AD20 -> -0.10167 | AG20: 13175519 | AH20: =AG20-Q20 -> -3840998.9 | AI20: 13433052 | AJ20: =AI20-Q20 -> -3583465.8 | AL20: 25960426 | AM20: =Q20-AL20 -> -8943908.8 | AP20: =Q20-'[1]2025 Summay'!Q20 -> 0
D21: Total Gross Operating Expenses 运营总费用 | E21: =SUBTOTAL(9,E18:E20) -> 13135214 | F21: =SUBTOTAL(9,F18:F20) -> 11910320 | G21: =SUBTOTAL(9,G18:G20) -> 10139850 | H21: =SUBTOTAL(9,H18:H20) -> 10030899 | I21: =SUBTOTAL(9,I18:I20) -> 10294048 | J21: =SUBTOTAL(9,J18:J20) -> 9507804.5 | K21: =SUBTOTAL(9,K18:K20) -> 10977799 | L21: =SUBTOTAL(9,L18:L20) -> 11295824 | ... AD21: =SUBTOTAL(9,AD18:AD20) -> 1.4283186e+08 | AE21: =Q21-AD21 -> -13516434 | AG21: 1.1927963e+08 | AH21: =AG21-Q21 -> -10035803 | AI21: 1.1458212e+08 | AJ21: =AI21-Q21 -> -14733306 | AL21: 1.6522585e+08 | AM21: =Q21-AL21 -> -35910423 | AP21: =Q21-'[1]2025 Summay'!Q21 -> 0
AM22: =Q22-AL22 -> 0 | AP22: =Q22-'[1]2025 Summay'!Q22 -> 0
D23: Rooms Profit 客房利润 | E23: =E$11-E$18 -> 23735843 | F23: =F$11-F$18 -> 29017002 | G23: =G$11-G$18 -> 15945588 | H23: =H$11-H$18 -> 14343306 | I23: =I$11-I$18 -> 13089872 | J23: =J$11-J$18 -> 11531424 | K23: =K$11-K$18 -> 18426353 | L23: =L$11-L$18 -> 21846089 | ... P23: =P$11-P$18 -> 15035236 | Q23: =SUM(E23:P23) -> 1.97039e+08 | R23: =R$11-R$18 -> 27019447 | S23: =S$11-S$18 -> 44038515 | T23: =T$11-T$18 -> 16763522 | U23: =U$11-U$18 -> 13734719 | V23: =V$11-V$18 -> 12462065 | W23: =W$11-W$18 -> 11227913 | X23: =X$11-X$18 -> 18080481 | Y23: =Y$11-Y$18 -> 20604357 | ... AD23: =AD$11-AD$18 -> 2.0679088e+08 | AE23: =Q23-AD23 -> -9751878.4 | AF23: =Q23/Q11 -> 0.78106899 | AG23: 2.0781649e+08 | AH23: =Q23-AG23 -> -10777487 | AI23: 1.9845718e+08 | AJ23: =Q23-AI23 -> -1418177.6 | AL23: 2.5612022e+08 | AM23: =Q23-AL23 -> -59081221 | AP23: =Q23-'[1]2025 Summay'!Q23 -> 0
D24: Food and Beverage Profit 餐饮利润 | E24: =E$12-E$19 -> 3184183.7 | F24: =F$12-F$19 -> 2980281.3 | G24: =G$12-G$19 -> 1655023 | H24: =H$12-H$19 -> 1331896.6 | I24: =I$12-I$19 -> 1198970.3 | J24: =J$12-J$19 -> 1067749.7 | K24: =K$12-K$19 -> 2189986 | L24: =L$12-L$19 -> 2361973.8 | ... P24: =P$12-P$19 -> 2539865.8 | Q24: =SUM(E24:P24) -> 22931778 | R24: =R$12-R$19 -> 2109615.2 | S24: =S$12-S$19 -> 4018851.7 | T24: =T$12-T$19 -> 1826306.3 | U24: =U$12-U$19 -> 1750176.7 | V24: =V$12-V$19 -> 1663482 | W24: =W$12-W$19 -> 1152293.3 | X24: =X$12-X$19 -> 2206938 | Y24: =Y$12-Y$19 -> 2273485.9 | ... AD24: =AD$12-AD$19 -> 21733615 | AE24: =Q24-AD24 -> 1198163.4 | AF24: =Q24/Q12 -> 0.2866425 | AG24: 21758818 | AH24: =Q24-AG24 -> 1172960.3 | AI24: 30646490 | AJ24: =Q24-AI24 -> -7714712.2 | AL24: 19080971 | AM24: =Q24-AL24 -> 3850806.9 | AP24: =Q24-'[1]2025 Summay'!Q24 -> 0
D25: Other Operating Dept. Profit 他运营部门利润 | E25: =E$13-E$20 -> -1176238.5 | F25: =F$13-F$20 -> -809326.74 | G25: =G$13-G$20 -> -1064230.3 | H25: =H$13-H$20 -> -1032991.5 | I25: =I$13-I$20 -> -1129396.1 | J25: =J$13-J$20 -> -1165113.1 | K25: =K$13-K$20 -> -1042095.3 | L25: =L$13-L$20 -> -1038743 | ... P25: =P$13-P$20 -> -1044896.8 | Q25: =SUM(E25:P25) -> -12910026 | R25: =R$13-R$20 -> -1351468.8 | S25: =S$13-S$20 -> -2029394.8 | T25: =T$13-T$20 -> -1172820.3 | U25: =U$13-U$20 -> -1076257.3 | V25: =V$13-V$20 -> -192585.35 | W25: =W$13-W$20 -> -1076753.8 | X25: =X$13-X$20 -> -1200671.6 | Y25: =Y$13-Y$20 -> -1137323.8 | ... AD25: =AD$13-AD$20 -> -13128630 | AE25: =Q25-AD25 -> 218604.91 | AF25: =Q25/Q13 -> -3.1438088 | AG25: -8009952.3 | AH25: =Q25-AG25 -> -4900073.2 | AI25: -8681014.1 | AJ25: =Q25-AI25 -> -4229011.4 | AL25: -19760448 | AM25: =Q25-AL25 -> 6850422.3 | AP25: =Q25-'[1]2025 Summay'!Q25 -> 0
D26: Shop&Showcase Profit 零售和展柜利润 | E26: =E$14 -> 0 | F26: =F$14 -> 0 | G26: =G$14 -> 0 | H26: =H$14 -> 0 | I26: =I$14 -> 0 | J26: =J$14 -> 0 | K26: =K$14 -> 0 | L26: =L$14 -> 0 | ... P26: =P$14 -> 0 | Q26: =SUM(E26:P26) -> 0 | R26: =R$14 -> 0 | S26: =S$14 -> 0 | T26: =T$14 -> 0 | U26: =U$14 -> 0 | V26: =V$14 -> 0 | W26: =W$14 -> 0 | X26: =X$14 -> 0 | Y26: =Y$14 -> 0 | ... AD26: =AD$14 -> 0 | AE26: =Q26-AD26 -> 0 | AG26: 0 | AH26: =Q26-AG26 -> 0 | AI26: 0 | AJ26: =Q26-AI26 -> 0 | AL26: 0 | AM26: =Q26-AL26 -> 0 | AP26: =Q26-'[1]2025 Summay'!Q26 -> 0
D27: Miscellaneous Profit 杂项利润 | E27: =E$15 -> 354146 | F27: =F$15 -> 354146 | G27: =G$15 -> 354146 | H27: =H$15 -> 354146 | I27: =I$15 -> 354146 | J27: =J$15 -> 354146 | K27: =K$15 -> 354146 | L27: =L$15 -> 354146 | ... P27: =P$15 -> 354154 | Q27: =SUM(E27:P27) -> 4249760 | R27: =R$15 -> 274421.34 | S27: =S$15 -> 325261.56 | T27: =T$15 -> 368758.67 | U27: =U$15 -> 303970.49 | V27: =V$15 -> 280657.18 | W27: =W$15 -> 276915.02 | X27: =X$15 -> 264193.97 | Y27: =Y$15 -> 312553.67 | ... AD27: =AD$15 -> 3518863.9 | AE27: =Q27-AD27 -> 730896.1 | AF27: =Q27/Q15 -> 1 | AG27: 4169173.9 | AH27: =Q27-AG27 -> 80586.13 | AI27: 4549679.7 | AJ27: =Q27-AI27 -> -299919.7 | AL27: 3561306.8 | AM27: =Q27-AL27 -> 688453.18 | AP27: =Q27-'[1]2025 Summay'!Q27 -> 0
D28: Total Departmental Profit 部门利润合计 | E28: =SUBTOTAL(9,E23:E27) -> 26097935 | F28: =SUBTOTAL(9,F23:F27) -> 31542102 | G28: =SUBTOTAL(9,G23:G27) -> 16890527 | H28: =SUBTOTAL(9,H23:H27) -> 14996358 | I28: =SUBTOTAL(9,I23:I27) -> 13513592 | J28: =SUBTOTAL(9,J23:J27) -> 11788207 | K28: =SUBTOTAL(9,K23:K27) -> 19928389 | L28: =SUBTOTAL(9,L23:L27) -> 23523465 | ... AD28: =SUBTOTAL(9,AD23:AD27) -> 2.1891473e+08 | AE28: =Q28-AD28 -> -7604214.1 | AG28: 2.2573453e+08 | AH28: =Q28-AG28 -> -14424014 | AI28: 2.2497234e+08 | AJ28: =Q28-AI28 -> -13661821 | AL28: 2.5900205e+08 | AM28: =Q28-AL28 -> -47691538 | AP28: =Q28-'[1]2025 Summay'!Q28 -> 0
AM29: =Q29-AL29 -> 0 | AP29: =Q29-'[1]2025 Summay'!Q29 -> 0
A30: <<50010100..699999999 | B30: <<41001..41004,42004,43004 | D30: Administrative and General 行政部门费用 | E30: ='A&G'!D46+'A&G'!D9 -> 1628017.8 | F30: ='A&G'!E46+'A&G'!E9 -> 1479412.3 | G30: ='A&G'!F46+'A&G'!F9 -> 1557926.6 | H30: ='A&G'!G46+'A&G'!G9 -> 1706277.5 | I30: ='A&G'!H46+'A&G'!H9 -> 1549675.5 | J30: ='A&G'!I46+'A&G'!I9 -> 1527676.1 | K30: ='A&G'!J46+'A&G'!J9 -> 1519016.1 | L30: ='A&G'!K46+'A&G'!K9 -> 1481654.1 | ... P30: ='A&G'!O46+'A&G'!O9 -> 1525245.8 | Q30: =SUM(E30:P30) -> 18679577 | R30: ='A&G'!Q46+'A&G'!Q9 -> 1755518.9 | S30: ='A&G'!R46+'A&G'!R9 -> 2052844.2 | T30: ='A&G'!S46+'A&G'!S9 -> 1729580.4 | U30: ='A&G'!T46+'A&G'!T9 -> 1852833.3 | V30: ='A&G'!U46+'A&G'!U9 -> 1630762.7 | W30: ='A&G'!V46+'A&G'!V9 -> 1591524.5 | X30: ='A&G'!W46+'A&G'!W9 -> 1536246.1 | Y30: ='A&G'!X46+'A&G'!X9 -> 1372190.9 | ... AC30: ='A&G'!AB46+'A&G'!AB9 -> 1627405.8 | AD30: =SUM(R30:AC30) -> 20070538 | AE30: =Q30-AD30 -> -1390961.5 | AF30: =Q30/$Q$16 -> 0.054838972 | AG30: 19944282 | AH30: =AG30-Q30 -> 1264704.9 | AI30: 19094533 | AJ30: =AI30-Q30 -> 414956.13 | AL30: 23029169 | AM30: =Q30-AL30 -> -4349592.5 | AP30: =Q30-'[1]2025 Summay'!Q30 -> 0
A31: <<50010100..60014800,60014820..699999999 | B31: <<41071..41073 | D31: Marketing and Sales 营销费用 | E31: ='S&M'!D42+'S&M'!D9-'S&M'!D40 -> 708510.01 | F31: ='S&M'!E42+'S&M'!E9-'S&M'!E40 -> 710280.03 | G31: ='S&M'!F42+'S&M'!F9-'S&M'!F40 -> 655305.31 | H31: ='S&M'!G42+'S&M'!G9-'S&M'!G40 -> 662607.87 | I31: ='S&M'!H42+'S&M'!H9-'S&M'!H40 -> 631238.2 | J31: ='S&M'!I42+'S&M'!I9-'S&M'!I40 -> 645567.4 | K31: ='S&M'!J42+'S&M'!J9-'S&M'!J40 -> 690806.2 | L31: ='S&M'!K42+'S&M'!K9-'S&M'!K40 -> 689554.18 | ... P31: ='S&M'!O42+'S&M'!O9-'S&M'!O40 -> 768211.24 | Q31: =SUM(E31:P31) -> 8313302.9 | R31: ='S&M'!Q42+'S&M'!Q9-'S&M'!Q40 -> 887673.41 | S31: ='S&M'!R42+'S&M'!R9-'S&M'!R40 -> 1126764 | T31: ='S&M'!S42+'S&M'!S9-'S&M'!S40 -> 882780.53 | U31: ='S&M'!T42+'S&M'!T9-'S&M'!T40 -> 770266.01 | V31: ='S&M'!U42+'S&M'!U9-'S&M'!U40 -> 638979.03 | W31: ='S&M'!V42+'S&M'!V9-'S&M'!V40 -> 615243.43 | X31: ='S&M'!W42+'S&M'!W9-'S&M'!W40 -> 662670.75 | Y31: ='S&M'!X42+'S&M'!X9-'S&M'!X40 -> 565151.94 | ... AC31: ='S&M'!AB42+'S&M'!AB9-'S&M'!AB40 -> 1531786.4 | AD31: =SUM(R31:AC31) -> 10471251 | AE31: =Q31-AD31 -> -2157948.5 | AF31: =Q31/$Q$16 -> 0.024405959 | AG31: 9839889 | AH31: =AG31-Q31 -> 1526586.1 | AI31: 7134874 | AJ31: =AI31-Q31 -> -1178428.9 | AL31: 13158078 | AM31: =Q31-AL31 -> -4844775 | AP31: =Q31-'[1]2025 Summay'!Q31 -> 0
A32: <<60014810 | B32: <<41071..41073 | D32: Marketing Fund 市场营销基金 | E32: ='S&M'!D40 -> 592495 | F32: ='S&M'!E40 -> 656214 | G32: ='S&M'!F40 -> 408210 | H32: ='S&M'!G40 -> 377959 | I32: ='S&M'!H40 -> 359540 | J32: ='S&M'!I40 -> 321610 | K32: ='S&M'!J40 -> 466742 | L32: ='S&M'!K40 -> 525837 | ... P32: ='S&M'!O40 -> 417711 | Q32: =SUM(E32:P32) -> 5144096 | R32: ='S&M'!Q40 -> 632796.01 | S32: ='S&M'!R40 -> 987547.99 | T32: ='S&M'!S40 -> 452252.06 | U32: ='S&M'!T40 -> 389024.35 | V32: ='S&M'!U40 -> 364269.46 | W32: ='S&M'!V40 -> 325826.11 | X32: ='S&M'!W40 -> 467002.2 | Y32: ='S&M'!X40 -> 534294.68 | ... AC32: ='S&M'!AB40 -> 376532 | AD32: =SUM(R32:AC32) -> 5463056.9 | AE32: =Q32-AD32 -> -318960.86 | AF32: =Q32/$Q$16 -> 0.015101891 | AG32: 5210364.7 | AH32: =AG32-Q32 -> 66268.69 | AI32: 5127913 | AJ32: =AI32-Q32 -> -16183.01 | AL32: 6406641.8 | AM32: =Q32-AL32 -> -1262545.8 | AP32: =Q32-'[1]2025 Summay'!Q32 -> 0
A33: <<50010100..699999999 | B33: <<41006 | D33: Repairs and Maintenance 工程维修维护费 | E33: ='R&M'!D63+'R&M'!D9 -> 1497039.1 | F33: ='R&M'!E63+'R&M'!E9 -> 1457304.6 | G33: ='R&M'!F63+'R&M'!F9 -> 1466686.2 | H33: ='R&M'!G63+'R&M'!G9 -> 1487870.6 | I33: ='R&M'!H63+'R&M'!H9 -> 1514447.6 | J33: ='R&M'!I63+'R&M'!I9 -> 1490347.1 | K33: ='R&M'!J63+'R&M'!J9 -> 1491912.9 | L33: ='R&M'!K63+'R&M'!K9 -> 1491787.8 | ... P33: ='R&M'!O63+'R&M'!O9 -> 1490629.3 | Q33: =SUM(E33:P33) -> 17923360 | R33: ='R&M'!Q63+'R&M'!Q9 -> 1866651.1 | S33: ='R&M'!R63+'R&M'!R9 -> 1196664.4 | T33: ='R&M'!S63+'R&M'!S9 -> 1434136.4 | U33: ='R&M'!T63+'R&M'!T9 -> 1470058.8 | V33: ='R&M'!U63+'R&M'!U9 -> 1334478.6 | W33: ='R&M'!V63+'R&M'!V9 -> 1345507.3 | X33: ='R&M'!W63+'R&M'!W9 -> 1637089.2 | Y33: ='R&M'!X63+'R&M'!X9 -> 1699214 | ... AC33: ='R&M'!AB63+'R&M'!AB9 -> 2907147.1 | AD33: =SUM(R33:AC33) -> 21161209 | AE33: =Q33-AD33 -> -3237849.2 | AF33: =Q33/$Q$16 -> 0.052618893 | AG33: 14899288 | AH33: =AG33-Q33 -> -3024072.2 | AI33: 16738536 | AJ33: =AI33-Q33 -> -1184824.3 | AL33: 32983748 | AM33: =Q33-AL33 -> -15060388 | AP33: =Q33-'[1]2025 Summay'!Q33 -> 0
A34: <<50010100..699999999 | B34: <<41005 | D34: Utilities 能源 | E34: =Utilities!D15 -> 1658118 | F34: =Utilities!E15 -> 1643190 | G34: =Utilities!F15 -> 1640342 | H34: =Utilities!G15 -> 1739397 | I34: =Utilities!H15 -> 1773129 | J34: =Utilities!I15 -> 1865882 | K34: =Utilities!J15 -> 1997768 | L34: =Utilities!K15 -> 2031857 | ... P34: =Utilities!O15 -> 1643186 | Q34: =SUM(E34:P34) -> 21052919 | R34: =Utilities!Q15 -> 1525206.4 | S34: =Utilities!R15 -> 1497864.7 | T34: =Utilities!S15 -> 1594174.2 | U34: =Utilities!T15 -> 1758366.6 | V34: =Utilities!U15 -> 1803221.4 | W34: =Utilities!V15 -> 1829495.9 | X34: =Utilities!W15 -> 1892624.7 | Y34: =Utilities!X15 -> 1984155.1 | ... AC34: =Utilities!AB15 -> 1704948.4 | AD34: =SUM(R34:AC34) -> 20893724 | AE34: =Q34-AD34 -> 159194.85 | AF34: =Q34/$Q$16 -> 0.061806563 | AG34: 18461672 | AH34: =AG34-Q34 -> -2591247.1 | AI34: 20248198 | AJ34: =AI34-Q34 -> -804720.72 | AL34: 20364630 | AM34: =Q34-AL34 -> 688289.48 | AP34: =Q34-'[1]2025 Summay'!Q34 -> 0
D35: Total Undistributed Operating Expenses 其他费用合计 | E35: =SUBTOTAL(9,E30:E34) -> 6084179.9 | F35: =SUBTOTAL(9,F30:F34) -> 5946400.9 | G35: =SUBTOTAL(9,G30:G34) -> 5728470.1 | H35: =SUBTOTAL(9,H30:H34) -> 5974112 | I35: =SUBTOTAL(9,I30:I34) -> 5828030.3 | J35: =SUBTOTAL(9,J30:J34) -> 5851082.7 | K35: =SUBTOTAL(9,K30:K34) -> 6166245.3 | L35: =SUBTOTAL(9,L30:L34) -> 6220690.1 | ... AD35: =SUBTOTAL(9,AD30:AD34) -> 78059780 | AE35: =Q35-AD35 -> -6946525.3 | AG35: 68355495 | AH35: =AG35-Q35 -> -2757759.7 | AI35: 68344054 | AJ35: =AI35-Q35 -> -2769200.8 | AL35: 95942266 | AM35: =Q35-AL35 -> -24829012 | AP35: =Q35-'[1]2025 Summay'!Q35 -> 0
D36: Gross Operating Profit 经营毛利额 | E36: =E28-E35 -> 20013755 | F36: =F28-F35 -> 25595701 | G36: =G28-G35 -> 11162057 | H36: =H28-H35 -> 9022245.6 | I36: =I28-I35 -> 7685561.7 | J36: =J28-J35 -> 5937123.8 | K36: =K28-K35 -> 13762144 | L36: =L28-L35 -> 17302775 | ... AD36: =AD28-AD35 -> 1.4085495e+08 | AE36: =Q36-AD36 -> -657688.78 | AG36: 1.5737903e+08 | AH36: =Q36-AG36 -> -17181774 | AI36: 1.5662828e+08 | AJ36: =Q36-AI36 -> -16431022 | AL36: 1.6305979e+08 | AM36: =Q36-AL36 -> -22862527 | AP36: =Q36-'[1]2025 Summay'!Q36 -> 0
D37: Gross Operating Profit % 经营毛利率% | E37: =+E36/E16 -> 0.51012359 | F37: =+F36/F16 -> 0.5890512 | G37: =+G36/G16 -> 0.41294492 | H37: =+H36/H16 -> 0.36049678 | I37: =+I36/I16 -> 0.32281913 | J37: =+J36/J16 -> 0.27879042 | K37: =+K36/K16 -> 0.44528766 | L37: =+L36/L16 -> 0.49693075 | ... AD37: =+AD36/AD16 -> 0.38937464 | AE37: =Q37-AD37 -> 0.022212507 | AG37: 0.4561524 | AI37: 0.46127588 | AJ37: =Q37-AI37 -> -0.049688734 | AL37: 0.38436837 | AM37: =Q37-AL37 -> 0.02721878 | AP37: =Q37-'[1]2025 Summay'!Q37 -> 0
AM38: =Q38-AL38 -> 0 | AP38: =Q38-'[1]2025 Summay'!Q38 -> 0
A39: <<70010100 | B39: <<70011 | D39: Basic Management Fees 基本管理费 | E39: 868992 | F39: 962447 | G39: 598708 | H39: 554340 | I39: 527326 | J39: 471695 | K39: 684555 | L39: 771228 | M39: 444674 | N39: 562184 | O39: 485883 | P39: 612643 | Q39: =SUM(E39:P39) -> 7544675 | R39: ='Fixed+Charge'!Q11 -> 928100.81 | S39: ='Fixed+Charge'!R11 -> 1448403.7 | T39: ='Fixed+Charge'!S11 -> 663303.01 | U39: ='Fixed+Charge'!T11 -> 570569.06 | V39: ='Fixed+Charge'!U11 -> 534261.87 | W39: ='Fixed+Charge'!V11 -> 477878.3 | X39: ='Fixed+Charge'!W11 -> 684936.56 | Y39: ='Fixed+Charge'!X11 -> 783632.18 | ... AC39: ='Fixed+Charge'!AB11 -> 552244 | AD39: =SUM(R39:AC39) -> 8012480.5 | AE39: =Q39-AD39 -> -467805.5 | AG39: 7641868 | AH39: =AG39-Q39 -> 97193.05 | AI39: 7520939 | AJ39: =AI39-Q39 -> -23735.95 | AL39: 9396408 | AM39: =Q39-AL39 -> -1851733 | AP39: =Q39-'[1]2025 Summay'!Q39 -> 0
A40: <<70010200 | B40: <<70011 | D40: Incentive Management Fees 奖励管理费 | E40: 1541019 | F40: 1983132 | G40: 849696 | H40: 680898 | I40: -128370 | J40: 384145 | K40: 920717 | L40: 1164178 | M40: 310479 | N40: -677980 | O40: 346417 | P40: 629025 | Q40: =SUM(E40:P40) -> 8003356 | R40: ='Fixed+Charge'!Q12 -> 1646653.3 | S40: ='Fixed+Charge'!R12 -> 3063458.9 | T40: ='Fixed+Charge'!S12 -> 887264.78 | U40: ='Fixed+Charge'!T12 -> 635270.7 | V40: ='Fixed+Charge'!U12 -> 635746.73 | W40: ='Fixed+Charge'!V12 -> -479385.22 | X40: ='Fixed+Charge'!W12 -> 877910.28 | Y40: ='Fixed+Charge'!X12 -> 1064298.8 | ... AC40: ='Fixed+Charge'!AB12 -> 317895 | AD40: =SUM(R40:AC40) -> 8014917.3 | AE40: =Q40-AD40 -> -11561.28 | AG40: 12044876 | AH40: =AG40-Q40 -> 4041519.6 | AI40: 10451324 | AJ40: =AI40-Q40 -> 2447967.8 | AL40: 9273320.9 | AM40: =Q40-AL40 -> -1269964.9 | AP40: =Q40-'[1]2025 Summay'!Q40 -> 0
D41: Income Before Fixed Charges 固定费用前收入 | E41: =E36-E39-E40 -> 17603744 | F41: =F36-F39-F40 -> 22650122 | G41: =G36-G39-G40 -> 9713652.8 | H41: =H36-H39-H40 -> 7787007.6 | I41: =I36-I39-I40 -> 7286605.7 | J41: =J36-J39-J40 -> 5081283.8 | K41: =K36-K39-K40 -> 12156872 | L41: =L36-L39-L40 -> 15367369 | ... AD41: =AD36-AD39-AD40 -> 1.2482755e+08 | AE41: =Q41-AD41 -> -178322 | AG41: 1.3769229e+08 | AH41: =AG41-Q41 -> 13043061 | AI41: 1.3865602e+08 | AJ41: =Q41-AI41 -> -14006790 | AL41: 1.4439006e+08 | AM41: =Q41-AL41 -> -19740829 | AP41: =Q41-'[1]2025 Summay'!Q41 -> 0
AM42: =Q42-AL42 -> 0 | AP42: =Q42-'[1]2025 Summay'!Q42 -> 0
A43: <<70010300..70010400 | B43: <<70011 | D43: Rent 房租 | E43: ='Fixed+Charge'!D14 -> 355131.95 | F43: ='Fixed+Charge'!E14 -> 355131.95 | G43: ='Fixed+Charge'!F14 -> 355131.95 | H43: ='Fixed+Charge'!G14 -> 355131.95 | I43: ='Fixed+Charge'!H14 -> 355131.95 | J43: ='Fixed+Charge'!I14 -> 355131.95 | K43: ='Fixed+Charge'!J14 -> 355131.95 | L43: ='Fixed+Charge'!K14 -> 355131.95 | ... P43: ='Fixed+Charge'!O14 -> 355131.95 | Q43: =SUM(E43:P43) -> 4261583.4 | R43: ='Fixed+Charge'!Q14 -> 396173.89 | S43: ='Fixed+Charge'!R14 -> 397031.95 | T43: ='Fixed+Charge'!S14 -> 434275.47 | U43: ='Fixed+Charge'!T14 -> 395692.73 | V43: ='Fixed+Charge'!U14 -> 403798.62 | W43: ='Fixed+Charge'!V14 -> 402815.82 | X43: ='Fixed+Charge'!W14 -> 436033.64 | Y43: ='Fixed+Charge'!X14 -> 402352.71 | ... AC43: ='Fixed+Charge'!AB14 -> 406431.95 | AD43: =SUM(R43:AC43) -> 4923504.3 | AE43: =Q43-AD43 -> -661920.92 | AG43: 4056344.4 | AH43: =AG43-Q43 -> -205238.95 | AI43: 5265441.7 | AJ43: =AI43-Q43 -> 1003858.3 | AL43: 3990687 | AM43: =Q43-AL43 -> 270896.38 | AP43: =Q43-'[1]2025 Summay'!Q43 -> 0
A44: <<70010010 | B44: <<70011 | D44: Tax and Related Fees 税金及相关附加费 | E44: 192101.14 | F44: 209332.14 | G44: 142265.14 | H44: 134084.14 | I44: 129103.14 | J44: 118847.14 | K44: 158095.14 | L44: 174075.14 | M44: 113865.14 | N44: 135530.14 | O44: 121463.14 | P44: 144835.86 | Q44: =SUM(E44:P44) -> 1773597.4 | R44: ='Fixed+Charge'!Q10 -> 116823.58 | S44: ='Fixed+Charge'!R10 -> 396759.02 | T44: ='Fixed+Charge'!S10 -> 102164.66 | U44: ='Fixed+Charge'!T10 -> 59537.49 | V44: ='Fixed+Charge'!U10 -> 48821.36 | W44: ='Fixed+Charge'!V10 -> 56314.65 | X44: ='Fixed+Charge'!W10 -> 112965.36 | Y44: ='Fixed+Charge'!X10 -> 110286.43 | ... AC44: ='Fixed+Charge'!AB10 -> 128678.6 | AD44: =SUM(R44:AC44) -> 1466659 | AE44: =Q44-AD44 -> 306938.45 | AG44: 1349530 | AH44: =AG44-Q44 -> -424067.42 | AI44: 1452255.1 | AJ44: =AI44-Q44 -> -321342.25 | AL44: 1725844.7 | AM44: =Q44-AL44 -> 47752.66 | AP44: =Q44-'[1]2025 Summay'!Q44 -> 0
A45: <<70010800..70011000 | B45: <<70011 | D45: Insurance 保险 | E45: ='Fixed+Charge'!D19 -> 75208 | F45: ='Fixed+Charge'!E19 -> 75208 | G45: ='Fixed+Charge'!F19 -> 75208 | H45: ='Fixed+Charge'!G19 -> 75208 | I45: ='Fixed+Charge'!H19 -> 75208 | J45: ='Fixed+Charge'!I19 -> 75208 | K45: ='Fixed+Charge'!J19 -> 75208 | L45: ='Fixed+Charge'!K19 -> 75208 | ... P45: ='Fixed+Charge'!O19 -> 75208 | Q45: =SUM(E45:P45) -> 902496 | R45: ='Fixed+Charge'!Q19 -> 81444.99 | S45: ='Fixed+Charge'!R19 -> 75983.95 | T45: ='Fixed+Charge'!S19 -> 76079.69 | U45: ='Fixed+Charge'!T19 -> 76079.71 | V45: ='Fixed+Charge'!U19 -> 76079.73 | W45: ='Fixed+Charge'!V19 -> 76118.76 | X45: ='Fixed+Charge'!W19 -> 76065.53 | Y45: ='Fixed+Charge'!X19 -> 73804.11 | ... AC45: ='Fixed+Charge'!AB19 -> 76118.76 | AD45: =SUM(R45:AC45) -> 916131.51 | AE45: =Q45-AD45 -> -13635.51 | AG45: 991154.54 | AH45: =AG45-Q45 -> 88658.54 | AI45: 1302074.3 | AJ45: =AI45-Q45 -> 399578.27 | AL45: 889955.07 | AM45: =Q45-AL45 -> 12540.93 | AP45: =Q45-'[1]2025 Summay'!Q45 -> 0
A46: <<70010600 | B46: <<70011 | D46: Others 其他 | Q46: =SUM(E46:P46) -> 0 | AE46: =Q46-AD46 -> 0 | AG46: 0 | AH46: =AG46-Q46 -> 0 | AJ46: =AI46-Q46 -> 0 | AM46: =Q46-AL46 -> 0 | AP46: =Q46-'[1]2025 Summay'!Q46 -> 0
D47: Total Fixed Charges 固定费用合计 | E47: =SUBTOTAL(9,E43:E46) -> 622441.09 | F47: =SUBTOTAL(9,F43:F46) -> 639672.09 | G47: =SUBTOTAL(9,G43:G46) -> 572605.09 | H47: =SUBTOTAL(9,H43:H46) -> 564424.09 | I47: =SUBTOTAL(9,I43:I46) -> 559443.09 | J47: =SUBTOTAL(9,J43:J46) -> 549187.09 | K47: =SUBTOTAL(9,K43:K46) -> 588435.09 | L47: =SUBTOTAL(9,L43:L46) -> 604415.09 | ... AD47: =SUBTOTAL(9,AD43:AD46) -> 7306294.8 | AE47: =Q47-AD47 -> -368617.98 | AG47: 6397029 | AH47: =AG47-Q47 -> -540647.83 | AI47: 8019771.1 | AJ47: =AI47-Q47 -> 1082094.3 | AL47: 6606486.8 | AM47: =Q47-AL47 -> 331189.97 | AP47: =Q47-'[1]2025 Summay'!Q47 -> 0
AH48: =AG48-Q48 -> 0 | AM48: =Q48-AL48 -> 0 | AP48: =Q48-'[1]2025 Summay'!Q48 -> 0
A49: <<39810601 | B49: <<70011 | D49: Interest (Income) 利息收入 | E49: ='Fixed+Charge'!D24 -> 0 | F49: ='Fixed+Charge'!E24 -> 0 | G49: ='Fixed+Charge'!F24 -> 150000 | H49: ='Fixed+Charge'!G24 -> 0 | I49: ='Fixed+Charge'!H24 -> 0 | J49: ='Fixed+Charge'!I24 -> 150000 | K49: ='Fixed+Charge'!J24 -> 0 | L49: ='Fixed+Charge'!K24 -> 0 | ... P49: ='Fixed+Charge'!O24 -> 150000 | Q49: =SUM(E49:P49) -> 600000 | R49: ='Fixed+Charge'!Q24 -> 0 | S49: ='Fixed+Charge'!R24 -> 0 | T49: ='Fixed+Charge'!S24 -> 222792.91 | U49: ='Fixed+Charge'!T24 -> 0 | V49: ='Fixed+Charge'!U24 -> 0 | W49: ='Fixed+Charge'!V24 -> 124780.24 | X49: ='Fixed+Charge'!W24 -> 0 | Y49: ='Fixed+Charge'!X24 -> 0 | ... AC49: ='Fixed+Charge'!AB24 -> 150000 | AD49: =SUM(R49:AC49) -> 647573.15 | AE49: =Q49-AD49 -> -47573.15 | AG49: 431104.45 | AH49: =AG49-Q49 -> -168895.55 | AI49: -284642.29 | AJ49: =Q49-AI49 -> 884642.29 | AL49: 771856.13 | AM49: =Q49-AL49 -> -171856.13 | AP49: =Q49-'[1]2025 Summay'!Q49 -> 0
A50: 70030000 | B50: <<70011 | D50: Interest payments 利息支出 | E50: ='Fixed+Charge'!D25 -> 26624.29 | F50: ='Fixed+Charge'!E25 -> 24138.66 | G50: ='Fixed+Charge'!F25 -> 26816.19 | H50: ='Fixed+Charge'!G25 -> 26049.26 | I50: ='Fixed+Charge'!H25 -> 27016.04 | J50: ='Fixed+Charge'!I25 -> 24320.57 | K50: ='Fixed+Charge'!J25 -> 13299.14 | L50: ='Fixed+Charge'!K25 -> 13349.41 | ... P50: ='Fixed+Charge'!O25 -> 13549.13 | Q50: =SUM(E50:P50) -> 234643.48 | R50: ='Fixed+Charge'!Q25 -> 39077.53 | S50: ='Fixed+Charge'!R25 -> 36694.6 | T50: ='Fixed+Charge'!S25 -> 39363.99 | U50: ='Fixed+Charge'!T25 -> 38238.17 | V50: ='Fixed+Charge'!U25 -> 39657.33 | W50: ='Fixed+Charge'!V25 -> 34617.73 | X50: ='Fixed+Charge'!W25 -> 26034.64 | Y50: ='Fixed+Charge'!X25 -> 26133.06 | ... AC50: ='Fixed+Charge'!AB25 -> 26524.03 | AD50: =SUM(R50:AC50) -> 383629.43 | AE50: =Q50-AD50 -> -148985.95 | AG50: 1048131.2 | AH50: =AG50-Q50 -> 813487.74 | AI50: 0 | AJ50: =AI50-Q50 -> -234643.48 | AL50: 740581.21 | AM50: =Q50-AL50 -> -505937.73 | AP50: =Q50-'[1]2025 Summay'!Q50 -> 0
A51: 39810800 | B51: <<70011 | D51: Other income其他收益 | E51: ='Fixed+Charge'!D26 -> 0 | F51: ='Fixed+Charge'!E26 -> 0 | G51: ='Fixed+Charge'!F26 -> 0 | H51: ='Fixed+Charge'!G26 -> 0 | I51: ='Fixed+Charge'!H26 -> 0 | J51: ='Fixed+Charge'!I26 -> 0 | K51: ='Fixed+Charge'!J26 -> 0 | L51: ='Fixed+Charge'!K26 -> 0 | ... P51: ='Fixed+Charge'!O26 -> 0 | Q51: =SUM(E51:P51) -> 0 | R51: ='Fixed+Charge'!Q26 -> 0 | S51: ='Fixed+Charge'!R26 -> 0 | T51: ='Fixed+Charge'!S26 -> 0 | U51: ='Fixed+Charge'!T26 -> 0 | V51: ='Fixed+Charge'!U26 -> 0 | W51: ='Fixed+Charge'!V26 -> 0 | X51: ='Fixed+Charge'!W26 -> 0 | Y51: ='Fixed+Charge'!X26 -> 0 | ... AC51: ='Fixed+Charge'!AB26 -> 0 | AD51: =SUM(R51:AC51) -> 0 | AE51: =Q51-AD51 -> 0 | AG51: 1670992.5 | AH51: =AG51-Q51 -> 1670992.5 | AJ51: =Q51-AI51 -> 0 | AL51: 1299158 | AM51: =Q51-AL51 -> -1299158 | AP51: =Q51-'[1]2025 Summay'!Q51 -> 0
A52: 39810700 | B52: <<70011 | D52: Non-operating income 营业外收入 | E52: ='Fixed+Charge'!D27 -> 0 | F52: ='Fixed+Charge'!E27 -> 0 | G52: ='Fixed+Charge'!F27 -> 0 | H52: ='Fixed+Charge'!G27 -> 0 | I52: ='Fixed+Charge'!H27 -> 0 | J52: ='Fixed+Charge'!I27 -> 0 | K52: ='Fixed+Charge'!J27 -> 0 | L52: ='Fixed+Charge'!K27 -> 0 | ... P52: ='Fixed+Charge'!O27 -> 0 | Q52: =SUM(E52:P52) -> 0 | R52: ='Fixed+Charge'!Q27 -> 43283.96 | S52: ='Fixed+Charge'!R27 -> 0 | T52: ='Fixed+Charge'!S27 -> 72436 | U52: ='Fixed+Charge'!T27 -> 0 | V52: ='Fixed+Charge'!U27 -> 0 | W52: ='Fixed+Charge'!V27 -> 6332 | X52: ='Fixed+Charge'!W27 -> 0 | Y52: ='Fixed+Charge'!X27 -> 0 | ... AC52: ='Fixed+Charge'!AB27 -> 0 | AD52: =SUM(R52:AC52) -> 122051.96 | AE52: =Q52-AD52 -> -122051.96 | AG52: 1231552.4 | AH52: =AG52-Q52 -> 1231552.4 | AJ52: =Q52-AI52 -> 0 | AL52: 137146.11 | AM52: =Q52-AL52 -> -137146.11 | AP52: =Q52-'[1]2025 Summay'!Q52 -> 0
A53: 70040000 | B53: <<70011 | D53: Non-operating expenses 营业外支出 | E53: ='Fixed+Charge'!D28 -> 0 | F53: ='Fixed+Charge'!E28 -> 0 | G53: ='Fixed+Charge'!F28 -> 0 | H53: ='Fixed+Charge'!G28 -> 0 | I53: ='Fixed+Charge'!H28 -> 0 | J53: ='Fixed+Charge'!I28 -> 0 | K53: ='Fixed+Charge'!J28 -> 0 | L53: ='Fixed+Charge'!K28 -> 0 | ... P53: ='Fixed+Charge'!O28 -> 0 | Q53: =SUM(E53:P53) -> 0 | R53: ='Fixed+Charge'!Q28 -> 0 | S53: ='Fixed+Charge'!R28 -> 0 | T53: ='Fixed+Charge'!S28 -> 0 | U53: ='Fixed+Charge'!T28 -> 0 | V53: ='Fixed+Charge'!U28 -> 0 | W53: ='Fixed+Charge'!V28 -> 0 | X53: ='Fixed+Charge'!W28 -> 0 | Y53: ='Fixed+Charge'!X28 -> 0 | ... AC53: ='Fixed+Charge'!AB28 -> 0 | AD53: =SUM(R53:AC53) -> 0 | AE53: =Q53-AD53 -> 0 | AG53: 21167.29 | AH53: =AG53-Q53 -> 21167.29 | AJ53: =AI53-Q53 -> 0 | AL53: 0 | AM53: =Q53-AL53 -> 0 | AP53: =Q53-'[1]2025 Summay'!Q53 -> 0
A54: <<70011100 | B54: <<70011 | D54: Other Non Operating (Income) Expenses 其他非营运费用 | E54: ='Fixed+Charge'!D21 -> 637463 | F54: ='Fixed+Charge'!E21 -> 623371 | G54: ='Fixed+Charge'!F21 -> 626393 | H54: ='Fixed+Charge'!G21 -> 626393 | I54: ='Fixed+Charge'!H21 -> 626393 | J54: ='Fixed+Charge'!I21 -> 625273 | K54: ='Fixed+Charge'!J21 -> 625272 | L54: ='Fixed+Charge'!K21 -> 593234 | ... P54: ='Fixed+Charge'!O21 -> 501561 | Q54: =SUM(E54:P54) -> 7237383 | R54: ='Fixed+Charge'!Q21 -> 527350.21 | S54: ='Fixed+Charge'!R21 -> 348415.34 | T54: ='Fixed+Charge'!S21 -> 351437.32 | U54: ='Fixed+Charge'!T21 -> 351437.32 | V54: ='Fixed+Charge'!U21 -> 351437.32 | W54: ='Fixed+Charge'!V21 -> 360196.78 | X54: ='Fixed+Charge'!W21 -> 360196.78 | Y54: ='Fixed+Charge'!X21 -> 360196.78 | ... AC54: ='Fixed+Charge'!AB21 -> 353137.81 | AD54: =SUM(R54:AC54) -> 4444395.9 | AE54: =Q54-AD54 -> 2792987.1 | AG54: 5074966.6 | AH54: =AG54-Q54 -> -2162416.4 | AI54: 4912428.6 | AJ54: =AI54-Q54 -> -2324954.4 | AL54: 4649316.9 | AM54: =Q54-AL54 -> 2588066.1 | AP54: =Q54-'[1]2025 Summay'!Q54 -> 0
D55: Total Non Operating (Income) Expenses 非营运费用(收入)合计 | E55: =E49+E52-E54-E50-E53+E51 -> -664087.29 | F55: =F49+F52-F54-F50-F53+F51 -> -647509.66 | G55: =G49+G52-G54-G50-G53+G51 -> -503209.19 | H55: =H49+H52-H54-H50-H53+H51 -> -652442.26 | I55: =I49+I52-I54-I50-I53+I51 -> -653409.04 | J55: =J49+J52-J54-J50-J53+J51 -> -499593.57 | K55: =K49+K52-K54-K50-K53+K51 -> -638571.14 | L55: =L49+L52-L54-L50-L53+L51 -> -606583.41 | ... AD55: =AD49+AD52-AD54-AD50-AD53+AD51 -> -4058400.2 | AE55: =Q55-AD55 -> -2813626.2 | AG55: -2810615.7 | AH55: =AG55-Q55 -> 4061410.8 | AI55: -5197070.9 | AJ55: =Q55-AI55 -> -1674955.6 | AL55: -3181737.9 | AM55: =Q55-AL55 -> -3690288.6 | AP55: =Q55-'[1]2025 Summay'!Q55 -> 0
D56: Net Operating Income (Loss) 净利润(亏损) | E56: =E41-E47+E55 -> 16317215 | F56: =F41-F47+F55 -> 21362940 | G56: =G41-G47+G55 -> 8637838.6 | H56: =H41-H47+H55 -> 6570141.3 | I56: =I41-I47+I55 -> 6073753.6 | J56: =J41-J47+J55 -> 4032503.2 | K56: =K41-K47+K55 -> 10929866 | L56: =L41-L47+L55 -> 14156371 | ... AD56: =AD41-AD47+AD55 -> 1.1346286e+08 | AE56: =Q56-AD56 -> -2623330.3 | AG56: 1.2848465e+08 | AH56: =+Q56-AG56 -> -17645120 | AI56: 1.2543918e+08 | AJ56: =Q56-AI56 -> -14599651 | AL56: 1.3460183e+08 | AM56: =Q56-AL56 -> -23762307 | AP56: =Q56-'[1]2025 Summay'!Q56 -> 0
D57: Net Operating Income (Loss) % 净利润(亏损)率% | E57: =+E56/E16 -> 0.41590379 | F57: =+F56/F16 -> 0.49163981 | G57: =+G56/G16 -> 0.31956042 | H57: =+H56/H16 -> 0.26251943 | I57: =+I56/I16 -> 0.25511783 | J57: =+J56/J16 -> 0.18935486 | K57: =+K56/K16 -> 0.35364652 | L57: =+L56/L16 -> 0.40656691 | ... AD57: =+AD56/AD16 -> 0.31365287 | AE57: =Q57-AD57 -> 0.011746673 | AG57: 0.37240398 | AI57: 0.36942285 | AJ57: =Q57-AI57 -> -0.044023312 | AL57: 0.31728661 | AM57: =Q57-AL57 -> 0.0081129327 | AP57: =Q57-'[1]2025 Summay'!Q57 -> 0
AM58: =Q58-AL58 -> 0 | AP58: =Q58-'[1]2025 Summay'!Q58 -> 0
A59: <<70020000 | B59: <<70100 | D59: Owner Office Expenses 业主办公室费用 | Q59: =SUM(E59:P59) -> 0 | AD59: =SUM(R59:AC59) -> 0 | AE59: =AD59-Q59 -> 0 | AG59: 2500 | AH59: =AG59-Q59 -> 2500 | AI59: 41379.73 | AJ59: =AI59-Q59 -> 41379.73 | AL59: 0 | AM59: =Q59-AL59 -> 0 | AP59: =Q59-'[1]2025 Summay'!Q59 -> 0
AM60: =Q60-AL60 -> 0 | AP60: =Q60-'[1]2025 Summay'!Q60 -> 0
A61: <<70010500 | B61: <<70011 | D61: Pre-opening Expenses 预开业费用 | E61: 0 | F61: 0 | G61: 0 | H61: 0 | I61: 0 | J61: 0 | K61: 0 | L61: 0 | M61: 0 | N61: 0 | O61: 0 | P61: 0 | Q61: =SUM(E61:P61) -> 0 | AE61: =AD61-Q61 -> 0 | AG61: 0 | AM61: =Q61-AL61 -> 0 | AP61: =Q61-'[1]2025 Summay'!Q61 -> 0
AM62: =Q62-AL62 -> 0 | AP62: =Q62-'[1]2025 Summay'!Q62 -> 0
A63: <<70010700 | B63: <<70011 | D63: FFE Reserve 资产储备 | E63: ='Fixed+Charge'!D17 -> 0 | F63: ='Fixed+Charge'!E17 -> 0 | G63: ='Fixed+Charge'!F17 -> 0 | H63: ='Fixed+Charge'!G17 -> 0 | I63: ='Fixed+Charge'!H17 -> 0 | J63: ='Fixed+Charge'!I17 -> 0 | K63: ='Fixed+Charge'!J17 -> 0 | L63: ='Fixed+Charge'!K17 -> 0 | ... P63: ='Fixed+Charge'!O17 -> 0 | Q63: =SUM(E63:P63) -> 0 | R63: ='Fixed+Charge'!U17 -> 0 | S63: ='Fixed+Charge'!V17 -> 0 | T63: ='Fixed+Charge'!W17 -> 0 | U63: ='Fixed+Charge'!X17 -> 0 | V63: ='Fixed+Charge'!Y17 -> 0 | W63: ='Fixed+Charge'!Z17 -> 0 | X63: ='Fixed+Charge'!AA17 -> 0 | Y63: ='Fixed+Charge'!AB17 -> 0 | Z63: ='Fixed+Charge'!AA17 -> 0 | AA63: ='Fixed+Charge'!AB17 -> 0 | AB63: ='Fixed+Charge'!AB17 -> 0 | AC63: ='Fixed+Charge'!AC17 -> 0 | AD63: ='Fixed+Charge'!AC17 -> 0 | AE63: =AD63-Q63 -> 0 | AG63: 0 | AI63: 0 | AL63: 0 | AM63: =Q63-AL63 -> 0 | AP63: =Q63-'[1]2025 Summay'!Q63 -> 0
D64: Adjusted Net Operating Income (Loss) 调整后净利润(亏损) | E64: =E56-E59-E61-E63 -> 16317215 | F64: =F56-F59-F61-F63 -> 21362940 | G64: =G56-G59-G61-G63 -> 8637838.6 | H64: =H56-H59-H61-H63 -> 6570141.3 | I64: =I56-I59-I61-I63 -> 6073753.6 | J64: =J56-J59-J61-J63 -> 4032503.2 | K64: =K56-K59-K61-K63 -> 10929866 | L64: =L56-L59-L61-L63 -> 14156371 | ... AD64: =AD56-AD59-AD61-AD63 -> 1.1346286e+08 | AE64: =Q64-AD64 -> -2623330.3 | AG64: 1.2848215e+08 | AH64: =+Q64-AG64 -> -17642620 | AI64: 1.253978e+08 | AJ64: =Q64-AI64 -> -14558271 | AL64: 1.3460183e+08 | AM64: =Q64-AL64 -> -23762307 | AP64: =Q64-'[1]2025 Summay'!Q64 -> 0
D65: Adjusted Net Operating Income (Loss) % 调整后净利润(亏损)率% | E65: =+E64/E16 -> 0.41590379 | F65: =+F64/F16 -> 0.49163981 | G65: =+G64/G16 -> 0.31956042 | H65: =+H64/H16 -> 0.26251943 | I65: =+I64/I16 -> 0.25511783 | J65: =+J64/J16 -> 0.18935486 | K65: =+K64/K16 -> 0.35364652 | L65: =+L64/L16 -> 0.40656691 | ... AD65: =+AD64/AD16 -> 0.31365287 | AG65: 0.37239674 | AI65: 0.36930099 | AJ65: =Q65-AI65 -> -0.043901447 | AL65: 0.31728661 | AM65: =Q65-AL65 -> 0.0081129327 | AP65: =Q65-'[1]2025 Summay'!Q65 -> 0
AM66: =Q66-AL66 -> 0 | AP66: =Q66-'[1]2025 Summay'!Q66 -> 0
A67: <<70010020 | B67: <<70011 | D67: Enterprise income tax 企业所得税 | E67: ='Fixed+Charge'!D29 -> 0 | F67: ='Fixed+Charge'!E29 -> 0 | G67: ='Fixed+Charge'!F29 -> 0 | H67: ='Fixed+Charge'!G29 -> 0 | I67: ='Fixed+Charge'!H29 -> 0 | J67: ='Fixed+Charge'!I29 -> 0 | K67: ='Fixed+Charge'!J29 -> 0 | L67: ='Fixed+Charge'!K29 -> 0 | ... P67: ='Fixed+Charge'!O29 -> 0 | Q67: =SUM(E67:P67) -> 0 | R67: ='Fixed+Charge'!Q29 -> 1631989.8 | S67: ='Fixed+Charge'!R29 -> 4110334.1 | T67: ='Fixed+Charge'!S29 -> 431734.54 | U67: ='Fixed+Charge'!T29 -> -9253.5 | V67: ='Fixed+Charge'!U29 -> 770323.91 | W67: ='Fixed+Charge'!V29 -> 0 | X67: ='Fixed+Charge'!W29 -> 77429.41 | Y67: ='Fixed+Charge'!X29 -> 1032329.5 | ... AC67: ='Fixed+Charge'!AB29 -> 0 | AD67: =SUM(R67:AC67) -> 8044887.7 | AE67: =Q67-AD67 -> -8044887.7 | AG67: 6099982.4 | AH67: =AG67-Q67 -> 6099982.4 | AJ67: =AI67-Q67 -> 0 | AL67: 14480341 | AM67: =Q67-AL67 -> -14480341 | AP67: =Q67-'[1]2025 Summay'!Q67 -> 0
D68: Adjusted Net Operating Income (Loss) 企业所得税后净利润(亏损) | E68: =E64-E67 -> 16317215 | F68: =F64-F67 -> 21362940 | G68: =G64-G67 -> 8637838.6 | H68: =H64-H67 -> 6570141.3 | I68: =I64-I67 -> 6073753.6 | J68: =J64-J67 -> 4032503.2 | K68: =K64-K67 -> 10929866 | L68: =L64-L67 -> 14156371 | ... AD68: =AD64-AD67 -> 1.0541797e+08 | AE68: =Q68-AD68 -> 5421557.4 | AG68: 1.2238216e+08 | AH68: =+Q68-AG68 -> -11542637 | AI68: 1.253978e+08 | AJ68: =Q68-AI68 -> -14558271 | AL68: 1.2012149e+08 | AM68: =Q68-AL68 -> -9281966 | AP68: =Q68-'[1]2025 Summay'!Q68 -> 0
D69: Adjusted Net Operating Income (Loss) %企业所得税后净利润(亏损)% | E69: =+E68/E16 -> 0.41590379 | F69: =+F68/F16 -> 0.49163981 | G69: =+G68/G16 -> 0.31956042 | H69: =+H68/H16 -> 0.26251943 | I69: =+I68/I16 -> 0.25511783 | J69: =+J68/J16 -> 0.18935486 | K69: =+K68/K16 -> 0.35364652 | L69: =+L68/L16 -> 0.40656691 | ... AD69: =+AD68/AD16 -> 0.29141385 | AG69: 0.35471635 | AI69: 0.36930099 | AJ69: =Q69-AI69 -> -0.043901447 | AL69: 0.28315321 | AM69: =Q69-AL69 -> 0.042246334 | AP69: =Q69-'[1]2025 Summay'!Q69 -> 0
AM70: =Q70-AL70 -> 0 | AP70: =Q70-'[1]2025 Summay'!Q70 -> 0
A71: <<90010201 | B71: <<10100 | D71: Total Rooms 总房间数 | E71: ='Rooms+Summary'!E48 -> 20956 | F71: ='Rooms+Summary'!F48 -> 18928 | G71: ='Rooms+Summary'!G48 -> 20956 | H71: ='Rooms+Summary'!H48 -> 20280 | I71: ='Rooms+Summary'!I48 -> 20956 | J71: ='Rooms+Summary'!J48 -> 20280 | K71: ='Rooms+Summary'!K48 -> 20956 | L71: ='Rooms+Summary'!L48 -> 20956 | ... P71: ='Rooms+Summary'!P48 -> 20956 | Q71: =SUM(E71:P71) -> 246740 | R71: ='Rooms+Summary'!R48 -> 20956 | S71: ='Rooms+Summary'!S48 -> 19604 | T71: ='Rooms+Summary'!T48 -> 20956 | U71: ='Rooms+Summary'!U48 -> 20280 | V71: ='Rooms+Summary'!V48 -> 20956 | W71: ='Rooms+Summary'!W48 -> 20280 | X71: ='Rooms+Summary'!X48 -> 20956 | Y71: ='Rooms+Summary'!Y48 -> 20956 | ... AC71: ='Rooms+Summary'!AC48 -> 20956 | AD71: =SUM(R71:AC71) -> 247416 | AE71: =Q71-AD71 -> -676 | AG71: 246740 | AI71: 246740 | AJ71: =Q71-AI71 -> 0 | AL71: 246740 | AM71: =Q71-AL71 -> 0 | AP71: =Q71-'[1]2025 Summay'!Q71 -> 0
A72: <<90010205 | B72: <<10100 | D72: Room Sold 付费房间数 | E72: ='Rooms+Summary'!E52 -> 18860 | F72: ='Rooms+Summary'!F52 -> 17035 | G72: ='Rooms+Summary'!G52 -> 17813 | H72: ='Rooms+Summary'!H52 -> 17005 | I72: ='Rooms+Summary'!I52 -> 17603 | J72: ='Rooms+Summary'!J52 -> 16867 | K72: ='Rooms+Summary'!K52 -> 18860 | L72: ='Rooms+Summary'!L52 -> 18860 | ... P72: ='Rooms+Summary'!P52 -> 18441 | Q72: =SUM(E72:P72) -> 212199 | R72: ='Rooms+Summary'!R52 -> 19715 | S72: ='Rooms+Summary'!S52 -> 18855 | T72: ='Rooms+Summary'!T52 -> 19772 | U72: ='Rooms+Summary'!U52 -> 18249 | V72: ='Rooms+Summary'!V52 -> 17477 | W72: ='Rooms+Summary'!W52 -> 17897 | X72: ='Rooms+Summary'!X52 -> 19826 | Y72: ='Rooms+Summary'!Y52 -> 19726 | ... AC72: ='Rooms+Summary'!AC52 -> 17813 | AD72: =SUM(R72:AC72) -> 219151 | AE72: =Q72-AD72 -> -6952 | AG72: 196570 | AH72: =AH74*Q72 -> -26957761 | AI72: 213673 | AJ72: =Q72-AI72 -> -1474 | AL72: 204847 | AM72: =Q72-AL72 -> 7352 | AP72: =Q72-'[1]2025 Summay'!Q72 -> 0
D73: Paid Occupancy 付费房入出租率% | E73: =IF(E71=0,0,E72/E71) -> 0.89998091 | F73: =IF(F71=0,0,F72/F71) -> 0.89998943 | G73: =IF(G71=0,0,G72/G71) -> 0.85001909 | H73: =IF(H71=0,0,H72/H71) -> 0.83851085 | I73: =IF(I71=0,0,I72/I71) -> 0.83999809 | J73: =IF(J71=0,0,J72/J71) -> 0.83170611 | K73: =IF(K71=0,0,K72/K71) -> 0.89998091 | L73: =IF(L71=0,0,L72/L71) -> 0.89998091 | ... AD73: =IF(AD71=0,0,AD72/AD71) -> 0.88575921 | AE73: =Q73-AD73 -> -0.02574867 | AG73: 0.79666856 | AH73: =Q73-AG73 -> 0.063341979 | AI73: 0.86598444 | AJ73: =Q73-AI73 -> -0.0059738997 | AL73: 0.83021399 | AM73: =Q73-AL73 -> 0.029796547 | AP73: =Q73-'[1]2025 Summay'!Q73 -> 0
D74: Average Rate 平均房费 | E74: =IF(E72=0,0,ROUND(E11/E72,2)) -> 1561.11 | F74: =IF(F72=0,0,ROUND(F11/F72,2)) -> 2015.82 | G74: =IF(G72=0,0,ROUND(G11/G72,2)) -> 1142.38 | H74: =IF(H72=0,0,ROUND(H11/H72,2)) -> 1099.99 | I74: =IF(I72=0,0,ROUND(I11/I72,2)) -> 990 | J74: =IF(J72=0,0,ROUND(J11/J72,2)) -> 924.99 | K74: =IF(K72=0,0,ROUND(K11/K72,2)) -> 1229.03 | L74: =IF(L72=0,0,ROUND(L11/L72,2)) -> 1422.68 | ... AD74: =IF(AD72=0,0,ROUND(AD11/AD72,2)) -> 1238.46 | AE74: =Q74-AD74 -> -49.63 | AG74: 1315.87 | AH74: =Q74-AG74 -> -127.04 | AI74: 1142.87 | AJ74: =Q74-AI74 -> 45.96 | AL74: 1602.51 | AM74: =Q74-AL74 -> -413.68 | AP74: =Q74-'[1]2025 Summay'!Q74 -> 0
D75: RevPAR 可用房平均房费 | E75: =ROUND(E74*E73,0) -> 1405 | F75: =ROUND(F74*F73,0) -> 1814 | G75: =ROUND(G74*G73,0) -> 971 | H75: =ROUND(H74*H73,0) -> 922 | I75: =ROUND(I74*I73,0) -> 832 | J75: =ROUND(J74*J73,0) -> 769 | K75: =ROUND(K74*K73,0) -> 1106 | L75: =ROUND(L74*L73,0) -> 1280 | ... AD75: =ROUND(AD74*AD73,0) -> 1097 | AE75: =Q75-AD75 -> -75 | AG75: 1048 | AI75: 990 | AJ75: =Q75-AI75 -> 32 | AL75: 1330 | AM75: =Q75-AL75 -> -308 | AP75: =Q75-'[1]2025 Summay'!Q75 -> 0
A76: <<5..59999999,<>50021300 | B76: <ALL> | D76: Labor Cost 人工总成本 | E76: 5810078.7 | F76: 5126937.8 | G76: 5140991.4 | H76: 5342940.4 | I76: 5524280.4 | J76: 5221935.4 | K76: 5289898.7 | L76: 5305802.6 | M76: 5277841.7 | N76: 5988675.5 | O76: 5283532.5 | P76: 5297425.7 | Q76: =SUM(E76:P76) -> 64610341 | R76: 64610341 | S76: 5936948.8 | T76: 6388656.3 | U76: 5630072.4 | V76: 5396934.9 | W76: 5239875.6 | X76: 5051147.3 | Y76: 4893363.7 | Z76: 5431359.5 | AA76: 6422704.4 | AB76: 6973565.1 | AC76: 6350728.8 | AD76: 6490926.7 | AE76: =Q76-AD76 -> 58119414 | AG76: 76710283 | AH76: =AG76-Q76 -> 12099942 | AI76: 75193105 | AJ76: =AI76-Q76 -> 10582764 | AL76: 87860280 | AM76: =Q76-AL76 -> -23249940 | AP76: =Q76-'[1]2025 Summay'!Q76 -> 0
A77: <<90030100 | B77: <ALL> | D77: FTEs 全职员工人数 | E77: 476 | F77: 476 | G77: 476 | H77: 476 | I77: 476 | J77: 476 | K77: 476 | L77: 476 | M77: 476 | N77: 476 | O77: 476 | P77: 476 | Q77: =SUM(E77:P77)/12 -> 476 | R77: 476 | S77: 478 | T77: 474 | U77: 478 | V77: 478 | W77: 458 | X77: 456 | Y77: 451 | Z77: 460 | AA77: 502 | AB77: 502 | AC77: 502 | AD77: 502 | AE77: =Q77-AD77 -> -26 | AG77: 706.83333 | AI77: 813.16667 | AJ77: =AI77-Q77 -> 337.16667 | AL77: 648.66667 | AM77: =Q77-AL77 -> -172.66667 | AP77: =Q77-'[1]2025 Summay'!Q77 -> 0
E78: =E76/E16 -> 0.14809106 | F78: =F76/F16 -> 0.11798969 | G78: =G76/G16 -> 0.19019311 | H78: =H76/H16 -> 0.21348486 | I78: =I76/I16 -> 0.23203814 | J78: =J76/J16 -> 0.24520721 | K78: =K76/K16 -> 0.17115986 | L78: =L76/L16 -> 0.15238113 | ... AD78: =AD76/AD16 -> 0.017943297 | AE78: =Q78-AD78 -> 0.17173791 | AG78: 0.222 | AI78: =AI76/AI16 -> 0.22144638 | AL78: 0.20710632 | AM78: =Q78-AL78 -> -0.017425111 | AP78: =Q78-'[1]2025 Summay'!Q78 -> 0
R80: 0 | S80: 0 | T80: 0 | U80: 0 | V80: 0 | W80: 0 | X80: 0 | Y80: 0 | Z80: 0 | AA80: 0 | AB80: 0 | AC80: 0

Sheet Rooms+Summary
A1: D31 | D1: Hotel Profit & Loss Budget Report 酒店年度预算报表 | E1: 2025001 | F1: 2025002 | G1: 2025003 | H1: 2025004 | I1: 2025005 | J1: 2025006 | K1: 2025007 | L1: 2025008 | M1: 2025009 | N1: 2025010 | O1: 2025011 | P1: 2025012 | R1: 2024001 | S1: 2024002 | T1: 2024003 | U1: 2024004 | V1: 2024005 | W1: 2024006 | X1: 2024007 | Y1: 2024008 | Z1: 2024009 | AA1: 2024010 | AB1: 2024011 | AC1: 2024012
D2: MGM Grand Sanya 三亚美高梅度假酒店 | E2: 2025001 | F2: 2025002 | G2: 2025003 | H2: 2025004 | I2: 2025005 | J2: 2025006 | K2: 2025007 | L2: 2025008 | M2: 2025009 | N2: 2025010 | O2: 2025011 | P2: 2025012 | R2: 2024001 | S2: 2024002 | T2: 2024003 | U2: 2024004 | V2: 2024005 | W2: 2024006 | X2: 2024007 | Y2: 2024008 | Z2: 2024009 | AA2: 2024010 | AB2: 2024011 | AC2: 2024012
D3: Rooms Summary 房务部损益 | E3: A | F3: A | G3: A | H3: A | I3: A | J3: A | K3: B | L3: B | M3: B | N3: B | O3: B | P3: B | R3: A | S3: A | T3: A | U3: A | V3: A | W3: A | X3: A | Y3: A | Z3: A | AA3: A | AB3: A | AC3: A
D4: =+'2025 Summay'!$D$7 -> 2025
E6: ='2025 Summay'!E9 -> 1 | F6: ='2025 Summay'!F9 -> 2 | G6: ='2025 Summay'!G9 -> 3 | H6: ='2025 Summay'!H9 -> 4 | I6: ='2025 Summay'!I9 -> 5 | J6: ='2025 Summay'!J9 -> 6 | K6: ='2025 Summay'!K9 -> 7 | L6: ='2025 Summay'!L9 -> 8 | ... AD6: ='2025 Summay'!AD9 -> 2024 | AG6: 2019
E7: ='2025 Summay'!E10 -> Budget | F7: ='2025 Summay'!F10 -> Budget | G7: ='2025 Summay'!G10 -> Budget | H7: ='2025 Summay'!H10 -> Budget | I7: ='2025 Summay'!I10 -> Budget | J7: ='2025 Summay'!J10 -> Budget | K7: ='2025 Summay'!K10 -> Budget | L7: ='2025 Summay'!L10 -> Budget | ... AD7: ='2025 Summay'!AD10 -> Forecast | AE7: Var. | AF7: Var.% | AG7: Actual | AH7: Var.
D8: REVENUE 收入
A9: <<30100110..30100180 | B9: <<10100 | C9: <<LDTA,TFIT,TGDS,TWMM,TDMH,TPKG,OOWN,TIND,TPAR,IFAN,LWMM,ADV,OPKG,LDMW,LINW | D9: Transient 散客 | E9: =+E138 -> 26765975 | F9: =+F138 -> 31217680 | G9: =+G138 -> 18499284 | H9: =+H138 -> 17004780 | I9: =+I138 -> 15842736 | J9: =+J138 -> 14183509 | K9: =+K138 -> 21072211 | L9: =+L138 -> 24392477 | ... P9: =+P138 -> 17770688 | Q9: =SUM(E9:P9) -> 229334883 | R9: 29424041 | S9: 45512261 | T9: 18951848 | U9: 16635442 | V9: 15030944 | W9: 13675100 | X9: 20625312 | Y9: 24194896 | Z9: 11819595 | AA9: 14555068 | AB9: 13141761 | AC9: 16193636 | AD9: =SUM(R9:AC9) -> 2.397599e+08 | AE9: =Q9-AD9 -> -10425022 | AF9: =AE9/AD9 -> -0.04348109 | AG9: 2.0669792e+08 | AH9: =Q9-AG9 -> 22636960
A10: <<30100110..30100180 | B10: <<10100 | C10: <<VCOR,TCOR,COA,COB,COC,COS,VASS,VSMF,GOT,VINC,TSMG,LDMA,LINA,LDSE,LISE | D10: Group 团队 | E10: =+E142 -> 0 | F10: =+F142 -> 0 | G10: =+G142 -> 0 | H10: =+H142 -> 0 | I10: =+I142 -> 0 | J10: =+J142 -> 0 | K10: =+K142 -> 0 | L10: =+L142 -> 0 | ... P10: =+P142 -> 0 | Q10: =SUM(E10:P10) -> 0 | R10: 1251296.4 | S10: 2004734.8 | T10: 1213410.1 | U10: 585025.81 | V10: 664477.7 | W10: 398087.65 | X10: 619654.46 | Y10: 202968.95 | Z10: 0 | AA10: 0 | AB10: 0 | AC10: 0 | AD10: =SUM(R10:AC10) -> 6939655.8 | AE10: =Q10-AD10 -> -6939655.8 | AF10: =AE10/AD10 -> -1 | AG10: 15303038 | AH10: =Q10-AG10 -> -15303038
A11: <<30100110..30100180 | B11: <<10100 | C11: <<LSG | D11: Contract 合约 | E11: =+E146 -> 0 | F11: =+F146 -> 0 | G11: =+G146 -> 0 | H11: =+H146 -> 0 | I11: =+I146 -> 0 | J11: =+J146 -> 0 | K11: =+K146 -> 0 | L11: =+L146 -> 0 | ... P11: =+P146 -> 0 | Q11: =SUM(E11:P11) -> 0 | R11: 37101.09 | S11: 0 | T11: 0 | U11: 0 | V11: 0 | W11: 0 | X11: 0 | Y11: 0 | Z11: 0 | AA11: 0 | AB11: 0 | AC11: 0 | AD11: =SUM(R11:AC11) -> 37101.09 | AE11: =Q11-AD11 -> -37101.09 | AG11: 0 | AH11: =Q11-AG11 -> 0
A12: z | D12: Rooms Revenue 房费收入 | E12: =SUM(E9:E11) -> 26765975 | F12: =SUM(F9:F11) -> 31217680 | G12: =SUM(G9:G11) -> 18499284 | H12: =SUM(H9:H11) -> 17004780 | I12: =SUM(I9:I11) -> 15842736 | J12: =SUM(J9:J11) -> 14183509 | K12: =SUM(K9:K11) -> 21072211 | L12: =SUM(L9:L11) -> 24392477 | ... AD12: =SUM(AD9:AD11) -> 2.4673666e+08 | AE12: =Q12-AD12 -> -17401779 | AF12: =AE12/AD12 -> -0.070527739 | AG12: 2.2200096e+08 | AH12: =Q12-AG12 -> 7333922.1
A13: <<38108100 | B13: <<10100 | D13: Service Charge 服务费 | E13: =ROUND(+E12*0.1,0) -> 2676598 | F13: =ROUND(+F12*0.1,0) -> 3121768 | G13: =ROUND(+G12*0.1,0) -> 1849928 | H13: =ROUND(+H12*0.1,0) -> 1700478 | I13: =ROUND(+I12*0.1,0) -> 1584274 | J13: =ROUND(+J12*0.1,0) -> 1418351 | K13: =ROUND(+K12*0.1,0) -> 2107221 | L13: =ROUND(+L12*0.1,0) -> 2439248 | ... P13: =ROUND(+P12*0.1,0) -> 1777069 | Q13: =SUM(E13:P13) -> 22933489 | R13: 2627494.9 | S13: 5195411.6 | T13: 2016593.9 | U13: 1458652.7 | V13: 1740852.8 | W13: 1499434.5 | X13: 1957343 | Y13: 2606962 | Z13: 1181960 | AA13: 1455507 | AB13: 1314176 | AC13: 1619364 | AD13: =SUM(R13:AC13) -> 24673752 | AE13: =Q13-AD13 -> -1740263.2 | AF13: =AE13/AD13 -> -0.070530952 | AG13: 22200563 | AH13: =Q13-AG13 -> 732925.85
A14: z | D14: Other Revenue 其他收入 | L14: 0 | M14: 0 | N14: 0 | O14: 0 | P14: 0 | Q14: =SUM(E14:P14) -> 0 | R14: 0 | S14: 0 | T14: 0 | U14: 0 | V14: 0 | W14: 0 | X14: 0 | Y14: 0 | Z14: 0 | AA14: 0 | AB14: 0 | AC14: 0 | AD14: =SUM(R14:AC14) -> 0 | AE14: =Q14-AD14 -> 0 | AG14: 0 | AH14: =Q14-AG14 -> 0
D15: Total Rooms Revenue 客房收入合计 | E15: =SUM(E12:E14) -> 29442573 | F15: =SUM(F12:F14) -> 34339448 | G15: =SUM(G12:G14) -> 20349212 | H15: =SUM(H12:H14) -> 18705258 | I15: =SUM(I12:I14) -> 17427010 | J15: =SUM(J12:J14) -> 15601860 | K15: =SUM(K12:K14) -> 23179432 | L15: =SUM(L12:L14) -> 26831725 | ... AD15: =SUM(AD12:AD14) -> 2.7141041e+08 | AE15: =Q15-AD15 -> -19142042 | AF15: =AE15/AD15 -> -0.070528031 | AG15: 2.4420152e+08 | AH15: =Q15-AG15 -> 8066848
AH16: =Q16-AG16 -> 0
A17: <<5..59999999 | B17: <<10200,10300,10400,10099 | D17: Total Labour Costs 人工成本合计 | E17: =E98 -> 1109792.1 | F17: =F98 -> 991031.22 | G17: =G98 -> 977071.01 | H17: =H98 -> 1013101.3 | I17: =I98 -> 1044135.6 | J17: =J98 -> 986136.44 | K17: =K98 -> 1004590 | L17: =L98 -> 1016953.2 | ... AD17: =AD98 -> 13201476 | AE17: =AD17-Q17 -> 881919.37 | AF17: =AE17/AD17 -> 0.066804602 | AG17: 15617450 | AH17: =AG17-Q17 -> 3297893.5
D19: OPERATING EXPENSES 营运费用
A20: <<60010011 | B20: <<10200,10300,10400,10099 | D20: Comm - Travel Agents 佣金 - 旅行社 | E20: =SUM('Front office:Rooms Admin'!E20) -> 1707669 | F20: =SUM('Front office:Rooms Admin'!F20) -> 1991688 | G20: =SUM('Front office:Rooms Admin'!G20) -> 1180254 | H20: =SUM('Front office:Rooms Admin'!H20) -> 1084905 | I20: =SUM('Front office:Rooms Admin'!I20) -> 1010767 | J20: =SUM('Front office:Rooms Admin'!J20) -> 904908 | K20: =SUM('Front office:Rooms Admin'!K20) -> 1344407 | L20: =SUM('Front office:Rooms Admin'!L20) -> 1556240 | ... P20: =SUM('Front office:Rooms Admin'!P20) -> 1133770 | Q20: =SUM(E20:P20) -> 14631565 | R20: =SUM('Front office:Rooms Admin'!R20) -> 2262430.5 | S20: =SUM('Front office:Rooms Admin'!S20) -> 3870829.9 | T20: =SUM('Front office:Rooms Admin'!T20) -> 1592437.6 | U20: =SUM('Front office:Rooms Admin'!U20) -> 1534402.6 | V20: =SUM('Front office:Rooms Admin'!V20) -> 1489908.9 | W20: =SUM('Front office:Rooms Admin'!W20) -> 1296555.3 | X20: =SUM('Front office:Rooms Admin'!X20) -> 1906847.8 | Y20: =SUM('Front office:Rooms Admin'!Y20) -> 2570960.1 | ... AC20: =SUM('Front office:Rooms Admin'!AC20) -> 1335975 | AD20: =SUM(R20:AC20) -> 21410574 | AE20: =Q20-AD20 -> -6779008.7 | AF20: =AE20/AD20 -> -0.31661967 | AG20: 10730360 | AH20: =AG20-Q20 -> -3901204.7
A21: <<60010040 | B21: <<10200,10300,10400,10099 | D21: Contract Cleaning 清洁合同 | E21: =SUM('Front office:Rooms Admin'!E21) -> 853920 | F21: =SUM('Front office:Rooms Admin'!F21) -> 668889 | G21: =SUM('Front office:Rooms Admin'!G21) -> 699231 | H21: =SUM('Front office:Rooms Admin'!H21) -> 667719 | I21: =SUM('Front office:Rooms Admin'!I21) -> 691041 | J21: =SUM('Front office:Rooms Admin'!J21) -> 662337 | K21: =SUM('Front office:Rooms Admin'!K21) -> 740064 | L21: =SUM('Front office:Rooms Admin'!L21) -> 740064 | ... P21: =SUM('Front office:Rooms Admin'!P21) -> 723715 | Q21: =SUM(E21:P21) -> 8443897 | R21: =SUM('Front office:Rooms Admin'!R21) -> 758692.87 | S21: =SUM('Front office:Rooms Admin'!S21) -> 835794.58 | T21: =SUM('Front office:Rooms Admin'!T21) -> 760190.19 | U21: =SUM('Front office:Rooms Admin'!U21) -> 794134.29 | V21: =SUM('Front office:Rooms Admin'!V21) -> 754914.49 | W21: =SUM('Front office:Rooms Admin'!W21) -> 754840.44 | X21: =SUM('Front office:Rooms Admin'!X21) -> 793814.79 | Y21: =SUM('Front office:Rooms Admin'!Y21) -> 785569.6 | ... AC21: =SUM('Front office:Rooms Admin'!AC21) -> 601932.39 | AD21: =SUM(R21:AC21) -> 8504960.8 | AE21: =Q21-AD21 -> -61063.81 | AF21: =AE21/AD21 -> -0.0071797873 | AG21: 5318127.2 | AH21: =AG21-Q21 -> -3125769.8
A22: <<60010050 | B22: <<10200,10300,10400,10099 | D22: Contract Services 服务合同 | E22: =SUM('Front office:Rooms Admin'!E22) -> 335171.43 | F22: =SUM('Front office:Rooms Admin'!F22) -> 284149.12 | G22: =SUM('Front office:Rooms Admin'!G22) -> 286663.29 | H22: =SUM('Front office:Rooms Admin'!H22) -> 302316.64 | I22: =SUM('Front office:Rooms Admin'!I22) -> 319547.68 | J22: =SUM('Front office:Rooms Admin'!J22) -> 291990.36 | K22: =SUM('Front office:Rooms Admin'!K22) -> 293808.41 | L22: =SUM('Front office:Rooms Admin'!L22) -> 292644.72 | ... P22: =SUM('Front office:Rooms Admin'!P22) -> 291503.41 | Q22: =SUM(E22:P22) -> 3632008.7 | R22: =SUM('Front office:Rooms Admin'!R22) -> 404490.65 | S22: =SUM('Front office:Rooms Admin'!S22) -> 487360.27 | T22: =SUM('Front office:Rooms Admin'!T22) -> 413520.71 | U22: =SUM('Front office:Rooms Admin'!U22) -> 326580.03 | V22: =SUM('Front office:Rooms Admin'!V22) -> 281528.08 | W22: =SUM('Front office:Rooms Admin'!W22) -> 271373.09 | X22: =SUM('Front office:Rooms Admin'!X22) -> 310536.5 | Y22: =SUM('Front office:Rooms Admin'!Y22) -> 344896.31 | ... AC22: =SUM('Front office:Rooms Admin'!AC22) -> 60035.3 | AD22: =SUM(R22:AC22) -> 3113059.6 | AE22: =Q22-AD22 -> 518949.06 | AF22: =AE22/AD22 -> 0.16670065 | AG22: 143870.58 | AH22: =AG22-Q22 -> -3488138.1
A23: <<60010060 | B23: <<10200,10300,10400,10099 | D23: Promotion Decoration 推广装饰 | E23: =SUM('Front office:Rooms Admin'!E23) -> 85000 | F23: =SUM('Front office:Rooms Admin'!F23) -> 0 | G23: =SUM('Front office:Rooms Admin'!G23) -> 0 | H23: =SUM('Front office:Rooms Admin'!H23) -> 0 | I23: =SUM('Front office:Rooms Admin'!I23) -> 0 | J23: =SUM('Front office:Rooms Admin'!J23) -> 0 | K23: =SUM('Front office:Rooms Admin'!K23) -> 0 | L23: =SUM('Front office:Rooms Admin'!L23) -> 0 | ... P23: =SUM('Front office:Rooms Admin'!P23) -> 20000 | Q23: =SUM(E23:P23) -> 105000 | R23: =SUM('Front office:Rooms Admin'!R23) -> 42862.61 | S23: =SUM('Front office:Rooms Admin'!S23) -> 84205.42 | T23: =SUM('Front office:Rooms Admin'!T23) -> 0 | U23: =SUM('Front office:Rooms Admin'!U23) -> 0 | V23: =SUM('Front office:Rooms Admin'!V23) -> 0 | W23: =SUM('Front office:Rooms Admin'!W23) -> 0 | X23: =SUM('Front office:Rooms Admin'!X23) -> 0 | Y23: =SUM('Front office:Rooms Admin'!Y23) -> 0 | ... AC23: =SUM('Front office:Rooms Admin'!AC23) -> 100000 | AD23: =SUM(R23:AC23) -> 227068.03 | AE23: =Q23-AD23 -> -122068.03 | AF23: =AE23/AD23 -> -0.53758352 | AG23: 476526.92 | AH23: =AG23-Q23 -> 371526.92
A24: <<60010080 | B24: <<10200,10300,10400,10099 | D24: Entertainment 招待 | E24: =SUM('Front office:Rooms Admin'!E24) -> 0 | F24: =SUM('Front office:Rooms Admin'!F24) -> 0 | G24: =SUM('Front office:Rooms Admin'!G24) -> 0 | H24: =SUM('Front office:Rooms Admin'!H24) -> 0 | I24: =SUM('Front office:Rooms Admin'!I24) -> 0 | J24: =SUM('Front office:Rooms Admin'!J24) -> 0 | K24: =SUM('Front office:Rooms Admin'!K24) -> 0 | L24: =SUM('Front office:Rooms Admin'!L24) -> 0 | ... P24: =SUM('Front office:Rooms Admin'!P24) -> 0 | Q24: =SUM(E24:P24) -> 0 | R24: =SUM('Front office:Rooms Admin'!R24) -> 0 | S24: =SUM('Front office:Rooms Admin'!S24) -> 0 | T24: =SUM('Front office:Rooms Admin'!T24) -> 0 | U24: =SUM('Front office:Rooms Admin'!U24) -> 0 | V24: =SUM('Front office:Rooms Admin'!V24) -> 0 | W24: =SUM('Front office:Rooms Admin'!W24) -> 0 | X24: =SUM('Front office:Rooms Admin'!X24) -> 0 | Y24: =SUM('Front office:Rooms Admin'!Y24) -> 11.27 | ... AC24: =SUM('Front office:Rooms Admin'!AC24) -> 0 | AD24: =SUM(R24:AC24) -> 11.27 | AE24: =Q24-AD24 -> -11.27 | AF24: =AE24/AD24 -> -1 | AG24: 29619.6 | AH24: =AG24-Q24 -> 29619.6
A25: <<60010093 | B25: <<10200,10300,10400,10099 | D25: Guest Supplies 客用品 - Magazines&Newspapers 杂志&报纸 | E25: =SUM('Front office:Rooms Admin'!E25) -> 1628 | F25: =SUM('Front office:Rooms Admin'!F25) -> 1628 | G25: =SUM('Front office:Rooms Admin'!G25) -> 1628 | H25: =SUM('Front office:Rooms Admin'!H25) -> 1628 | I25: =SUM('Front office:Rooms Admin'!I25) -> 1628 | J25: =SUM('Front office:Rooms Admin'!J25) -> 1628 | K25: =SUM('Front office:Rooms Admin'!K25) -> 1628 | L25: =SUM('Front office:Rooms Admin'!L25) -> 1628 | ... P25: =SUM('Front office:Rooms Admin'!P25) -> 1628 | Q25: =SUM(E25:P25) -> 19536 | R25: =SUM('Front office:Rooms Admin'!R25) -> 0 | S25: =SUM('Front office:Rooms Admin'!S25) -> 3189.64 | T25: =SUM('Front office:Rooms Admin'!T25) -> 1594.82 | U25: =SUM('Front office:Rooms Admin'!U25) -> 1594.82 | V25: =SUM('Front office:Rooms Admin'!V25) -> 1594.82 | W25: =SUM('Front office:Rooms Admin'!W25) -> 1594.82 | X25: =SUM('Front office:Rooms Admin'!X25) -> 1594.82 | Y25: =SUM('Front office:Rooms Admin'!Y25) -> 1594.82 | ... AC25: =SUM('Front office:Rooms Admin'!AC25) -> 1815 | AD25: =SUM(R25:AC25) -> 20018.56 | AE25: =Q25-AD25 -> -482.56 | AF25: =AE25/AD25 -> -0.02410563 | AG25: 26667.91 | AH25: =AG25-Q25 -> 7131.91
A26: <<60010094 | B26: <<10200,10300,10400,10099 | D26: Guest Supplies 客用品 - Others 其他 | E26: =SUM('Front office:Rooms Admin'!E26) -> 1037809 | F26: =SUM('Front office:Rooms Admin'!F26) -> 903586 | G26: =SUM('Front office:Rooms Admin'!G26) -> 771459 | H26: =SUM('Front office:Rooms Admin'!H26) -> 733064 | I26: =SUM('Front office:Rooms Admin'!I26) -> 753905 | J26: =SUM('Front office:Rooms Admin'!J26) -> 722578 | K26: =SUM('Front office:Rooms Admin'!K26) -> 864982 | L26: =SUM('Front office:Rooms Admin'!L26) -> 864982 | ... P26: =SUM('Front office:Rooms Admin'!P26) -> 827254 | Q26: =SUM(E26:P26) -> 9690224 | R26: =SUM('Front office:Rooms Admin'!R26) -> 1193163.3 | S26: =SUM('Front office:Rooms Admin'!S26) -> 1571423.3 | T26: =SUM('Front office:Rooms Admin'!T26) -> 1141330.5 | U26: =SUM('Front office:Rooms Admin'!U26) -> 981948.59 | V26: =SUM('Front office:Rooms Admin'!V26) -> 1080004.9 | W26: =SUM('Front office:Rooms Admin'!W26) -> 730633.85 | X26: =SUM('Front office:Rooms Admin'!X26) -> 883951.61 | Y26: =SUM('Front office:Rooms Admin'!Y26) -> 1010138.1 | ... AC26: =SUM('Front office:Rooms Admin'!AC26) -> 978797 | AD26: =SUM(R26:AC26) -> 12245229 | AE26: =Q26-AD26 -> -2555005.1 | AF26: =AE26/AD26 -> -0.20865311 | AG26: 6680522.8 | AH26: =AG26-Q26 -> -3009701.2
A27: <<60010110 | B27: <<10200,10300,10400,10099 | D27: Communication/Satellite/Cable 通讯/卫星/有线收视 | E27: =SUM('Front office:Rooms Admin'!E27) -> 44998 | F27: =SUM('Front office:Rooms Admin'!F27) -> 44998 | G27: =SUM('Front office:Rooms Admin'!G27) -> 44998 | H27: =SUM('Front office:Rooms Admin'!H27) -> 44998 | I27: =SUM('Front office:Rooms Admin'!I27) -> 44998 | J27: =SUM('Front office:Rooms Admin'!J27) -> 44998 | K27: =SUM('Front office:Rooms Admin'!K27) -> 44998 | L27: =SUM('Front office:Rooms Admin'!L27) -> 44998 | ... P27: =SUM('Front office:Rooms Admin'!P27) -> 44998 | Q27: =SUM(E27:P27) -> 539976 | R27: =SUM('Front office:Rooms Admin'!R27) -> 43288.87 | S27: =SUM('Front office:Rooms Admin'!S27) -> 43288.87 | T27: =SUM('Front office:Rooms Admin'!T27) -> 43288.87 | U27: =SUM('Front office:Rooms Admin'!U27) -> 14040 | V27: =SUM('Front office:Rooms Admin'!V27) -> 14040 | W27: =SUM('Front office:Rooms Admin'!W27) -> 14039.99 | X27: =SUM('Front office:Rooms Admin'!X27) -> 14040 | Y27: =SUM('Front office:Rooms Admin'!Y27) -> 14040 | ... AC27: =SUM('Front office:Rooms Admin'!AC27) -> 14040 | AD27: =SUM(R27:AC27) -> 256226.6 | AE27: =Q27-AD27 -> 283749.4 | AF27: =AE27/AD27 -> 1.1074159 | AG27: 692424.28 | AH27: =AG27-Q27 -> 152448.28
A28: Z | D28: Reservations Fees预订费 | E28: =SUM('Front office:Rooms Admin'!E28) -> 0 | F28: =SUM('Front office:Rooms Admin'!F28) -> 0 | G28: =SUM('Front office:Rooms Admin'!G28) -> 0 | H28: =SUM('Front office:Rooms Admin'!H28) -> 0 | I28: =SUM('Front office:Rooms Admin'!I28) -> 0 | J28: =SUM('Front office:Rooms Admin'!J28) -> 0 | K28: =SUM('Front office:Rooms Admin'!K28) -> 0 | L28: =SUM('Front office:Rooms Admin'!L28) -> 0 | ... P28: =SUM('Front office:Rooms Admin'!P28) -> 0 | Q28: =SUM(E28:P28) -> 0 | R28: =SUM('Front office:Rooms Admin'!R28) -> 0 | S28: =SUM('Front office:Rooms Admin'!S28) -> 0 | T28: =SUM('Front office:Rooms Admin'!T28) -> 0 | U28: =SUM('Front office:Rooms Admin'!U28) -> 0 | V28: =SUM('Front office:Rooms Admin'!V28) -> 0 | W28: =SUM('Front office:Rooms Admin'!W28) -> 0 | X28: =SUM('Front office:Rooms Admin'!X28) -> 0 | Y28: =SUM('Front office:Rooms Admin'!Y28) -> 0 | ... AC28: =SUM('Front office:Rooms Admin'!AC28) -> 0 | AD28: =SUM(R28:AC28) -> 0 | AE28: =Q28-AD28 -> 0 | AF28: =AE28/AD28 -> #DIV/0! | AG28: 0 | AH28: =AG28-Q28 -> 0
A29: <<60010021 | B29: <<10200,10300,10400,10099 | D29: Complimentaries - Give Away 免费赠送 | E29: =SUM('Front office:Rooms Admin'!E29) -> 52809 | F29: =SUM('Front office:Rooms Admin'!F29) -> 27256 | G29: =SUM('Front office:Rooms Admin'!G29) -> 27662 | H29: =SUM('Front office:Rooms Admin'!H29) -> 25857 | I29: =SUM('Front office:Rooms Admin'!I29) -> 22557 | J29: =SUM('Front office:Rooms Admin'!J29) -> 21618 | K29: =SUM('Front office:Rooms Admin'!K29) -> 27976 | L29: =SUM('Front office:Rooms Admin'!L29) -> 27976 | ... P29: =SUM('Front office:Rooms Admin'!P29) -> 27348 | Q29: =SUM(E29:P29) -> 334284 | R29: =SUM('Front office:Rooms Admin'!R29) -> 28558.83 | S29: =SUM('Front office:Rooms Admin'!S29) -> 54250.21 | T29: =SUM('Front office:Rooms Admin'!T29) -> 29105.8 | U29: =SUM('Front office:Rooms Admin'!U29) -> 25711.51 | V29: =SUM('Front office:Rooms Admin'!V29) -> 22699.64 | W29: =SUM('Front office:Rooms Admin'!W29) -> 18575.21 | X29: =SUM('Front office:Rooms Admin'!X29) -> 21983.05 | Y29: =SUM('Front office:Rooms Admin'!Y29) -> 20680.54 | ... AC29: =SUM('Front office:Rooms Admin'!AC29) -> 28083 | AD29: =SUM(R29:AC29) -> 325413.79 | AE29: =Q29-AD29 -> 8870.21 | AF29: =AE29/AD29 -> 0.027258249 | AG29: 0 | AH29: =AG29-Q29 -> -334284
A30: <<60011210 | B30: <<10200,10300,10400,10099 | D30: Chinaware 瓷器 | E30: =SUM('Front office:Rooms Admin'!E30) -> 7255 | F30: =SUM('Front office:Rooms Admin'!F30) -> 6633 | G30: =SUM('Front office:Rooms Admin'!G30) -> 6920 | H30: =SUM('Front office:Rooms Admin'!H30) -> 6771 | I30: =SUM('Front office:Rooms Admin'!I30) -> 6467 | J30: =SUM('Front office:Rooms Admin'!J30) -> 6793 | K30: =SUM('Front office:Rooms Admin'!K30) -> 7339 | L30: =SUM('Front office:Rooms Admin'!L30) -> 7339 | ... P30: =SUM('Front office:Rooms Admin'!P30) -> 7339 | Q30: =SUM(E30:P30) -> 82507 | R30: =SUM('Front office:Rooms Admin'!R30) -> 11823 | S30: =SUM('Front office:Rooms Admin'!S30) -> 11191 | T30: =SUM('Front office:Rooms Admin'!T30) -> 11205 | U30: =SUM('Front office:Rooms Admin'!U30) -> 0 | V30: =SUM('Front office:Rooms Admin'!V30) -> 0 | W30: =SUM('Front office:Rooms Admin'!W30) -> 0 | X30: =SUM('Front office:Rooms Admin'!X30) -> 0 | Y30: =SUM('Front office:Rooms Admin'!Y30) -> 0 | ... AC30: =SUM('Front office:Rooms Admin'!AC30) -> 0 | AD30: =SUM(R30:AC30) -> 34219 | AE30: =Q30-AD30 -> 48288 | AF30: =AE30/AD30 -> 1.4111459 | AG30: 27597 | AH30: =AG30-Q30 -> -54910
A31: <<60011220 | B31: <<10200,10300,10400,10099 | D31: Cleaning Supplies&Chemicals 清洁用品&化学药剂 | E31: =SUM('Front office:Rooms Admin'!E31) -> 84872 | F31: =SUM('Front office:Rooms Admin'!F31) -> 76658 | G31: =SUM('Front office:Rooms Admin'!G31) -> 82986 | H31: =SUM('Front office:Rooms Admin'!H31) -> 77571 | I31: =SUM('Front office:Rooms Admin'!I31) -> 78082 | J31: =SUM('Front office:Rooms Admin'!J31) -> 74833 | K31: =SUM('Front office:Rooms Admin'!K31) -> 83929 | L31: =SUM('Front office:Rooms Admin'!L31) -> 83929 | ... P31: =SUM('Front office:Rooms Admin'!P31) -> 82043 | Q31: =SUM(E31:P31) -> 949160 | R31: =SUM('Front office:Rooms Admin'!R31) -> 85680.73 | S31: =SUM('Front office:Rooms Admin'!S31) -> 55292.73 | T31: =SUM('Front office:Rooms Admin'!T31) -> 90870.68 | U31: =SUM('Front office:Rooms Admin'!U31) -> 84802.96 | V31: =SUM('Front office:Rooms Admin'!V31) -> 43763.24 | W31: =SUM('Front office:Rooms Admin'!W31) -> 81104.08 | X31: =SUM('Front office:Rooms Admin'!X31) -> 72387.95 | Y31: =SUM('Front office:Rooms Admin'!Y31) -> 88169.51 | ... AC31: =SUM('Front office:Rooms Admin'!AC31) -> 101215 | AD31: =SUM(R31:AC31) -> 977964.88 | AE31: =Q31-AD31 -> -28804.88 | AF31: =AE31/AD31 -> -0.0294539 | AG31: 911171.85 | AH31: =AG31-Q31 -> -37988.15
A32: <<60011250 | B32: <<10200,10300,10400,10099 | D32: Linen 布巾 | E32: =SUM('Front office:Rooms Admin'!E32) -> 21124 | F32: =SUM('Front office:Rooms Admin'!F32) -> 19931 | G32: =SUM('Front office:Rooms Admin'!G32) -> 20654 | H32: =SUM('Front office:Rooms Admin'!H32) -> 94760 | I32: =SUM('Front office:Rooms Admin'!I32) -> 19434 | J32: =SUM('Front office:Rooms Admin'!J32) -> 18625 | K32: =SUM('Front office:Rooms Admin'!K32) -> 20889 | L32: =SUM('Front office:Rooms Admin'!L32) -> 21821 | ... P32: =SUM('Front office:Rooms Admin'!P32) -> 22243 | Q32: =SUM(E32:P32) -> 507885 | R32: =SUM('Front office:Rooms Admin'!R32) -> 22198 | S32: =SUM('Front office:Rooms Admin'!S32) -> 22198 | T32: =SUM('Front office:Rooms Admin'!T32) -> 22198 | U32: =SUM('Front office:Rooms Admin'!U32) -> 0 | V32: =SUM('Front office:Rooms Admin'!V32) -> 0 | W32: =SUM('Front office:Rooms Admin'!W32) -> 0 | X32: =SUM('Front office:Rooms Admin'!X32) -> 0 | Y32: =SUM('Front office:Rooms Admin'!Y32) -> 100000 | ... AC32: =SUM('Front office:Rooms Admin'!AC32) -> 0 | AD32: =SUM(R32:AC32) -> 166594 | AE32: =Q32-AD32 -> 341291 | AF32: =AE32/AD32 -> 2.0486392 | AG32: 630173 | AH32: =AG32-Q32 -> 122288
A33: <<60011270 | B33: <<10200,10300,10400,10099 | D33: Other Operating Supplies 其他运营用品 | E33: =SUM('Front office:Rooms Admin'!E33) -> 46448 | F33: =SUM('Front office:Rooms Admin'!F33) -> 28583 | G33: =SUM('Front office:Rooms Admin'!G33) -> 29300 | H33: =SUM('Front office:Rooms Admin'!H33) -> 32928 | I33: =SUM('Front office:Rooms Admin'!I33) -> 62304 | J33: =SUM('Front office:Rooms Admin'!J33) -> 62849 | K33: =SUM('Front office:Rooms Admin'!K33) -> 30248 | L33: =SUM('Front office:Rooms Admin'!L33) -> 39848 | ... P33: =SUM('Front office:Rooms Admin'!P33) -> 30248 | Q33: =SUM(E33:P33) -> 564242 | R33: =SUM('Front office:Rooms Admin'!R33) -> 49427.37 | S33: =SUM('Front office:Rooms Admin'!S33) -> 9568.77 | T33: =SUM('Front office:Rooms Admin'!T33) -> 14190.12 | U33: =SUM('Front office:Rooms Admin'!U33) -> -6990.1 | V33: =SUM('Front office:Rooms Admin'!V33) -> 147140.71 | W33: =SUM('Front office:Rooms Admin'!W33) -> 22607.36 | X33: =SUM('Front office:Rooms Admin'!X33) -> 6988.73 | Y33: =SUM('Front office:Rooms Admin'!Y33) -> 41413.06 | ... AC33: =SUM('Front office:Rooms Admin'!AC33) -> 48894 | AD33: =SUM(R33:AC33) -> 444915.02 | AE33: =Q33-AD33 -> 119326.98 | AF33: =AE33/AD33 -> 0.26820173 | AG33: 960304.2 | AH33: =AG33-Q33 -> 396062.2
A34: <<60011310 | B34: <<10200,10300,10400,10099 | D34: Uniforms 制服 | E34: =SUM('Front office:Rooms Admin'!E34) -> 4279 | F34: =SUM('Front office:Rooms Admin'!F34) -> 4279 | G34: =SUM('Front office:Rooms Admin'!G34) -> 4279 | H34: =SUM('Front office:Rooms Admin'!H34) -> 4279 | I34: =SUM('Front office:Rooms Admin'!I34) -> 4279 | J34: =SUM('Front office:Rooms Admin'!J34) -> 4279 | K34: =SUM('Front office:Rooms Admin'!K34) -> 4279 | L34: =SUM('Front office:Rooms Admin'!L34) -> 4279 | ... P34: =SUM('Front office:Rooms Admin'!P34) -> 4279 | Q34: =SUM(E34:P34) -> 51348 | R34: =SUM('Front office:Rooms Admin'!R34) -> 7605 | S34: =SUM('Front office:Rooms Admin'!S34) -> 7605 | T34: =SUM('Front office:Rooms Admin'!T34) -> 7441.4 | U34: =SUM('Front office:Rooms Admin'!U34) -> -48.6 | V34: =SUM('Front office:Rooms Admin'!V34) -> 0 | W34: =SUM('Front office:Rooms Admin'!W34) -> -109.2 | X34: =SUM('Front office:Rooms Admin'!X34) -> 0 | Y34: =SUM('Front office:Rooms Admin'!Y34) -> -87.88 | ... AC34: =SUM('Front office:Rooms Admin'!AC34) -> 0 | AD34: =SUM(R34:AC34) -> 22405.72 | AE34: =Q34-AD34 -> 28942.28 | AF34: =AE34/AD34 -> 1.2917362 | AG34: 254512.88 | AH34: =AG34-Q34 -> 203164.88
A35: <<60011450 | B35: <<10200,10300,10400,10099 | D35: Taskforce Expenses 外援费用 | E35: =SUM('Front office:Rooms Admin'!E35) -> 0 | F35: =SUM('Front office:Rooms Admin'!F35) -> 0 | G35: =SUM('Front office:Rooms Admin'!G35) -> 0 | H35: =SUM('Front office:Rooms Admin'!H35) -> 0 | I35: =SUM('Front office:Rooms Admin'!I35) -> 0 | J35: =SUM('Front office:Rooms Admin'!J35) -> 0 | K35: =SUM('Front office:Rooms Admin'!K35) -> 0 | L35: =SUM('Front office:Rooms Admin'!L35) -> 0 | ... P35: =SUM('Front office:Rooms Admin'!P35) -> 0 | Q35: =SUM(E35:P35) -> 0 | R35: =SUM('Front office:Rooms Admin'!R35) -> 0 | S35: =SUM('Front office:Rooms Admin'!S35) -> 0 | T35: =SUM('Front office:Rooms Admin'!T35) -> 0 | U35: =SUM('Front office:Rooms Admin'!U35) -> 0 | V35: =SUM('Front office:Rooms Admin'!V35) -> 0 | W35: =SUM('Front office:Rooms Admin'!W35) -> 0 | X35: =SUM('Front office:Rooms Admin'!X35) -> 0 | Y35: =SUM('Front office:Rooms Admin'!Y35) -> 0 | ... AC35: =SUM('Front office:Rooms Admin'!AC35) -> 0 | AD35: =SUM(R35:AC35) -> 0 | AE35: =Q35-AD35 -> 0 | AF35: =AE35/AD35 -> #DIV/0! | AG35: -20238.4 | AH35: =AG35-Q35 -> -20238.4
A36: <<60011460 | B36: <<10200,10300,10400,10099 | D36: Plant Hire 植物租摆 | E36: =SUM('Front office:Rooms Admin'!E36) -> 65721 | F36: =SUM('Front office:Rooms Admin'!F36) -> 46739 | G36: =SUM('Front office:Rooms Admin'!G36) -> 39441 | H36: =SUM('Front office:Rooms Admin'!H36) -> 38238 | I36: =SUM('Front office:Rooms Admin'!I36) -> 38352 | J36: =SUM('Front office:Rooms Admin'!J36) -> 37630 | K36: =SUM('Front office:Rooms Admin'!K36) -> 37651 | L36: =SUM('Front office:Rooms Admin'!L36) -> 37651 | ... P36: =SUM('Front office:Rooms Admin'!P36) -> 39232 | Q36: =SUM(E36:P36) -> 489208 | R36: =SUM('Front office:Rooms Admin'!R36) -> 58401.37 | S36: =SUM('Front office:Rooms Admin'!S36) -> 79945.87 | T36: =SUM('Front office:Rooms Admin'!T36) -> 50302.47 | U36: =SUM('Front office:Rooms Admin'!U36) -> 36421.89 | V36: =SUM('Front office:Rooms Admin'!V36) -> 33269.37 | W36: =SUM('Front office:Rooms Admin'!W36) -> 32507.74 | X36: =SUM('Front office:Rooms Admin'!X36) -> 27460.78 | Y36: =SUM('Front office:Rooms Admin'!Y36) -> 34443.41 | ... AC36: =SUM('Front office:Rooms Admin'!AC36) -> 36497 | AD36: =SUM(R36:AC36) -> 491401.9 | AE36: =Q36-AD36 -> -2193.9 | AF36: =AE36/AD36 -> -0.0044645737 | AG36: 171641.94 | AH36: =AG36-Q36 -> -317566.06
A37: <<60012020 | B37: <<10200,10300,10400,10099 | D37: Postage 邮费 | E37: =SUM('Front office:Rooms Admin'!E37) -> 1500 | F37: =SUM('Front office:Rooms Admin'!F37) -> 1500 | G37: =SUM('Front office:Rooms Admin'!G37) -> 1500 | H37: =SUM('Front office:Rooms Admin'!H37) -> 1000 | I37: =SUM('Front office:Rooms Admin'!I37) -> 1000 | J37: =SUM('Front office:Rooms Admin'!J37) -> 1000 | K37: =SUM('Front office:Rooms Admin'!K37) -> 1500 | L37: =SUM('Front office:Rooms Admin'!L37) -> 1500 | ... P37: =SUM('Front office:Rooms Admin'!P37) -> 1500 | Q37: =SUM(E37:P37) -> 16000 | R37: =SUM('Front office:Rooms Admin'!R37) -> 493.39 | S37: =SUM('Front office:Rooms Admin'!S37) -> 2500 | T37: =SUM('Front office:Rooms Admin'!T37) -> 1135.85 | U37: =SUM('Front office:Rooms Admin'!U37) -> -2148.12 | V37: =SUM('Front office:Rooms Admin'!V37) -> 2500 | W37: =SUM('Front office:Rooms Admin'!W37) -> -563.01 | X37: =SUM('Front office:Rooms Admin'!X37) -> -91.51 | Y37: =SUM('Front office:Rooms Admin'!Y37) -> 6000 | ... AC37: =SUM('Front office:Rooms Admin'!AC37) -> 1000 | AD37: =SUM(R37:AC37) -> 13326.6 | AE37: =Q37-AD37 -> 2673.4 | AF37: =AE37/AD37 -> 0.20060631 | AG37: 11087.27 | AH37: =AG37-Q37 -> -4912.73
A38: <<60012030 | B38: <<10200,10300,10400,10099 | D38: Printing & Stationery 印刷与文具 | E38: =SUM('Front office:Rooms Admin'!E38) -> 9430 | F38: =SUM('Front office:Rooms Admin'!F38) -> 8517 | G38: =SUM('Front office:Rooms Admin'!G38) -> 9220 | H38: =SUM('Front office:Rooms Admin'!H38) -> 8619 | I38: =SUM('Front office:Rooms Admin'!I38) -> 8676 | J38: =SUM('Front office:Rooms Admin'!J38) -> 8314 | K38: =SUM('Front office:Rooms Admin'!K38) -> 9325 | L38: =SUM('Front office:Rooms Admin'!L38) -> 9325 | ... P38: =SUM('Front office:Rooms Admin'!P38) -> 9116 | Q38: =SUM(E38:P38) -> 105460 | R38: =SUM('Front office:Rooms Admin'!R38) -> 10179.05 | S38: =SUM('Front office:Rooms Admin'!S38) -> 9406.1 | T38: =SUM('Front office:Rooms Admin'!T38) -> 9154.71 | U38: =SUM('Front office:Rooms Admin'!U38) -> 6331.17 | V38: =SUM('Front office:Rooms Admin'!V38) -> 9615.92 | W38: =SUM('Front office:Rooms Admin'!W38) -> 7897.7 | X38: =SUM('Front office:Rooms Admin'!X38) -> 9174.47 | Y38: =SUM('Front office:Rooms Admin'!Y38) -> 7998.58 | ... AC38: =SUM('Front office:Rooms Admin'!AC38) -> 9304 | AD38: =SUM(R38:AC38) -> 104536.7 | AE38: =Q38-AD38 -> 923.3 | AF38: =AE38/AD38 -> 0.0088323048 | AG38: 128283.97 | AH38: =AG38-Q38 -> 22823.97
A39: <<60012040 | B39: <<10200,10300,10400,10099 | D39: Internal Laundry 内部洗衣 | E39: =SUM('Front office:Rooms Admin'!E39) -> 210854.04 | F39: =SUM('Front office:Rooms Admin'!F39) -> 192212.08 | G39: =SUM('Front office:Rooms Admin'!G39) -> 194431.58 | H39: =SUM('Front office:Rooms Admin'!H39) -> 199773.53 | I39: =SUM('Front office:Rooms Admin'!I39) -> 205400.99 | J39: =SUM('Front office:Rooms Admin'!J39) -> 196257.25 | K39: =SUM('Front office:Rooms Admin'!K39) -> 209277.92 | L39: =SUM('Front office:Rooms Admin'!L39) -> 208270.53 | ... P39: =SUM('Front office:Rooms Admin'!P39) -> 201059.53 | Q39: =SUM(E39:P39) -> 2449360.6 | R39: =SUM('Front office:Rooms Admin'!R39) -> 259523.4 | S39: =SUM('Front office:Rooms Admin'!S39) -> 293650.51 | T39: =SUM('Front office:Rooms Admin'!T39) -> 204074.43 | U39: =SUM('Front office:Rooms Admin'!U39) -> 191280.36 | V39: =SUM('Front office:Rooms Admin'!V39) -> 72517.04 | W39: =SUM('Front office:Rooms Admin'!W39) -> 216386.44 | X39: =SUM('Front office:Rooms Admin'!X39) -> 196773.3 | Y39: =SUM('Front office:Rooms Admin'!Y39) -> 158589.96 | ... AC39: =SUM('Front office:Rooms Admin'!AC39) -> 205443 | AD39: =SUM(R39:AC39) -> 2452061.4 | AE39: =Q39-AD39 -> -2700.87 | AF39: =AE39/AD39 -> -0.0011014691 | AG39: 2210661.6 | AH39: =AG39-Q39 -> -238698.98
A40: <<60012060 | B40: <<10200,10300,10400,10099 | D40: Telephone 电话费 | E40: =SUM('Front office:Rooms Admin'!E40) -> 20428 | F40: =SUM('Front office:Rooms Admin'!F40) -> 18512 | G40: =SUM('Front office:Rooms Admin'!G40) -> 19988 | H40: =SUM('Front office:Rooms Admin'!H40) -> 18725 | I40: =SUM('Front office:Rooms Admin'!I40) -> 18844 | J40: =SUM('Front office:Rooms Admin'!J40) -> 18086 | K40: =SUM('Front office:Rooms Admin'!K40) -> 20208 | L40: =SUM('Front office:Rooms Admin'!L40) -> 20208 | ... P40: =SUM('Front office:Rooms Admin'!P40) -> 19768 | Q40: =SUM(E40:P40) -> 228968 | R40: =SUM('Front office:Rooms Admin'!R40) -> 20004.43 | S40: =SUM('Front office:Rooms Admin'!S40) -> 19150.79 | T40: =SUM('Front office:Rooms Admin'!T40) -> 20436.06 | U40: =SUM('Front office:Rooms Admin'!U40) -> 22483.63 | V40: =SUM('Front office:Rooms Admin'!V40) -> 22943.05 | W40: =SUM('Front office:Rooms Admin'!W40) -> 22743.46 | X40: =SUM('Front office:Rooms Admin'!X40) -> 22374.23 | Y40: =SUM('Front office:Rooms Admin'!Y40) -> 18560.52 | ... AC40: =SUM('Front office:Rooms Admin'!AC40) -> 22893.13 | AD40: =SUM(R40:AC40) -> 260268.69 | AE40: =Q40-AD40 -> -31300.69 | AF40: =AE40/AD40 -> -0.12026299 | AG40: 749788.71 | AH40: =AG40-Q40 -> 520820.71
... A43: <<60011490 | B43: <<10200,10300,10400,10099 | D43: Miscellaneous Expenses 杂项 | E43: =SUM('Front office:Rooms Admin'!E43) -> 4272 | F43: =SUM('Front office:Rooms Admin'!F43) -> 3907 | G43: =SUM('Front office:Rooms Admin'!G43) -> 4188 | H43: =SUM('Front office:Rooms Admin'!H43) -> 3948 | I43: =SUM('Front office:Rooms Admin'!I43) -> 3970 | J43: =SUM('Front office:Rooms Admin'!J43) -> 3826 | K43: =SUM('Front office:Rooms Admin'!K43) -> 4230 | L43: =SUM('Front office:Rooms Admin'!L43) -> 4230 | ... P43: =SUM('Front office:Rooms Admin'!P43) -> 4146 | Q43: =SUM(E43:P43) -> 48184 | R43: =SUM('Front office:Rooms Admin'!R43) -> 26545.82 | S43: =SUM('Front office:Rooms Admin'!S43) -> 61598.36 | T43: =SUM('Front office:Rooms Admin'!T43) -> 43240.76 | U43: =SUM('Front office:Rooms Admin'!U43) -> 18285.37 | V43: =SUM('Front office:Rooms Admin'!V43) -> -38358.91 | W43: =SUM('Front office:Rooms Admin'!W43) -> 39762.39 | X43: =SUM('Front office:Rooms Admin'!X43) -> 32753.97 | Y43: =SUM('Front office:Rooms Admin'!Y43) -> 39826.13 | ... AC43: =SUM('Front office:Rooms Admin'!AC43) -> 26381 | AD43: =SUM(R43:AC43) -> 327802.89 | AE43: =Q43-AD43 -> -279618.89 | AF43: =AE43/AD43 -> -0.85300923 | AG43: -12875.97 | AH43: =AG43-Q43 -> -61059.97
D44: Total Operating Expenses 营运费用合计 | E44: =SUM(E20:E43) -> 4596937.5 | F44: =SUM(F20:F43) -> 4331415.2 | G44: =SUM(G20:G43) -> 3426552.9 | H44: =SUM(H20:H43) -> 3348850.2 | I44: =SUM(I20:I43) -> 3293002.7 | J44: =SUM(J20:J43) -> 3084299.6 | K44: =SUM(K20:K43) -> 3748489.3 | L44: =SUM(L20:L43) -> 3968683.2 | ... AD44: =SUM(AD20:AD43) -> 51418057 | AE44: =Q44-AD44 -> -8508244.2 | AF44: =AE44/AD44 -> -0.16547191 | AG44: 30126894 | AH44: =AG44-Q44 -> -12782919
D45: Department Profit/(Loss) 部门利润（亏损） | E45: =E15-E17-E44 -> 23735843 | F45: =F15-F17-F44 -> 29017002 | G45: =G15-G17-G44 -> 15945588 | H45: =H15-H17-H44 -> 14343307 | I45: =I15-I17-I44 -> 13089872 | J45: =J15-J17-J44 -> 11531424 | K45: =K15-K17-K44 -> 18426353 | L45: =L15-L17-L44 -> 21846089 | ... AD45: =AD15-AD17-AD44 -> 2.0679088e+08 | AE45: =Q45-AD45 -> -9751878.4 | AF45: =AE45/AD45 -> -0.047158165 | AG45: 1.9845718e+08 | AH45: =Q45-AG45 -> -1418177.7
D46: Department Profit/(Loss)% 部门利润（亏损）率% | E46: =E45/E15 -> 0.80617422 | F46: =F45/F15 -> 0.84500489 | G46: =G45/G15 -> 0.78359733 | H46: =H45/H15 -> 0.76680613 | I46: =I45/I15 -> 0.75112551 | J46: =J45/J15 -> 0.73910572 | K46: =K45/K15 -> 0.7949441 | L46: =L45/L15 -> 0.81418875 | ... AD46: =AD45/AD15 -> 0.76191211 | AF46: =AE46/AD46 -> 0 | AG46: 0.81267789 | AH46: =Q46-AG46 -> -0.031608904
A48: <<90010201 | B48: <<10100 | D48: Total Rooms 总房间数 | E48: =676*31 -> 20956 | F48: =676*28 -> 18928 | G48: =676*31 -> 20956 | H48: =676*30 -> 20280 | I48: =676*31 -> 20956 | J48: =676*30 -> 20280 | K48: =676*31 -> 20956 | L48: =676*31 -> 20956 | M48: =676*30 -> 20280 | N48: =676*31 -> 20956 | O48: =676*30 -> 20280 | P48: =676*31 -> 20956 | Q48: =SUM(E48:P48) -> 246740 | R48: 20956 | S48: 19604 | T48: 20956 | U48: 20280 | V48: 20956 | W48: 20280 | X48: 20956 | Y48: 20956 | Z48: 20280 | AA48: 20956 | AB48: 20280 | AC48: 20956 | AD48: =SUM(R48:AC48) -> 247416 | AE48: =Q48-AD48 -> -676 | AF48: =AE48/AD48 -> -0.0027322404 | AG48: 246740 | AH48: =Q48-AG48 -> 0
A49: <<90010203 | B49: <<10100 | D49: Available Rooms 可用房数 | E49: =E48-E50 -> 20956 | F49: =F48-F50 -> 18928 | G49: =G48-G50 -> 20956 | H49: =H48-H50 -> 20280 | I49: =I48-I50 -> 20956 | J49: =J48-J50 -> 20280 | K49: =K48-K50 -> 20956 | L49: =L48-L50 -> 20956 | ... P49: =P48-P50 -> 20956 | Q49: =SUM(E49:P49) -> 246740 | R49: =R48-R50 -> 20506 | S49: =S48-S50 -> 19234 | T49: =T48-T50 -> 20483 | U49: =U48-U50 -> 19409 | V49: =V48-V50 -> 19227 | W49: =W48-W50 -> 18847 | X49: 20556 | Y49: 20436 | Z49: 19680 | AA49: 20356 | AB49: 19680 | AC49: 20356 | AD49: =SUM(R49:AC49) -> 238770 | AE49: =Q49-AD49 -> 7970 | AF49: =AE49/AD49 -> 0.033379403 | AG49: 240478 | AH49: =Q49-AG49 -> 6262
A50: <<90010208 | B50: <<10100 | D50: Out of Order Rooms 大修房数 | Q50: =SUM(E50:P50) -> 0 | R50: 450 | S50: 370 | T50: 473 | U50: 871 | V50: 1729 | W50: 1433 | X50: 400 | Y50: 520 | Z50: 600 | AA50: 600 | AB50: 600 | AC50: 600 | AD50: =SUM(R50:AC50) -> 8646 | AE50: =Q50-AD50 -> -8646 | AF50: =AE50/AD50 -> -1 | AG50: 6262 | AH50: =Q50-AG50 -> -6262
A51: <<90010209 | B51: <<10100 | D51: Out of Service Rooms 小维修房数 | Q51: =SUM(E51:P51) -> 0 | R51: 12 | S51: 7 | T51: 6 | U51: 10 | V51: 24 | W51: 8 | X51: 9 | Y51: 14 | Z51: 5 | AA51: 5 | AB51: 5 | AC51: 5 | AD51: =SUM(R51:AC51) -> 110 | AE51: =Q51-AD51 -> -110 | AF51: =AE51/AD51 -> -1 | AG51: 1751 | AH51: =Q51-AG51 -> -1751
A52: <<90010205 | B52: <<10100 | D52: Room Sold 付费房数 | E52: =+E136+E140+E144 -> 18860 | F52: =+F136+F140+F144 -> 17035 | G52: =+G136+G140+G144 -> 17813 | H52: =+H136+H140+H144 -> 17005 | I52: =+I136+I140+I144 -> 17603 | J52: =+J136+J140+J144 -> 16867 | K52: =+K136+K140+K144 -> 18860 | L52: =+L136+L140+L144 -> 18860 | ... P52: =+P136+P140+P144 -> 18441 | Q52: =SUM(E52:P52) -> 212199 | R52: 19715 | S52: 18855 | T52: 19772 | U52: 18249 | V52: 17477 | W52: 17897 | X52: 19826 | Y52: 19726 | Z52: 16224 | AA52: 16765 | AB52: 16832 | AC52: 17813 | AD52: =SUM(R52:AC52) -> 219151 | AE52: =Q52-AD52 -> -6952 | AF52: =AE52/AD52 -> -0.03172242 | AG52: 213673 | AH52: =Q52-AG52 -> -1474
A53: <<90010206 | B53: <<10100 | D53: Complimentary Rooms 免费房数 | E53: 62 | F53: 62 | G53: 62 | H53: 62 | I53: 62 | J53: 62 | K53: 62 | L53: 62 | M53: 62 | N53: 62 | O53: 62 | P53: 62 | Q53: =SUM(E53:P53) -> 744 | R53: 96 | S53: 29 | T53: 74 | U53: 49 | V53: 53 | W53: 61 | X53: 73 | Y53: 93 | Z53: 200 | AA53: 150 | AB53: 200 | AC53: 150 | AD53: =SUM(R53:AC53) -> 1228 | AE53: =Q53-AD53 -> -484 | AF53: =AE53/AD53 -> -0.39413681 | AG53: 1723 | AH53: =Q53-AG53 -> -979
A54: <<90010207 | B54: <<10100 | D54: House Use Rooms 自用房数 | E54: 54 | F54: 54 | G54: 54 | H54: 54 | I54: 54 | J54: 54 | K54: 54 | L54: 54 | M54: 54 | N54: 54 | O54: 54 | P54: 54 | Q54: =SUM(E54:P54) -> 648 | R54: 59 | S54: 43 | T54: 57 | U54: 65 | V54: 63 | W54: 57 | X54: 40 | Y54: 44 | Z54: 60 | AA54: 60 | AB54: 60 | AC54: 60 | AD54: =SUM(R54:AC54) -> 668 | AE54: =Q54-AD54 -> -20 | AF54: =AE54/AD54 -> -0.02994012 | AG54: 711 | AH54: =Q54-AG54 -> -63
D55: Total Occupied Rooms 占用房间合计 | E55: =SUM(E52:E54) -> 18976 | F55: =SUM(F52:F54) -> 17151 | G55: =SUM(G52:G54) -> 17929 | H55: =SUM(H52:H54) -> 17121 | I55: =SUM(I52:I54) -> 17719 | J55: =SUM(J52:J54) -> 16983 | K55: =SUM(K52:K54) -> 18976 | L55: =SUM(L52:L54) -> 18976 | ... AD55: =SUM(AD52:AD54) -> 221047 | AE55: =Q55-AD55 -> -7456 | AF55: =AE55/AD55 -> -0.033730383 | AG55: 216107 | AH55: =Q55-AG55 -> -2516
D56: Total Occupancy % 出租率合计 | E56: =E55/E48 -> 0.90551632 | F56: =F55/F48 -> 0.90611792 | G56: =G55/G48 -> 0.8555545 | H56: =H55/H48 -> 0.84423077 | I56: =I55/I48 -> 0.8455335 | J56: =J55/J48 -> 0.83742604 | K56: =K55/K48 -> 0.90551632 | L56: =L55/L48 -> 0.90551632 | ... AD56: =AD55/AD48 -> 0.89342241 | AE56: =Q56-AD56 -> -0.027770311 | AF56: =AE56/AD56 -> -0.031083069 | AG56: 0.87584907 | AH56: =Q56-AG56 -> -0.010196968
D57: Paid Occupancy % 付费房出租率 | E57: =E52/E48 -> 0.89998091 | F57: =F52/F48 -> 0.89998943 | G57: =G52/G48 -> 0.85001909 | H57: =H52/H48 -> 0.83851085 | I57: =I52/I48 -> 0.83999809 | J57: =J52/J48 -> 0.83170611 | K57: =K52/K48 -> 0.89998091 | L57: =L52/L48 -> 0.89998091 | ... AD57: =AD52/AD48 -> 0.88575921 | AE57: =Q57-AD57 -> -0.02574867 | AF57: =AE57/AD57 -> -0.029069604 | AG57: 0.86598444 | AH57: =Q57-AG57 -> -0.0059738997
D58: Average Rate 平均房费 | E58: =E15/E52 -> 1561.112 | F58: =F15/F52 -> 2015.8173 | G58: =G15/G52 -> 1142.3798 | H58: =H15/H52 -> 1099.9858 | I58: =I15/I52 -> 990.00227 | J58: =J15/J52 -> 924.99318 | K58: =K15/K52 -> 1229.0261 | L58: =L15/L52 -> 1422.679 | ... AD58: =AD15/AD52 -> 1238.463 | AE58: =Q58-AD58 -> -49.63382 | AF58: =AE58/AD58 -> -0.040076949 | AG58: 1142.875 | AH58: =Q58-AG58 -> 45.954249
D59: RevPAR 每间房平均房费 | E59: =E15/E48 -> 1404.971 | F59: =F15/F48 -> 1814.2143 | G59: =G15/G48 -> 971.04467 | H59: =H15/H48 -> 922.35 | I59: =I15/I48 -> 831.60002 | J59: =J15/J48 -> 769.32249 | K59: =K15/K48 -> 1106.1 | L59: =L15/L48 -> 1280.3839 | ... AD59: =AD15/AD48 -> 1096.98 | AE59: =Q59-AD59 -> -74.574384 | AF59: =AE59/AD59 -> -0.067981532 | AG59: 989.71194 | AH59: =Q59-AG59 -> 32.693718
D60: Cost per Occupied Room 每个占用房间成本 | E60: =(E44+E17)/E55 -> 300.73406 | F60: =(F44+F17)/F55 -> 310.32864 | G60: =(G44+G17)/G55 -> 245.61458 | H60: =(H44+H17)/H55 -> 254.77201 | I60: =(I44+I17)/I55 -> 244.77331 | J60: =(J44+J17)/J55 -> 239.67709 | K60: =(K44+K17)/K55 -> 250.47846 | L60: =(L44+L17)/L55 -> 262.73379 | ... AD60: =(AD44+AD17)/AD55 -> 292.33391 | AE60: =Q60-AD60 -> -33.758548 | AF60: =AE60/AD60 -> -0.11547941 | AG60: 211.67452 | AH60: =AG60-Q60 -> -46.900846
AH61: =AG61-Q61 -> 0
D62: LABOUR COST ANALYSIS 人工成本费用 | AH62: =AG62-Q62 -> 0
D63: Salary & Wages 工资 | AH63: =AG63-Q63 -> 0
A64: <<50010300,50010400 | B64: <<10099,10200,10300,10400 | D64: Managers 经理 | E64: =SUM('Front office:Rooms Admin'!E64) -> 216778.92 | F64: =SUM('Front office:Rooms Admin'!F64) -> 216778.92 | G64: =SUM('Front office:Rooms Admin'!G64) -> 220594.65 | H64: =SUM('Front office:Rooms Admin'!H64) -> 220594.65 | I64: =SUM('Front office:Rooms Admin'!I64) -> 220594.65 | J64: =SUM('Front office:Rooms Admin'!J64) -> 220594.65 | K64: =SUM('Front office:Rooms Admin'!K64) -> 220594.65 | L64: =SUM('Front office:Rooms Admin'!L64) -> 227966.97 | ... P64: =SUM('Front office:Rooms Admin'!P64) -> 236282.97 | Q64: =SUM(E64:P64) -> 2709629.9 | R64: =SUM('Front office:Rooms Admin'!R64) -> 204692.44 | S64: =SUM('Front office:Rooms Admin'!S64) -> 205926.64 | T64: =SUM('Front office:Rooms Admin'!T64) -> 206776 | U64: =SUM('Front office:Rooms Admin'!U64) -> 205269.47 | V64: =SUM('Front office:Rooms Admin'!V64) -> 196297.9 | W64: =SUM('Front office:Rooms Admin'!W64) -> 179082.57 | X64: =SUM('Front office:Rooms Admin'!X64) -> 177921.17 | Y64: =SUM('Front office:Rooms Admin'!Y64) -> 184026.25 | ... AC64: =SUM('Front office:Rooms Admin'!AC64) -> 220990 | AD64: =SUM(R64:AC64) -> 2443952.4 | AE64: =Q64-AD64 -> 265677.5 | AF64: =AE64/AD64 -> 0.10870813 | AG64: 2081497.9 | AH64: =AG64-Q64 -> -628132.03
A65: <<50010100..50010200,50010500..50010700,50012500..50012600 | B65: <<10099,10200 | D65: Front Office 前厅 | E65: =SUM('Front office:Rooms Admin'!E65) -> 57466 | F65: =SUM('Front office:Rooms Admin'!F65) -> 57466 | G65: =SUM('Front office:Rooms Admin'!G65) -> 57466 | H65: =SUM('Front office:Rooms Admin'!H65) -> 57466 | I65: =SUM('Front office:Rooms Admin'!I65) -> 57466 | J65: =SUM('Front office:Rooms Admin'!J65) -> 57466 | K65: =SUM('Front office:Rooms Admin'!K65) -> 57466 | L65: =SUM('Front office:Rooms Admin'!L65) -> 57466 | ... P65: =SUM('Front office:Rooms Admin'!P65) -> 57466 | Q65: =SUM(E65:P65) -> 689592 | R65: =SUM('Front office:Rooms Admin'!R65) -> 80094.25 | S65: =SUM('Front office:Rooms Admin'!S65) -> 78603.81 | T65: =SUM('Front office:Rooms Admin'!T65) -> 77075.86 | U65: =SUM('Front office:Rooms Admin'!U65) -> 77623.47 | V65: =SUM('Front office:Rooms Admin'!V65) -> 78064.37 | W65: =SUM('Front office:Rooms Admin'!W65) -> 78974.86 | X65: =SUM('Front office:Rooms Admin'!X65) -> 80158.15 | Y65: =SUM('Front office:Rooms Admin'!Y65) -> 79443.16 | ... AC65: =SUM('Front office:Rooms Admin'!AC65) -> 49595 | AD65: =SUM(R65:AC65) -> 828417.93 | AE65: =Q65-AD65 -> -138825.93 | AF65: =AE65/AD65 -> -0.16757958 | AG65: 1049366.2 | AH65: =AG65-Q65 -> 359774.16
A66: <<50010100..50010200,50010500..50010700,50012500..50012600 | B66: <<10300 | D66: Housekeeping 客房 | E66: =SUM('Front office:Rooms Admin'!E66) -> 82365 | F66: =SUM('Front office:Rooms Admin'!F66) -> 82365 | G66: =SUM('Front office:Rooms Admin'!G66) -> 87281.25 | H66: =SUM('Front office:Rooms Admin'!H66) -> 96258.75 | I66: =SUM('Front office:Rooms Admin'!I66) -> 96258.75 | J66: =SUM('Front office:Rooms Admin'!J66) -> 99450.75 | K66: =SUM('Front office:Rooms Admin'!K66) -> 99450.75 | L66: =SUM('Front office:Rooms Admin'!L66) -> 99450.75 | ... P66: =SUM('Front office:Rooms Admin'!P66) -> 99450.75 | Q66: =SUM(E66:P66) -> 1140684 | R66: =SUM('Front office:Rooms Admin'!R66) -> 98933.21 | S66: =SUM('Front office:Rooms Admin'!S66) -> 109834.46 | T66: =SUM('Front office:Rooms Admin'!T66) -> 104281.94 | U66: =SUM('Front office:Rooms Admin'!U66) -> 88975.24 | V66: =SUM('Front office:Rooms Admin'!V66) -> 97592.99 | W66: =SUM('Front office:Rooms Admin'!W66) -> 91168.88 | X66: =SUM('Front office:Rooms Admin'!X66) -> 89845.42 | Y66: =SUM('Front office:Rooms Admin'!Y66) -> 92116.38 | ... AC66: =SUM('Front office:Rooms Admin'!AC66) -> 120062 | AD66: =SUM(R66:AC66) -> 1222996.5 | AE66: =Q66-AD66 -> -82312.52 | AF66: =AE66/AD66 -> -0.067303969 | AG66: 3068265.1 | AH66: =AG66-Q66 -> 1927581.1
A67: <<50010100..50010200,50010500..50010700,50012500..50012600 | B67: <<10400 | D67: Reservations 预定 | E67: =SUM('Front office:Rooms Admin'!E67) -> 24035 | F67: =SUM('Front office:Rooms Admin'!F67) -> 24035 | G67: =SUM('Front office:Rooms Admin'!G67) -> 25236.75 | H67: =SUM('Front office:Rooms Admin'!H67) -> 25236.75 | I67: =SUM('Front office:Rooms Admin'!I67) -> 25236.75 | J67: =SUM('Front office:Rooms Admin'!J67) -> 25236.75 | K67: =SUM('Front office:Rooms Admin'!K67) -> 25236.75 | L67: =SUM('Front office:Rooms Admin'!L67) -> 25236.75 | ... P67: =SUM('Front office:Rooms Admin'!P67) -> 25236.75 | Q67: =SUM(E67:P67) -> 300437.5 | R67: =SUM('Front office:Rooms Admin'!R67) -> 25300 | S67: =SUM('Front office:Rooms Admin'!S67) -> 25300 | T67: =SUM('Front office:Rooms Admin'!T67) -> 27472.42 | U67: =SUM('Front office:Rooms Admin'!U67) -> 28300 | V67: =SUM('Front office:Rooms Admin'!V67) -> 28300 | W67: =SUM('Front office:Rooms Admin'!W67) -> 25696.55 | X67: =SUM('Front office:Rooms Admin'!X67) -> 27506.9 | Y67: =SUM('Front office:Rooms Admin'!Y67) -> 24403.45 | ... AC67: =SUM('Front office:Rooms Admin'!AC67) -> 21720 | AD67: =SUM(R67:AC67) -> 299159.32 | AE67: =Q67-AD67 -> 1278.18 | AF67: =AE67/AD67 -> 0.0042725729 | AG67: 344883.6 | AH67: =AG67-Q67 -> 44446.1
A68: <<50010100..50010200,50010500..50010700,50012500..50012600 | B68: <<10400 | D68: Rooms Admin房务行政 | E68: =SUM('Front office:Rooms Admin'!E68) -> 2850 | F68: =SUM('Front office:Rooms Admin'!F68) -> 2850 | G68: =SUM('Front office:Rooms Admin'!G68) -> 2992.5 | H68: =SUM('Front office:Rooms Admin'!H68) -> 2992.5 | I68: =SUM('Front office:Rooms Admin'!I68) -> 2992.5 | J68: =SUM('Front office:Rooms Admin'!J68) -> 2992.5 | K68: =SUM('Front office:Rooms Admin'!K68) -> 2992.5 | L68: =SUM('Front office:Rooms Admin'!L68) -> 2992.5 | ... P68: =SUM('Front office:Rooms Admin'!P68) -> 2992.5 | Q68: =SUM(E68:P68) -> 35625 | R68: =SUM('Front office:Rooms Admin'!R68) -> 0 | S68: =SUM('Front office:Rooms Admin'!S68) -> 0 | T68: =SUM('Front office:Rooms Admin'!T68) -> 3800 | U68: =SUM('Front office:Rooms Admin'!U68) -> 3800 | V68: =SUM('Front office:Rooms Admin'!V68) -> 3800 | W68: =SUM('Front office:Rooms Admin'!W68) -> 3800 | X68: =SUM('Front office:Rooms Admin'!X68) -> 3094.54 | Y68: =SUM('Front office:Rooms Admin'!Y68) -> 3800 | ... AC68: =SUM('Front office:Rooms Admin'!AC68) -> 3800 | AD68: =SUM(R68:AC68) -> 37294.54 | AE68: =Q68-AD68 -> -1669.54 | AF68: =AE68/AD68 -> -0.044766338 | AG68: 0 | AH68: =AG68-Q68 -> -35625
D69: Total Remuneration 薪酬小计 | E69: =SUM(E64:E68) -> 383494.92 | F69: =SUM(F64:F68) -> 383494.92 | G69: =SUM(G64:G68) -> 393571.15 | H69: =SUM(H64:H68) -> 402548.65 | I69: =SUM(I64:I68) -> 402548.65 | J69: =SUM(J64:J68) -> 405740.65 | K69: =SUM(K64:K68) -> 405740.65 | L69: =SUM(L64:L68) -> 413112.97 | ... AD69: =SUM(AD64:AD68) -> 4831820.8 | AE69: =Q69-AD69 -> 44147.69 | AF69: =AE69/AD69 -> 0.0091368642 | AG69: 6544012.8 | AH69: =AG69-Q69 -> 1668044.3
AH70: =AG70-Q70 -> 0
A71: <<50012300 | B71: <<10099,10200,10300,10400 | D71: Overtime 加班 | E71: =SUM('Front office:Rooms Admin'!E71) -> 102805.53 | F71: =SUM('Front office:Rooms Admin'!F71) -> 0 | G71: =SUM('Front office:Rooms Admin'!G71) -> 0 | H71: =SUM('Front office:Rooms Admin'!H71) -> 24887.6 | I71: =SUM('Front office:Rooms Admin'!I71) -> 49503.46 | J71: =SUM('Front office:Rooms Admin'!J71) -> 0 | K71: =SUM('Front office:Rooms Admin'!K71) -> 0 | L71: =SUM('Front office:Rooms Admin'!L71) -> 0 | ... P71: =SUM('Front office:Rooms Admin'!P71) -> 0 | Q71: =SUM(E71:P71) -> 280702.41 | R71: =SUM('Front office:Rooms Admin'!R71) -> 28137.96 | S71: =SUM('Front office:Rooms Admin'!S71) -> 70713.77 | T71: =SUM('Front office:Rooms Admin'!T71) -> 0 | U71: =SUM('Front office:Rooms Admin'!U71) -> 23434.47 | V71: =SUM('Front office:Rooms Admin'!V71) -> 26703.45 | W71: =SUM('Front office:Rooms Admin'!W71) -> 24179.31 | X71: =SUM('Front office:Rooms Admin'!X71) -> 0 | Y71: =SUM('Front office:Rooms Admin'!Y71) -> 0 | ... AC71: =SUM('Front office:Rooms Admin'!AC71) -> 0 | AD71: =SUM(R71:AC71) -> 348455.96 | AE71: =Q71-AD71 -> -67753.55 | AF71: =AE71/AD71 -> -0.19443935 | AG71: 439493.15 | AH71: =AG71-Q71 -> 158790.74
A72: <<50012100..50012200 | B72: <<10099,10200,10300,10400 | D72: Local staff Bonus 本地员工-年终奖金 | E72: =SUM('Front office:Rooms Admin'!E72) -> 72444.59 | F72: =SUM('Front office:Rooms Admin'!F72) -> 72577.93 | G72: =SUM('Front office:Rooms Admin'!G72) -> 73877.92 | H72: =SUM('Front office:Rooms Admin'!H72) -> 75377.92 | I72: =SUM('Front office:Rooms Admin'!I72) -> 75377.92 | J72: =SUM('Front office:Rooms Admin'!J72) -> 75911.25 | K72: =SUM('Front office:Rooms Admin'!K72) -> 75911.25 | L72: =SUM('Front office:Rooms Admin'!L72) -> 77027.92 | ... P72: =SUM('Front office:Rooms Admin'!P72) -> 78527.92 | Q72: =SUM(E72:P72) -> 912618.38 | R72: =SUM('Front office:Rooms Admin'!R72) -> 102230.08 | S72: =SUM('Front office:Rooms Admin'!S72) -> 104007.71 | T72: =SUM('Front office:Rooms Admin'!T72) -> 103715.62 | U72: =SUM('Front office:Rooms Admin'!U72) -> 70598.24 | V72: =SUM('Front office:Rooms Admin'!V72) -> 68249.47 | W72: =SUM('Front office:Rooms Admin'!W72) -> 65100.15 | X72: =SUM('Front office:Rooms Admin'!X72) -> 64021.1 | Y72: =SUM('Front office:Rooms Admin'!Y72) -> 67726.32 | ... AC72: =SUM('Front office:Rooms Admin'!AC72) -> 61027.83 | AD72: =SUM(R72:AC72) -> 889760.01 | AE72: =Q72-AD72 -> 22858.37 | AF72: =AE72/AD72 -> 0.025690489 | AG72: 1025043.5 | AH72: =AG72-Q72 -> 112425.14
A73: <<50021270 | B73: <<10099,10200,10300,10400 | D73: Allowance 津贴 | E73: =SUM('Front office:Rooms Admin'!E73) -> 48460 | F73: =SUM('Front office:Rooms Admin'!F73) -> 48220 | G73: =SUM('Front office:Rooms Admin'!G73) -> 48260 | H73: =SUM('Front office:Rooms Admin'!H73) -> 48920 | I73: =SUM('Front office:Rooms Admin'!I73) -> 48920 | J73: =SUM('Front office:Rooms Admin'!J73) -> 49350 | K73: =SUM('Front office:Rooms Admin'!K73) -> 49350 | L73: =SUM('Front office:Rooms Admin'!L73) -> 48520 | ... P73: =SUM('Front office:Rooms Admin'!P73) -> 48520 | Q73: =SUM(E73:P73) -> 584080 | R73: =SUM('Front office:Rooms Admin'!R73) -> 41131.2 | S73: =SUM('Front office:Rooms Admin'!S73) -> 40933.44 | T73: =SUM('Front office:Rooms Admin'!T73) -> 41305.16 | U73: =SUM('Front office:Rooms Admin'!U73) -> 41655.93 | V73: =SUM('Front office:Rooms Admin'!V73) -> 42228 | W73: =SUM('Front office:Rooms Admin'!W73) -> 40853.54 | X73: =SUM('Front office:Rooms Admin'!X73) -> 42056.57 | Y73: =SUM('Front office:Rooms Admin'!Y73) -> 41140.78 | ... AC73: =SUM('Front office:Rooms Admin'!AC73) -> 74077 | AD73: =SUM(R73:AC73) -> 627972.62 | AE73: =Q73-AD73 -> -43892.62 | AF73: =AE73/AD73 -> -0.069895754 | AG73: 390440.92 | AH73: =AG73-Q73 -> -193639.08
A74: <<50012400 | B74: <<10099,10200,10300,10400 | D74: Vacation Pay 假期工资 | E74: =SUM('Front office:Rooms Admin'!E74) -> 0 | F74: =SUM('Front office:Rooms Admin'!F74) -> 0 | G74: =SUM('Front office:Rooms Admin'!G74) -> 0 | H74: =SUM('Front office:Rooms Admin'!H74) -> 0 | I74: =SUM('Front office:Rooms Admin'!I74) -> 0 | J74: =SUM('Front office:Rooms Admin'!J74) -> 0 | K74: =SUM('Front office:Rooms Admin'!K74) -> 0 | L74: =SUM('Front office:Rooms Admin'!L74) -> 0 | ... P74: =SUM('Front office:Rooms Admin'!P74) -> 0 | Q74: =SUM(E74:P74) -> 0 | R74: =SUM('Front office:Rooms Admin'!R74) -> 0 | S74: =SUM('Front office:Rooms Admin'!S74) -> 0 | T74: =SUM('Front office:Rooms Admin'!T74) -> 0 | U74: =SUM('Front office:Rooms Admin'!U74) -> 0 | V74: =SUM('Front office:Rooms Admin'!V74) -> 0 | W74: =SUM('Front office:Rooms Admin'!W74) -> 0 | X74: =SUM('Front office:Rooms Admin'!X74) -> 0 | Y74: =SUM('Front office:Rooms Admin'!Y74) -> 0 | ... AC74: =SUM('Front office:Rooms Admin'!AC74) -> 0 | AD74: =SUM(R74:AC74) -> 0 | AG74: 0 | AH74: =AG74-Q74 -> 0
A75: <<50021280 | B75: <<10099,10200,10300,10400 | D75: Incentive 奖金 | E75: =SUM('Front office:Rooms Admin'!E75) -> 158107.5 | F75: =SUM('Front office:Rooms Admin'!F75) -> 162351.5 | G75: =SUM('Front office:Rooms Admin'!G75) -> 134172.5 | H75: =SUM('Front office:Rooms Admin'!H75) -> 126376.5 | I75: =SUM('Front office:Rooms Admin'!I75) -> 124731.5 | J75: =SUM('Front office:Rooms Admin'!J75) -> 119759.5 | K75: =SUM('Front office:Rooms Admin'!K75) -> 133258.5 | L75: =SUM('Front office:Rooms Admin'!L75) -> 138898.5 | ... P75: =SUM('Front office:Rooms Admin'!P75) -> 130431.5 | Q75: =SUM(E75:P75) -> 1591809 | R75: =SUM('Front office:Rooms Admin'!R75) -> 118674.35 | S75: =SUM('Front office:Rooms Admin'!S75) -> 177436.93 | T75: =SUM('Front office:Rooms Admin'!T75) -> 63961.83 | U75: =SUM('Front office:Rooms Admin'!U75) -> 36927.94 | V75: =SUM('Front office:Rooms Admin'!V75) -> 69903.86 | W75: =SUM('Front office:Rooms Admin'!W75) -> 33107.06 | X75: =SUM('Front office:Rooms Admin'!X75) -> 62327.95 | Y75: =SUM('Front office:Rooms Admin'!Y75) -> 388804.54 | ... AC75: =SUM('Front office:Rooms Admin'!AC75) -> 147714 | AD75: =SUM(R75:AC75) -> 1471037.7 | AE75: =Q75-AD75 -> 120771.34 | AF75: =AE75/AD75 -> 0.082099421 | AG75: 1343050.4 | AH75: =AG75-Q75 -> -248758.59
D76: Total Salary & Wages 工资合计 | E76: =SUM(E71:E75) -> 381817.62 | F76: =SUM(F71:F75) -> 283149.43 | G76: =SUM(G71:G75) -> 256310.42 | H76: =SUM(H71:H75) -> 275562.02 | I76: =SUM(I71:I75) -> 298532.88 | J76: =SUM(J71:J75) -> 245020.75 | K76: =SUM(K71:K75) -> 258519.75 | L76: =SUM(L71:L75) -> 264446.42 | ... AD76: =SUM(AD71:AD75) -> 3337226.2 | AE76: =Q76-AD76 -> 31983.54 | AF76: =AE76/AD76 -> 0.0095838692 | AG76: 3198028 | AH76: =AG76-Q76 -> -171181.79
AH77: =AG77-Q77 -> 0
A78: <<50013100 | B78: <<10099,10200,10300,10400 | D78: PRC - Retirement Insurance 养老保险 | E78: =SUM('Front office:Rooms Admin'!E78) -> 102959.81 | F78: =SUM('Front office:Rooms Admin'!F78) -> 102959.81 | G78: =SUM('Front office:Rooms Admin'!G78) -> 104614.29 | H78: =SUM('Front office:Rooms Admin'!H78) -> 106268.77 | I78: =SUM('Front office:Rooms Admin'!I78) -> 106268.77 | J78: =SUM('Front office:Rooms Admin'!J78) -> 107096.01 | K78: =SUM('Front office:Rooms Admin'!K78) -> 109190.37 | L78: =SUM('Front office:Rooms Admin'!L78) -> 108874.6 | ... P78: =SUM('Front office:Rooms Admin'!P78) -> 109465.34 | Q78: =SUM(E78:P78) -> 1286093.8 | R78: =SUM('Front office:Rooms Admin'!R78) -> 104870.45 | S78: =SUM('Front office:Rooms Admin'!S78) -> 104041.16 | T78: =SUM('Front office:Rooms Admin'!T78) -> 103831.45 | U78: =SUM('Front office:Rooms Admin'!U78) -> 105455.53 | V78: =SUM('Front office:Rooms Admin'!V78) -> 101151.24 | W78: =SUM('Front office:Rooms Admin'!W78) -> 95552.95 | X78: =SUM('Front office:Rooms Admin'!X78) -> 96076.53 | Y78: =SUM('Front office:Rooms Admin'!Y78) -> 92396.75 | ... AC78: =SUM('Front office:Rooms Admin'!AC78) -> 220914.46 | AD78: =SUM(R78:AC78) -> 1660945.5 | AE78: =Q78-AD78 -> -374851.71 | AF78: =AE78/AD78 -> -0.22568574 | AG78: 1101934.5 | AH78: =AG78-Q78 -> -184159.31
A79: <<50013200 | B79: <<10099,10200,10300,10400 | D79: PRC - Basic Medical Insurance 医疗保险 | E79: =SUM('Front office:Rooms Admin'!E79) -> 41736.05 | F79: =SUM('Front office:Rooms Admin'!F79) -> 41736.05 | G79: =SUM('Front office:Rooms Admin'!G79) -> 42401.33 | H79: =SUM('Front office:Rooms Admin'!H79) -> 43066.61 | I79: =SUM('Front office:Rooms Admin'!I79) -> 43066.61 | J79: =SUM('Front office:Rooms Admin'!J79) -> 43399.25 | K79: =SUM('Front office:Rooms Admin'!K79) -> 44115.29 | L79: =SUM('Front office:Rooms Admin'!L79) -> 44849.3 | ... P79: =SUM('Front office:Rooms Admin'!P79) -> 45089.29 | Q79: =SUM(E79:P79) -> 524727.65 | R79: =SUM('Front office:Rooms Admin'!R79) -> 55712.43 | S79: =SUM('Front office:Rooms Admin'!S79) -> 55271.88 | T79: =SUM('Front office:Rooms Admin'!T79) -> 55160.47 | U79: =SUM('Front office:Rooms Admin'!U79) -> 56023.26 | V79: =SUM('Front office:Rooms Admin'!V79) -> 53736.61 | W79: =SUM('Front office:Rooms Admin'!W79) -> 50762.51 | X79: =SUM('Front office:Rooms Admin'!X79) -> 39057.34 | Y79: =SUM('Front office:Rooms Admin'!Y79) -> 37536.21 | ... AC79: =SUM('Front office:Rooms Admin'!AC79) -> 52519 | AD79: =SUM(R79:AC79) -> 613336.71 | AE79: =Q79-AD79 -> -88609.06 | AF79: =AE79/AD79 -> -0.1444705 | AG79: 533540.86 | AH79: =AG79-Q79 -> 8813.21
A80: <<50013300 | B80: <<10099,10200,10300,10400 | D80: PRC - Unemployement fund 失业保险 | E80: =SUM('Front office:Rooms Admin'!E80) -> 3210.5 | F80: =SUM('Front office:Rooms Admin'!F80) -> 3210.5 | G80: =SUM('Front office:Rooms Admin'!G80) -> 3261.68 | H80: =SUM('Front office:Rooms Admin'!H80) -> 3312.86 | I80: =SUM('Front office:Rooms Admin'!I80) -> 3312.86 | J80: =SUM('Front office:Rooms Admin'!J80) -> 3338.45 | K80: =SUM('Front office:Rooms Admin'!K80) -> 3393.62 | L80: =SUM('Front office:Rooms Admin'!L80) -> 3383.75 | ... P80: =SUM('Front office:Rooms Admin'!P80) -> 3402.21 | Q80: =SUM(E80:P80) -> 40033.06 | R80: =SUM('Front office:Rooms Admin'!R80) -> 3277.17 | S80: =SUM('Front office:Rooms Admin'!S80) -> 3251.25 | T80: =SUM('Front office:Rooms Admin'!T80) -> 3244.7 | U80: =SUM('Front office:Rooms Admin'!U80) -> 3295.45 | V80: =SUM('Front office:Rooms Admin'!V80) -> 3160.94 | W80: =SUM('Front office:Rooms Admin'!W80) -> 2986 | X80: =SUM('Front office:Rooms Admin'!X80) -> 3002.36 | Y80: =SUM('Front office:Rooms Admin'!Y80) -> 2887.38 | ... AC80: =SUM('Front office:Rooms Admin'!AC80) -> 3236 | AD80: =SUM(R80:AC80) -> 38049.25 | AE80: =Q80-AD80 -> 1983.81 | AF80: =AE80/AD80 -> 0.052137953 | AG80: 32715.1 | AH80: =AG80-Q80 -> -7317.96
A81: <<50013400 | B81: <<10099,10200,10300,10400 | D81: PRC - Employee Liability (Injury) 工伤保险 | E81: =SUM('Front office:Rooms Admin'!E81) -> 770.52 | F81: =SUM('Front office:Rooms Admin'!F81) -> 770.52 | G81: =SUM('Front office:Rooms Admin'!G81) -> 782.8 | H81: =SUM('Front office:Rooms Admin'!H81) -> 795.08 | I81: =SUM('Front office:Rooms Admin'!I81) -> 795.08 | J81: =SUM('Front office:Rooms Admin'!J81) -> 801.22 | K81: =SUM('Front office:Rooms Admin'!K81) -> 814.61 | L81: =SUM('Front office:Rooms Admin'!L81) -> 812.24 | ... P81: =SUM('Front office:Rooms Admin'!P81) -> 816.67 | Q81: =SUM(E81:P81) -> 9608.75 | R81: =SUM('Front office:Rooms Admin'!R81) -> 786.58 | S81: =SUM('Front office:Rooms Admin'!S81) -> 780.36 | T81: =SUM('Front office:Rooms Admin'!T81) -> 778.79 | U81: =SUM('Front office:Rooms Admin'!U81) -> 790.98 | V81: =SUM('Front office:Rooms Admin'!V81) -> 758.68 | W81: =SUM('Front office:Rooms Admin'!W81) -> 716.7 | X81: =SUM('Front office:Rooms Admin'!X81) -> 720.64 | Y81: =SUM('Front office:Rooms Admin'!Y81) -> 693.05 | ... AC81: =SUM('Front office:Rooms Admin'!AC81) -> 886 | AD81: =SUM(R81:AC81) -> 9569.78 | AE81: =Q81-AD81 -> 38.97 | AF81: =AE81/AD81 -> 0.0040721939 | AG81: 10469.07 | AH81: =AG81-Q81 -> 860.32
A82: <<50013500 | B82: <<10099,10200,10300,10400 | D82: PRC - Birth Insurance 生育保险 | E82: =SUM('Front office:Rooms Admin'!E82) -> 0 | F82: =SUM('Front office:Rooms Admin'!F82) -> 0 | G82: =SUM('Front office:Rooms Admin'!G82) -> 0 | H82: =SUM('Front office:Rooms Admin'!H82) -> 0 | I82: =SUM('Front office:Rooms Admin'!I82) -> 0 | J82: =SUM('Front office:Rooms Admin'!J82) -> 0 | K82: =SUM('Front office:Rooms Admin'!K82) -> 0 | L82: =SUM('Front office:Rooms Admin'!L82) -> 0 | ... P82: =SUM('Front office:Rooms Admin'!P82) -> 0 | Q82: =SUM(E82:P82) -> 0 | R82: =SUM('Front office:Rooms Admin'!R82) -> 0 | S82: =SUM('Front office:Rooms Admin'!S82) -> 0 | T82: =SUM('Front office:Rooms Admin'!T82) -> 0 | U82: =SUM('Front office:Rooms Admin'!U82) -> 0 | V82: =SUM('Front office:Rooms Admin'!V82) -> 0 | W82: =SUM('Front office:Rooms Admin'!W82) -> 0 | X82: =SUM('Front office:Rooms Admin'!X82) -> 0 | Y82: =SUM('Front office:Rooms Admin'!Y82) -> 0 | ... AC82: =SUM('Front office:Rooms Admin'!AC82) -> 0 | AD82: =SUM(R82:AC82) -> 0 | AE82: =Q82-AD82 -> 0 | AF82: =AE82/AD82 -> #DIV/0! | AG82: 22605.87 | AH82: =AG82-Q82 -> 22605.87
A83: <<50013600 | B83: <<10099,10200,10300,10400 | D83: PRC - Housing Fund 住房公积金 | E83: =SUM('Front office:Rooms Admin'!E83) -> 30789.45 | F83: =SUM('Front office:Rooms Admin'!F83) -> 30815.72 | G83: =SUM('Front office:Rooms Admin'!G83) -> 31108.49 | H83: =SUM('Front office:Rooms Admin'!H83) -> 31558.49 | I83: =SUM('Front office:Rooms Admin'!I83) -> 31558.49 | J83: =SUM('Front office:Rooms Admin'!J83) -> 31718.49 | K83: =SUM('Front office:Rooms Admin'!K83) -> 33935.06 | L83: =SUM('Front office:Rooms Admin'!L83) -> 31699.95 | ... P83: =SUM('Front office:Rooms Admin'!P83) -> 32017.61 | Q83: =SUM(E83:P83) -> 383257.96 | R83: =SUM('Front office:Rooms Admin'!R83) -> 32683 | S83: =SUM('Front office:Rooms Admin'!S83) -> 32183 | T83: =SUM('Front office:Rooms Admin'!T83) -> 32333 | U83: =SUM('Front office:Rooms Admin'!U83) -> 32434 | V83: =SUM('Front office:Rooms Admin'!V83) -> 31111 | W83: =SUM('Front office:Rooms Admin'!W83) -> 29337 | X83: =SUM('Front office:Rooms Admin'!X83) -> 29432 | Y83: =SUM('Front office:Rooms Admin'!Y83) -> 28214 | ... AC83: =SUM('Front office:Rooms Admin'!AC83) -> 38058.5 | AD83: =SUM(R83:AC83) -> 394044.9 | AE83: =Q83-AD83 -> -10786.94 | AF83: =AE83/AD83 -> -0.027374901 | AG83: 290742 | AH83: =AG83-Q83 -> -92515.96
A84: <<50013700 | B84: <<10099,10200,10300,10400 | D84: PRC - Union Fee 工会经费 | E84: =SUM('Front office:Rooms Admin'!E84) -> 14503 | F84: =SUM('Front office:Rooms Admin'!F84) -> 12529 | G84: =SUM('Front office:Rooms Admin'!G84) -> 12194 | H84: =SUM('Front office:Rooms Admin'!H84) -> 12758 | I84: =SUM('Front office:Rooms Admin'!I84) -> 13217 | J84: =SUM('Front office:Rooms Admin'!J84) -> 12212 | K84: =SUM('Front office:Rooms Admin'!K84) -> 12482 | L84: =SUM('Front office:Rooms Admin'!L84) -> 12747 | ... P84: =SUM('Front office:Rooms Admin'!P84) -> 12774 | Q84: =SUM(E84:P84) -> 155257 | R84: =SUM('Front office:Rooms Admin'!R84) -> 11288.52 | S84: =SUM('Front office:Rooms Admin'!S84) -> 12801.89 | T84: =SUM('Front office:Rooms Admin'!T84) -> 20123.41 | U84: =SUM('Front office:Rooms Admin'!U84) -> 18057.83 | V84: =SUM('Front office:Rooms Admin'!V84) -> 13211.51 | W84: =SUM('Front office:Rooms Admin'!W84) -> 10478.39 | X84: =SUM('Front office:Rooms Admin'!X84) -> 9631.37 | Y84: =SUM('Front office:Rooms Admin'!Y84) -> 10096.07 | ... AC84: =SUM('Front office:Rooms Admin'!AC84) -> 48972.86 | AD84: =SUM(R84:AC84) -> 301580.43 | AE84: =Q84-AD84 -> -146323.43 | AF84: =AE84/AD84 -> -0.48518874 | AG84: 198979.1 | AH84: =AG84-Q84 -> 43722.1
A85: Z | D85: PRC - Education Fund 教育经费 | E85: 0 | F85: 0 | G85: 0 | H85: 0 | I85: 0 | J85: 0 | K85: 0 | L85: 0 | M85: 0 | N85: 0 | O85: 0 | P85: 0 | Q85: =SUM(E85:P85) -> 0 | R85: =SUM('Front office:Rooms Admin'!R85) -> 0 | S85: =SUM('Front office:Rooms Admin'!S85) -> 0 | T85: =SUM('Front office:Rooms Admin'!T85) -> 0 | U85: =SUM('Front office:Rooms Admin'!U85) -> 0 | V85: =SUM('Front office:Rooms Admin'!V85) -> 0 | W85: =SUM('Front office:Rooms Admin'!W85) -> 0 | X85: =SUM('Front office:Rooms Admin'!X85) -> 0 | Y85: =SUM('Front office:Rooms Admin'!Y85) -> 0 | ... AC85: =SUM('Front office:Rooms Admin'!AC85) -> 0 | AD85: =SUM(R85:AC85) -> 0 | AE85: =Q85-AD85 -> 0 | AF85: =AE85/AD85 -> #DIV/0! | AG85: 0 | AH85: =AG85-Q85 -> 0
D86: Total Social Security 社保合计 | E86: =SUM(E78:E85) -> 193969.33 | F86: =SUM(F78:F85) -> 192021.6 | G86: =SUM(G78:G85) -> 194362.59 | H86: =SUM(H78:H85) -> 197759.81 | I86: =SUM(I78:I85) -> 198218.81 | J86: =SUM(J78:J85) -> 198565.42 | K86: =SUM(K78:K85) -> 203930.95 | L86: =SUM(L78:L85) -> 202366.84 | ... AD86: =SUM(AD78:AD85) -> 3017526.6 | AE86: =Q86-AD86 -> -618548.36 | AF86: =AE86/AD86 -> -0.20498522 | AG86: 2190986.5 | AH86: =AG86-Q86 -> -207991.73
AH87: =AG87-Q87 -> 0
A88: Z | D88: Expats - Insurance 外籍保险 | E88: =SUM('Front office:Rooms Admin'!E88) -> 0 | F88: =SUM('Front office:Rooms Admin'!F88) -> 0 | G88: =SUM('Front office:Rooms Admin'!G88) -> 0 | H88: =SUM('Front office:Rooms Admin'!H88) -> 0 | I88: =SUM('Front office:Rooms Admin'!I88) -> 0 | J88: =SUM('Front office:Rooms Admin'!J88) -> 0 | K88: =SUM('Front office:Rooms Admin'!K88) -> 0 | L88: =SUM('Front office:Rooms Admin'!L88) -> 0 | ... P88: =SUM('Front office:Rooms Admin'!P88) -> 0 | Q88: =SUM(E88:P88) -> 0 | R88: =SUM('Front office:Rooms Admin'!R88) -> 0 | S88: =SUM('Front office:Rooms Admin'!S88) -> 0 | T88: =SUM('Front office:Rooms Admin'!T88) -> 0 | U88: =SUM('Front office:Rooms Admin'!U88) -> 0 | V88: =SUM('Front office:Rooms Admin'!V88) -> 0 | W88: =SUM('Front office:Rooms Admin'!W88) -> 0 | X88: =SUM('Front office:Rooms Admin'!X88) -> 0 | Y88: =SUM('Front office:Rooms Admin'!Y88) -> 0 | ... AC88: =SUM('Front office:Rooms Admin'!AC88) -> 0 | AD88: =SUM(R88:AC88) -> 0 | AE88: =Q88-AD88 -> 0 | AF88: =AE88/AD88 -> #DIV/0! | AG88: 0 | AH88: =AG88-Q88 -> 0
A89: Z | D89: Expats - Medical Insurance 外籍医疗保险 | E89: =SUM('Front office:Rooms Admin'!E89) -> 0 | F89: =SUM('Front office:Rooms Admin'!F89) -> 0 | G89: =SUM('Front office:Rooms Admin'!G89) -> 0 | H89: =SUM('Front office:Rooms Admin'!H89) -> 0 | I89: =SUM('Front office:Rooms Admin'!I89) -> 0 | J89: =SUM('Front office:Rooms Admin'!J89) -> 0 | K89: =SUM('Front office:Rooms Admin'!K89) -> 0 | L89: =SUM('Front office:Rooms Admin'!L89) -> 0 | ... P89: =SUM('Front office:Rooms Admin'!P89) -> 0 | Q89: =SUM(E89:P89) -> 0 | R89: =SUM('Front office:Rooms Admin'!R89) -> 0 | S89: =SUM('Front office:Rooms Admin'!S89) -> 0 | T89: =SUM('Front office:Rooms Admin'!T89) -> 0 | U89: =SUM('Front office:Rooms Admin'!U89) -> 0 | V89: =SUM('Front office:Rooms Admin'!V89) -> 0 | W89: =SUM('Front office:Rooms Admin'!W89) -> 0 | X89: =SUM('Front office:Rooms Admin'!X89) -> 0 | Y89: =SUM('Front office:Rooms Admin'!Y89) -> 0 | ... AC89: =SUM('Front office:Rooms Admin'!AC89) -> 0 | AD89: =SUM(R89:AC89) -> 0 | AE89: =Q89-AD89 -> 0 | AF89: =AE89/AD89 -> #DIV/0! | AG89: 0 | AH89: =AG89-Q89 -> 0
A90: Z | D90: Expats - Benefits 外籍福利 | E90: =SUM('Front office:Rooms Admin'!E90) -> 0 | F90: =SUM('Front office:Rooms Admin'!F90) -> 0 | G90: =SUM('Front office:Rooms Admin'!G90) -> 0 | H90: =SUM('Front office:Rooms Admin'!H90) -> 0 | I90: =SUM('Front office:Rooms Admin'!I90) -> 0 | J90: =SUM('Front office:Rooms Admin'!J90) -> 0 | K90: =SUM('Front office:Rooms Admin'!K90) -> 0 | L90: =SUM('Front office:Rooms Admin'!L90) -> 0 | ... P90: =SUM('Front office:Rooms Admin'!P90) -> 0 | Q90: =SUM(E90:P90) -> 0 | R90: =SUM('Front office:Rooms Admin'!R90) -> 0 | S90: =SUM('Front office:Rooms Admin'!S90) -> 0 | T90: =SUM('Front office:Rooms Admin'!T90) -> 0 | U90: =SUM('Front office:Rooms Admin'!U90) -> 0 | V90: =SUM('Front office:Rooms Admin'!V90) -> 0 | W90: =SUM('Front office:Rooms Admin'!W90) -> 0 | X90: =SUM('Front office:Rooms Admin'!X90) -> 0 | Y90: =SUM('Front office:Rooms Admin'!Y90) -> 0 | ... AC90: =SUM('Front office:Rooms Admin'!AC90) -> 0 | AD90: =SUM(R90:AC90) -> 0 | AE90: =Q90-AD90 -> 0 | AF90: =AE90/AD90 -> #DIV/0! | AG90: 0 | AH90: =AG90-Q90 -> 0
A91: <<50021110 | B91: <<10099,10200,10300,10400 | D91: Local - Business Insurance 本地员工商业保险 | E91: =SUM('Front office:Rooms Admin'!E91) -> 1066.64 | F91: =SUM('Front office:Rooms Admin'!F91) -> 1066.64 | G91: =SUM('Front office:Rooms Admin'!G91) -> 1066.64 | H91: =SUM('Front office:Rooms Admin'!H91) -> 1066.64 | I91: =SUM('Front office:Rooms Admin'!I91) -> 1066.64 | J91: =SUM('Front office:Rooms Admin'!J91) -> 1066.64 | K91: =SUM('Front office:Rooms Admin'!K91) -> 1066.64 | L91: =SUM('Front office:Rooms Admin'!L91) -> 1199.97 | ... P91: =SUM('Front office:Rooms Admin'!P91) -> 3066.64 | Q91: =SUM(E91:P91) -> 20933.01 | R91: =SUM('Front office:Rooms Admin'!R91) -> 1136.39 | S91: =SUM('Front office:Rooms Admin'!S91) -> 1016 | T91: =SUM('Front office:Rooms Admin'!T91) -> 1088 | U91: =SUM('Front office:Rooms Admin'!U91) -> 1056 | V91: =SUM('Front office:Rooms Admin'!V91) -> 990.97 | W91: =SUM('Front office:Rooms Admin'!W91) -> 924 | X91: =SUM('Front office:Rooms Admin'!X91) -> 952 | Y91: =SUM('Front office:Rooms Admin'!Y91) -> 1101.04 | ... AC91: =SUM('Front office:Rooms Admin'!AC91) -> 1067 | AD91: =SUM(R91:AC91) -> 12532.4 | AE91: =Q91-AD91 -> 8400.61 | AF91: =AE91/AD91 -> 0.67031135 | AG91: 9145.59 | AH91: =AG91-Q91 -> -11787.42
A92: <<50021290 | B92: <<10099,10200,10300,10400 | D92: Other Benefits 其他福利 | E92: =SUM('Front office:Rooms Admin'!E92) -> 17153.22 | F92: =SUM('Front office:Rooms Admin'!F92) -> 17153.22 | G92: =SUM('Front office:Rooms Admin'!G92) -> 17153.22 | H92: =SUM('Front office:Rooms Admin'!H92) -> 17153.22 | I92: =SUM('Front office:Rooms Admin'!I92) -> 17153.22 | J92: =SUM('Front office:Rooms Admin'!J92) -> 17153.22 | K92: =SUM('Front office:Rooms Admin'!K92) -> 17153.22 | L92: =SUM('Front office:Rooms Admin'!L92) -> 17153.22 | ... P92: =SUM('Front office:Rooms Admin'!P92) -> 17153.22 | Q92: =SUM(E92:P92) -> 205838.64 | R92: =SUM('Front office:Rooms Admin'!R92) -> 1526.22 | S92: =SUM('Front office:Rooms Admin'!S92) -> 1482.78 | T92: =SUM('Front office:Rooms Admin'!T92) -> 1704.51 | U92: =SUM('Front office:Rooms Admin'!U92) -> 1601.62 | V92: =SUM('Front office:Rooms Admin'!V92) -> 128936.26 | W92: =SUM('Front office:Rooms Admin'!W92) -> 1541.3 | X92: =SUM('Front office:Rooms Admin'!X92) -> 1575.41 | Y92: =SUM('Front office:Rooms Admin'!Y92) -> 1527.9 | ... AC92: =SUM('Front office:Rooms Admin'!AC92) -> 2625 | AD92: =SUM(R92:AC92) -> 150396 | AE92: =Q92-AD92 -> 55442.64 | AF92: =AE92/AD92 -> 0.36864438 | AG92: 183136.13 | AH92: =AG92-Q92 -> -22702.51
A93: <<50032001..50032004 | B93: <<10099,10200,10300,10400 | D93: Staff Dormitory & Related Expenses 员工宿舍及相关费用 | E93: =SUM('Front office:Rooms Admin'!E93) -> 26443 | F93: =SUM('Front office:Rooms Admin'!F93) -> 24310 | G93: =SUM('Front office:Rooms Admin'!G93) -> 24642 | H93: =SUM('Front office:Rooms Admin'!H93) -> 27783 | I93: =SUM('Front office:Rooms Admin'!I93) -> 28737 | J93: =SUM('Front office:Rooms Admin'!J93) -> 27242 | K93: =SUM('Front office:Rooms Admin'!K93) -> 27377 | L93: =SUM('Front office:Rooms Admin'!L93) -> 27952 | ... P93: =SUM('Front office:Rooms Admin'!P93) -> 26007 | Q93: =SUM(E93:P93) -> 322603 | R93: =SUM('Front office:Rooms Admin'!R93) -> 21188.21 | S93: =SUM('Front office:Rooms Admin'!S93) -> 28450.42 | T93: =SUM('Front office:Rooms Admin'!T93) -> 21887.44 | U93: =SUM('Front office:Rooms Admin'!U93) -> 25719.28 | V93: =SUM('Front office:Rooms Admin'!V93) -> 25764.68 | W93: =SUM('Front office:Rooms Admin'!W93) -> 25485.44 | X93: =SUM('Front office:Rooms Admin'!X93) -> 20799.89 | Y93: =SUM('Front office:Rooms Admin'!Y93) -> 24270.77 | ... AC93: =SUM('Front office:Rooms Admin'!AC93) -> 72230 | AD93: =SUM(R93:AC93) -> 490631.13 | AE93: =Q93-AD93 -> -168028.13 | AF93: =AE93/AD93 -> -0.34247344 | AG93: 645140.49 | AH93: =AG93-Q93 -> 322537.49
A94: <<50031001,50021500 | B94: <<10099,10200,10300,10400 | D94: Staff Cateen Allocation & OC 员工餐费 | E94: =SUM('Front office:Rooms Admin'!E94) -> 105847.41 | F94: =SUM('Front office:Rooms Admin'!F94) -> 89835.41 | G94: =SUM('Front office:Rooms Admin'!G94) -> 89964.99 | H94: =SUM('Front office:Rooms Admin'!H94) -> 91227.99 | I94: =SUM('Front office:Rooms Admin'!I94) -> 97878.41 | J94: =SUM('Front office:Rooms Admin'!J94) -> 91347.76 | K94: =SUM('Front office:Rooms Admin'!K94) -> 90801.76 | L94: =SUM('Front office:Rooms Admin'!L94) -> 90721.76 | ... P94: =SUM('Front office:Rooms Admin'!P94) -> 90880.99 | Q94: =SUM(E94:P94) -> 1126025.8 | R94: =SUM('Front office:Rooms Admin'!R94) -> 102760.93 | S94: =SUM('Front office:Rooms Admin'!S94) -> 95587.78 | T94: =SUM('Front office:Rooms Admin'!T94) -> 93343.18 | U94: =SUM('Front office:Rooms Admin'!U94) -> 92940.69 | V94: =SUM('Front office:Rooms Admin'!V94) -> 66284.94 | W94: =SUM('Front office:Rooms Admin'!W94) -> 73603 | X94: =SUM('Front office:Rooms Admin'!X94) -> 71846.8 | Y94: =SUM('Front office:Rooms Admin'!Y94) -> 76180.31 | ... AC94: =SUM('Front office:Rooms Admin'!AC94) -> 168942.49 | AD94: =SUM(R94:AC94) -> 1361343.1 | AE94: =Q94-AD94 -> -235317.36 | AF94: =AE94/AD94 -> -0.17285676 | AG94: 2847000.9 | AH94: =AG94-Q94 -> 1720975.1
A95: Z | D95: Staff Canteen Allocation 员工餐分摊 | E95: =SUM('Front office:Rooms Admin'!E95) -> 0 | F95: =SUM('Front office:Rooms Admin'!F95) -> 0 | G95: =SUM('Front office:Rooms Admin'!G95) -> 0 | H95: =SUM('Front office:Rooms Admin'!H95) -> 0 | I95: =SUM('Front office:Rooms Admin'!I95) -> 0 | J95: =SUM('Front office:Rooms Admin'!J95) -> 0 | K95: =SUM('Front office:Rooms Admin'!K95) -> 0 | L95: =SUM('Front office:Rooms Admin'!L95) -> 0 | ... P95: =SUM('Front office:Rooms Admin'!P95) -> 0 | R95: =SUM('Front office:Rooms Admin'!R95) -> 0 | S95: =SUM('Front office:Rooms Admin'!S95) -> 0 | T95: =SUM('Front office:Rooms Admin'!T95) -> 0 | U95: =SUM('Front office:Rooms Admin'!U95) -> 0 | V95: =SUM('Front office:Rooms Admin'!V95) -> 0 | W95: =SUM('Front office:Rooms Admin'!W95) -> 0 | X95: =SUM('Front office:Rooms Admin'!X95) -> 0 | Y95: =SUM('Front office:Rooms Admin'!Y95) -> 0 | ... AC95: =SUM('Front office:Rooms Admin'!AC95) -> 0 | AD95: =SUM(R95:AC95) -> 0 | AE95: =Q95-AD95 -> 0 | AF95: =AE95/AD95 -> #DIV/0! | AG95: 0 | AH95: =AG95-Q95 -> 0
A96: Z | D96: Dormitory & Related Allocation员工宿舍及相关费用分摊 | E96: =SUM('Front office:Rooms Admin'!E96) -> 0 | F96: =SUM('Front office:Rooms Admin'!F96) -> 0 | G96: =SUM('Front office:Rooms Admin'!G96) -> 0 | H96: =SUM('Front office:Rooms Admin'!H96) -> 0 | I96: =SUM('Front office:Rooms Admin'!I96) -> 0 | J96: =SUM('Front office:Rooms Admin'!J96) -> 0 | K96: =SUM('Front office:Rooms Admin'!K96) -> 0 | L96: =SUM('Front office:Rooms Admin'!L96) -> 0 | ... P96: =SUM('Front office:Rooms Admin'!P96) -> 0 | R96: =SUM('Front office:Rooms Admin'!R96) -> 0 | S96: =SUM('Front office:Rooms Admin'!S96) -> 0 | T96: =SUM('Front office:Rooms Admin'!T96) -> 0 | U96: =SUM('Front office:Rooms Admin'!U96) -> 0 | V96: =SUM('Front office:Rooms Admin'!V96) -> 0 | W96: =SUM('Front office:Rooms Admin'!W96) -> 0 | X96: =SUM('Front office:Rooms Admin'!X96) -> 0 | Y96: =SUM('Front office:Rooms Admin'!Y96) -> 0 | ... AC96: =SUM('Front office:Rooms Admin'!AC96) -> 0 | AD96: =SUM(R96:AC96) -> 0 | AE96: =Q96-AD96 -> 0 | AF96: =AE96/AD96 -> #DIV/0! | AG96: 0 | AH96: =AG96-Q96 -> 0
D97: Total Benefits 福利合计 | E97: =SUM(E88:E96) -> 150510.27 | F97: =SUM(F88:F96) -> 132365.27 | G97: =SUM(G88:G96) -> 132826.85 | H97: =SUM(H88:H96) -> 137230.85 | I97: =SUM(I88:I96) -> 144835.27 | J97: =SUM(J88:J96) -> 136809.62 | K97: =SUM(K88:K96) -> 136398.62 | L97: =SUM(L88:L96) -> 137026.95 | ... AD97: =SUM(AD88:AD96) -> 2014902.7 | AE97: =Q97-AD97 -> -339502.24 | AF97: =AE97/AD97 -> -0.1684956 | AG97: 3684423.1 | AH97: =AG97-Q97 -> 2009022.7
D98: TOTAL LABOUR COST 人工成本合计 | E98: =E76+E86+E97+E69 -> 1109792.1 | F98: =F76+F86+F97+F69 -> 991031.22 | G98: =G76+G86+G97+G69 -> 977071.01 | H98: =H76+H86+H97+H69 -> 1013101.3 | I98: =I76+I86+I97+I69 -> 1044135.6 | J98: =J76+J86+J97+J69 -> 986136.44 | K98: =K76+K86+K97+K69 -> 1004590 | L98: =L76+L86+L97+L69 -> 1016953.2 | ... AD98: =AD76+AD86+AD97+AD69 -> 13201476 | AE98: =Q98-AD98 -> -881919.37 | AF98: =AE98/AD98 -> -0.066804602 | AG98: 15617450 | AH98: =AG98-Q98 -> 3297893.5
Q99: =Q98/Q101 -> 143250.66 | AG99: 87045.706 | AH99: =AG99-Q99 -> -56204.955
AH100: =AG100-Q100 -> 0
A101: <<90030100 | B101: <<10099,10200,10300,10400 | D101: FTEs 员工人数 | E101: =SUM('Front office:Rooms Admin'!E101) -> 86 | F101: =SUM('Front office:Rooms Admin'!F101) -> 86 | G101: =SUM('Front office:Rooms Admin'!G101) -> 86 | H101: =SUM('Front office:Rooms Admin'!H101) -> 86 | I101: =SUM('Front office:Rooms Admin'!I101) -> 86 | J101: =SUM('Front office:Rooms Admin'!J101) -> 86 | K101: =SUM('Front office:Rooms Admin'!K101) -> 86 | L101: =SUM('Front office:Rooms Admin'!L101) -> 86 | ... P101: =SUM('Front office:Rooms Admin'!P101) -> 86 | Q101: =SUM(E101:P101)/12 -> 86 | R101: =SUM('Front office:Rooms Admin'!R101) -> 79 | S101: =SUM('Front office:Rooms Admin'!S101) -> 78 | T101: =SUM('Front office:Rooms Admin'!T101) -> 80 | U101: =SUM('Front office:Rooms Admin'!U101) -> 83 | V101: =SUM('Front office:Rooms Admin'!V101) -> 79 | W101: =SUM('Front office:Rooms Admin'!W101) -> 78 | X101: =SUM('Front office:Rooms Admin'!X101) -> 77 | Y101: =SUM('Front office:Rooms Admin'!Y101) -> 78 | ... AC101: =SUM('Front office:Rooms Admin'!AC101) -> 89 | AD101: =SUM(R101:AC101)/12 -> 82.333333 | AE101: =Q101-AD101 -> 3.6666667 | AF101: =AE101/AD101 -> 0.044534413 | AG101: 179.41667 | AH101: =AG101-Q101 -> 93.416667
AH102: =AG102-Q102 -> 0
D103: Total Labour Costs | E103: =IFERROR(E17/$E$52,0) -> 58.843698 | F103: =IFERROR(F17/$E$52,0) -> 52.546724 | G103: =IFERROR(G17/$E$52,0) -> 51.806522 | H103: =IFERROR(H17/$E$52,0) -> 53.716932 | I103: =IFERROR(I17/$E$52,0) -> 55.36244 | J103: =IFERROR(J17/$E$52,0) -> 52.287192 | K103: =IFERROR(K17/$E$52,0) -> 53.26564 | L103: =IFERROR(L17/$E$52,0) -> 53.921165 | ... AD103: =IFERROR(AD17/$E$52,0) -> 699.97223 | AE103: =Q103-AD103 -> -46.761366 | AF103: =AE103/AD103 -> -0.066804602 | AG103: 837.3519 | AH103: =AG103-Q103 -> 184.14104
AH104: =AG104-Q104 -> 0
D105: =D19 -> OPERATING EXPENSES 营运费用 | AH105: =AG105-Q105 -> 0
...

Sheet Front office
A1: D31 | D1: Hotel Profit & Loss Budget Report 酒店年度预算报表 | E1: 2025001 | F1: 2025002 | G1: 2025003 | H1: 2025004 | I1: 2025005 | J1: 2025006 | K1: 2025007 | L1: 2025008 | M1: 2025009 | N1: 2025010 | O1: 2025011 | P1: 2025012 | R1: 2024001 | S1: 2024002 | T1: 2024003 | U1: 2024004 | V1: 2024005 | W1: 2024006 | X1: 2024007 | Y1: 2024008 | Z1: 2024009 | AA1: 2024010 | AB1: 2024011 | AC1: 2024012
D2: MGM Grand Sanya 三亚美高梅度假酒店 | E2: 2025001 | F2: 2025002 | G2: 2025003 | H2: 2025004 | I2: 2025005 | J2: 2025006 | K2: 2025007 | L2: 2025008 | M2: 2025009 | N2: 2025010 | O2: 2025011 | P2: 2025012 | R2: 2024001 | S2: 2024002 | T2: 2024003 | U2: 2024004 | V2: 2024005 | W2: 2024006 | X2: 2024007 | Y2: 2024008 | Z2: 2024009 | AA2: 2024010 | AB2: 2024011 | AC2: 2024012
D3: Front office 前厅部损益 | E3: A | F3: A | G3: A | H3: A | I3: A | J3: A | K3: B | L3: B | M3: B | N3: B | O3: B | P3: B | R3: A | S3: A | T3: A | U3: A | V3: A | W3: A | X3: A | Y3: A | Z3: A | AA3: A | AB3: A | AC3: A
D4: =+'2025 Summay'!$D$7 -> 2025
E6: ='Rooms+Summary'!E6 -> 1 | F6: ='Rooms+Summary'!F6 -> 2 | G6: ='Rooms+Summary'!G6 -> 3 | H6: ='Rooms+Summary'!H6 -> 4 | I6: ='Rooms+Summary'!I6 -> 5 | J6: ='Rooms+Summary'!J6 -> 6 | K6: ='Rooms+Summary'!K6 -> 7 | L6: ='Rooms+Summary'!L6 -> 8 | ... AD6: ='Rooms+Summary'!AD6 -> 2024 | AG6: 2019
E7: ='Rooms+Summary'!E7 -> Budget | F7: ='Rooms+Summary'!F7 -> Budget | G7: ='Rooms+Summary'!G7 -> Budget | H7: ='Rooms+Summary'!H7 -> Budget | I7: ='Rooms+Summary'!I7 -> Budget | J7: ='Rooms+Summary'!J7 -> Budget | K7: ='Rooms+Summary'!K7 -> Budget | L7: ='Rooms+Summary'!L7 -> Budget | ... AD7: ='Rooms+Summary'!AD7 -> Forecast | AE7: Var. | AF7: Var.% | AG7: Actual
D8: REVENUE 收入
A9: <<30100110..30100180 | B9: <<10200 | C9: <<LDTA,LDMW,LINW,TFIT,LWMM,ADV,TPKG,OPKG,TGDS,TWMM,TDMH,LSG | D9: Transient 散客 | Q9: =SUM(E9:P9) -> 0 | R9: 0 | S9: 0 | T9: 0 | U9: 0 | V9: 0 | W9: 0 | AD9: =SUM(R9:AC9) -> 0 | AE9: =Q9-AD9 -> 0 | AF9: =AE9/AD9 -> #DIV/0! | AG9: 0 | AH9: =Q9-AG9 -> 0
A10: <<30100110..30100180 | B10: <<10200 | C10: <<TSMG,LDMA,VCOR,VSMF,VASS,GOT,VINC,LDSE,LISE,LINA,TCOR,COA,COB,COC,COS,OOWN,TIND,TPAR | D10: Group 团队 | Q10: =SUM(E10:P10) -> 0 | R10: 0 | S10: 0 | T10: 0 | U10: 0 | V10: 0 | W10: 0 | AD10: =SUM(R10:AC10) -> 0 | AE10: =Q10-AD10 -> 0 | AF10: =AE10/AD10 -> #DIV/0! | AG10: 0 | AH10: =Q10-AG10 -> 0
A11: z | D11: Contract 合约 | Q11: =SUM(E11:P11) -> 0 | R11: 0 | S11: 0 | T11: 0 | U11: 0 | V11: 0 | W11: 0 | AD11: =SUM(R11:AC11) -> 0 | AE11: =Q11-AD11 -> 0 | AG11: 0 | AH11: =Q11-AG11 -> 0
A12: z | D12: Rooms Revenue 房费收入 | Q12: =SUM(Q9:Q11) -> 0 | R12: =SUM(R9:R11) -> 0 | S12: =SUM(S9:S11) -> 0 | T12: =SUM(T9:T11) -> 0 | U12: =SUM(U9:U11) -> 0 | V12: =SUM(V9:V11) -> 0 | W12: =SUM(W9:W11) -> 0 | X12: =SUM(X9:X11) -> 0 | ... AC12: =SUM(AC9:AC11) -> 0 | AD12: =SUM(R12:AC12) -> 0 | AE12: =Q12-AD12 -> 0 | AF12: =AE12/AD12 -> #DIV/0! | AG12: 0 | AH12: =Q12-AG12 -> 0
A13: <<38108100 | B13: <<10200 | D13: Service Charge 服务费 | Q13: =SUM(E13:P13) -> 0 | R13: 0 | S13: 0 | T13: 0 | U13: 0 | V13: 0 | W13: 0 | AD13: =SUM(R13:AC13) -> 0 | AE13: =Q13-AD13 -> 0 | AF13: =AE13/AD13 -> #DIV/0! | AG13: 0 | AH13: =Q13-AG13 -> 0
A14: z | D14: Other Revenue 其他收入 | Q14: =SUM(E14:P14) -> 0 | R14: 0 | S14: 0 | T14: 0 | U14: 0 | V14: 0 | W14: 0 | AD14: =SUM(R14:AC14) -> 0 | AE14: =Q14-AD14 -> 0 | AG14: 0 | AH14: =Q14-AG14 -> 0
D15: Total Rooms Revenue 客房收入合计 | E15: =SUM(E12:E14) -> 0 | F15: =SUM(F12:F14) -> 0 | G15: =SUM(G12:G14) -> 0 | H15: =SUM(H12:H14) -> 0 | I15: =SUM(I12:I14) -> 0 | J15: =SUM(J12:J14) -> 0 | K15: =SUM(K12:K14) -> 0 | L15: =SUM(L12:L14) -> 0 | ... AC15: =SUM(AC12:AC14) -> 0 | AD15: =SUM(R15:AC15) -> 0 | AE15: =Q15-AD15 -> 0 | AF15: =AE15/AD15 -> #DIV/0! | AG15: 0 | AH15: =Q15-AG15 -> 0
AG16: 0 | AH16: =Q16-AG16 -> 0
A17: <<5..59999999 | B17: <<10200 | D17: Total Labour Costs 人工成本合计 | E17: =E98 -> 489388.56 | F17: =F98 -> 428553.34 | G17: =G98 -> 433733.92 | H17: =H98 -> 448217.85 | I17: =I98 -> 459324.54 | J17: =J98 -> 435537.55 | K17: =K98 -> 437484.67 | L17: =L98 -> 444634.35 | ... AC17: =AC98 -> 454859.54 | AD17: =SUM(R17:AC17) -> 5046703.2 | AE17: =AD17-Q17 -> -367769.3 | AF17: =AE17/AD17 -> -0.072873179 | AG17: 4819155.5 | AH17: =AG17-Q17 -> -595316.99
D19: OPERATING EXPENSES 营运费用
A20: <<60010011 | B20: <<10200 | D20: Comm - Travel Agents 佣金 - 旅行社 | Q20: =SUM(E20:P20) -> 0 | R20: 0 | S20: 0 | T20: 0 | U20: 0 | V20: 0 | W20: 0 | X20: 0 | Y20: 0 | Z20: 0 | AA20: 0 | AB20: 0 | AC20: 0 | AD20: =SUM(R20:AC20) -> 0 | AE20: =Q20-AD20 -> 0 | AF20: =AE20/AD20 -> #DIV/0! | AG20: 0 | AH20: =AG20-Q20 -> 0
A21: <<60010040 | B21: <<10200 | D21: Contract Cleaning 清洁合同 | Q21: =SUM(E21:P21) -> 0 | R21: 0 | S21: 0 | T21: 0 | U21: 0 | V21: 0 | W21: 0 | X21: 0 | Y21: 0 | Z21: 0 | AA21: 0 | AB21: 0 | AC21: 0 | AD21: =SUM(R21:AC21) -> 0 | AE21: =Q21-AD21 -> 0 | AF21: =AE21/AD21 -> #DIV/0! | AG21: 0 | AH21: =AG21-Q21 -> 0
A22: <<60010050 | B22: <<10200 | D22: Contract Services 服务合同 | E22: =+E107+E108+E109 -> 144802.24 | F22: =+F107+F108+F109 -> 121828.52 | G22: =+G107+G108+G109 -> 122534.03 | H22: =+H107+H108+H109 -> 127953.29 | I22: =+I107+I108+I109 -> 134377.6 | J22: =+J107+J108+J109 -> 123799.4 | K22: =+K107+K108+K109 -> 124051.62 | L22: =+L107+L108+L109 -> 124114.8 | ... P22: =+P107+P108+P109 -> 123447.04 | Q22: =SUM(E22:P22) -> 1541960.7 | R22: 179444.07 | S22: 221848.28 | T22: 206091.53 | U22: 159428.58 | V22: 123764.79 | W22: 101612.4 | X22: 126329.46 | Y22: 149929.01 | Z22: 34428.69 | AA22: 17229.09 | AB22: 11842.29 | AC22: 13412.29 | AD22: =SUM(R22:AC22) -> 1345360.5 | AE22: =Q22-AD22 -> 196600.17 | AF22: =AE22/AD22 -> 0.14613196 | AG22: 43238.53 | AH22: =AG22-Q22 -> -1498722.1
A23: <<60010060 | B23: <<10200 | D23: Promotion Decoration 推广装饰 | Q23: =SUM(E23:P23) -> 0 | R23: 0 | S23: 0 | T23: 0 | U23: 0 | V23: 0 | W23: 0 | X23: 0 | Y23: 0 | Z23: 0 | AA23: 0 | AB23: 0 | AC23: 0 | AD23: =SUM(R23:AC23) -> 0 | AE23: =Q23-AD23 -> 0 | AF23: =AE23/AD23 -> #DIV/0! | AG23: 0 | AH23: =AG23-Q23 -> 0
A24: <<60010080 | B24: <<10200 | D24: Entertainment 招待 | Q24: =SUM(E24:P24) -> 0 | R24: 0 | S24: 0 | T24: 0 | U24: 0 | V24: 0 | W24: 0 | X24: 0 | Y24: 0 | Z24: 0 | AA24: 0 | AB24: 0 | AC24: 0 | AD24: =SUM(R24:AC24) -> 0 | AE24: =Q24-AD24 -> 0 | AF24: =AE24/AD24 -> #DIV/0! | AG24: 28670.68 | AH24: =AG24-Q24 -> 28670.68
A25: <<60010093 | B25: <<10200 | D25: Guest Supplies 客用品 - Magazines&Newspapers 杂志&报纸 | E25: 428 | F25: 428 | G25: 428 | H25: 428 | I25: 428 | J25: 428 | K25: 428 | L25: 428 | M25: 428 | N25: 428 | O25: 428 | P25: 428 | Q25: =SUM(E25:P25) -> 5136 | R25: 0 | S25: 855.42 | T25: 427.71 | U25: 427.71 | V25: 427.71 | W25: 427.71 | X25: 427.71 | Y25: 427.71 | Z25: 315 | AA25: 315 | AB25: 315 | AC25: 315 | AD25: =SUM(R25:AC25) -> 4681.68 | AE25: =Q25-AD25 -> 454.32 | AF25: =AE25/AD25 -> 0.097042087 | AG25: 3977 | AH25: =AG25-Q25 -> -1159
A26: <<60010094 | B26: <<10200 | D26: Guest Supplies 客用品 - Others 其他 | E26: 183889 | F26: 166093 | G26: 179802 | H26: 168071 | I26: 169178 | J26: 162139 | K26: 181846 | L26: 181846 | M26: 158184 | N26: 167543 | O26: 160161 | P26: 177759 | Q26: =SUM(E26:P26) -> 2056511 | R26: 156427.58 | S26: 392578.84 | T26: 179522.97 | U26: 147781.48 | V26: 183435.9 | W26: 150395.85 | X26: 182645.48 | Y26: 208930.92 | Z26: 148740 | AA26: 159592 | AB26: 156647 | AC26: 167762 | AD26: =SUM(R26:AC26) -> 2234460 | AE26: =Q26-AD26 -> -177949.02 | AF26: =AE26/AD26 -> -0.079638489 | AG26: 1158980.6 | AH26: =AG26-Q26 -> -897530.44
A27: <<60010110 | B27: <<10200 | D27: Communication/Satellite/Cable 通讯/卫星/有线收视 | E27: 0 | F27: 0 | G27: 0 | H27: 0 | I27: 0 | J27: 0 | K27: 0 | L27: 0 | M27: 0 | N27: 0 | O27: 0 | P27: 0 | Q27: =SUM(E27:P27) -> 0 | R27: 0 | S27: 0 | T27: 0 | U27: 0 | V27: 0 | W27: 0 | X27: 0 | Y27: 0 | Z27: 0 | AA27: 0 | AB27: 0 | AC27: 0 | AD27: =SUM(R27:AC27) -> 0 | AE27: =Q27-AD27 -> 0 | AF27: =AE27/AD27 -> #DIV/0! | AG27: 0 | AH27: =AG27-Q27 -> 0
A28: Z | D28: Reservations Fees预订费 | E28: 0 | F28: 0 | G28: 0 | H28: 0 | I28: 0 | J28: 0 | K28: 0 | L28: 0 | M28: 0 | N28: 0 | O28: 0 | P28: 0 | Q28: =SUM(E28:P28) -> 0 | R28: 0 | S28: 0 | T28: 0 | U28: 0 | V28: 0 | W28: 0 | X28: 0 | Y28: 0 | Z28: 0 | AA28: 0 | AB28: 0 | AC28: 0 | AD28: =SUM(R28:AC28) -> 0 | AE28: =Q28-AD28 -> 0 | AF28: =AE28/AD28 -> #DIV/0! | AG28: 0 | AH28: =AG28-Q28 -> 0
A29: <<60010021 | B29: <<10200 | D29: Complimentaries - Give Away 免费赠送 | E29: 52809 | F29: 27256 | G29: 27662 | H29: 25857 | I29: 22557 | J29: 21618 | K29: 27976 | L29: 27976 | M29: 21091 | N29: 27494 | O29: 24640 | P29: 27348 | Q29: =SUM(E29:P29) -> 334284 | R29: 28558.83 | S29: 54250.21 | T29: 29105.8 | U29: 25711.51 | V29: 22699.64 | W29: 18575.21 | X29: 21983.05 | Y29: 20680.54 | Z29: 21864 | AA29: 27700 | AB29: 26202 | AC29: 28083 | AD29: =SUM(R29:AC29) -> 325413.79 | AE29: =Q29-AD29 -> 8870.21 | AF29: =AE29/AD29 -> 0.027258249 | AG29: 0 | AH29: =AG29-Q29 -> -334284
A30: <<60011210 | B30: <<10200 | D30: Chinaware 瓷器 | E30: 0 | F30: 0 | G30: 0 | H30: 0 | I30: 0 | J30: 0 | K30: 0 | L30: 0 | M30: 0 | N30: 0 | O30: 0 | P30: 0 | Q30: =SUM(E30:P30) -> 0 | R30: 0 | S30: 0 | T30: 0 | U30: 0 | V30: 0 | W30: 0 | X30: 0 | Y30: 0 | Z30: 0 | AA30: 0 | AB30: 0 | AC30: 0 | AD30: =SUM(R30:AC30) -> 0 | AE30: =Q30-AD30 -> 0 | AF30: =AE30/AD30 -> #DIV/0! | AG30: 0 | AH30: =AG30-Q30 -> 0
A31: <<60011220 | B31: <<10200 | D31: Cleaning Supplies&Chemicals 清洁用品&化学药剂 | E31: 0 | F31: 0 | G31: 0 | H31: 0 | I31: 0 | J31: 0 | K31: 0 | L31: 0 | M31: 0 | N31: 0 | O31: 0 | P31: 0 | Q31: =SUM(E31:P31) -> 0 | R31: 0 | S31: 0 | T31: 0 | U31: 0 | V31: 0 | W31: 0 | X31: 0 | Y31: 0 | Z31: 0 | AA31: 0 | AB31: 0 | AC31: 0 | AD31: =SUM(R31:AC31) -> 0 | AE31: =Q31-AD31 -> 0 | AF31: =AE31/AD31 -> #DIV/0! | AG31: 0 | AH31: =AG31-Q31 -> 0
A32: <<60011250 | B32: <<10200 | D32: Linen 布巾 | E32: 0 | F32: 0 | G32: 0 | H32: 0 | I32: 0 | J32: 0 | K32: 0 | L32: 0 | M32: 0 | N32: 0 | O32: 0 | P32: 0 | Q32: =SUM(E32:P32) -> 0 | R32: 0 | S32: 0 | T32: 0 | U32: 0 | V32: 0 | W32: 0 | X32: 0 | Y32: 0 | Z32: 0 | AA32: 0 | AB32: 0 | AC32: 0 | AD32: =SUM(R32:AC32) -> 0 | AE32: =Q32-AD32 -> 0 | AF32: =AE32/AD32 -> #DIV/0! | AG32: 0 | AH32: =AG32-Q32 -> 0
A33: <<60011270 | B33: <<10200 | D33: Other Operating Supplies 其他运营用品 | E33: 13800 | F33: 12000 | G33: 12000 | H33: 16000 | I33: 13800 | J33: 11900 | K33: 11900 | L33: 21500 | M33: 13800 | N33: 11900 | O33: 11900 | P33: 11900 | Q33: =SUM(E33:P33) -> 162400 | R33: 12297.05 | S33: 8770.12 | T33: 12975.12 | U33: 8178.39 | V33: 6883.33 | W33: 8770.12 | X33: 6883.33 | Y33: 35097.17 | Z33: 8922 | AA33: 12591 | AB33: 12138 | AC33: 12848 | AD33: =SUM(R33:AC33) -> 146353.63 | AE33: =Q33-AD33 -> 16046.37 | AF33: =AE33/AD33 -> 0.10964108 | AG33: 124135.24 | AH33: =AG33-Q33 -> -38264.76
A34: <<60011310 | B34: <<10200 | D34: Uniforms 制服 | E34: 2225 | F34: 2225 | G34: 2225 | H34: 2225 | I34: 2225 | J34: 2225 | K34: 2225 | L34: 2225 | M34: 2225 | N34: 2225 | O34: 2225 | P34: 2225 | Q34: =SUM(E34:P34) -> 26700 | R34: 2392 | S34: 2392 | T34: 2392 | U34: -38.4 | V34: 0 | W34: -109.2 | X34: 0 | Y34: 0 | Z34: 0 | AA34: 0 | AB34: 0 | AC34: 0 | AD34: =SUM(R34:AC34) -> 7028.4 | AE34: =Q34-AD34 -> 19671.6 | AF34: =AE34/AD34 -> 2.7988731 | AG34: 62203.54 | AH34: =AG34-Q34 -> 35503.54
A35: <<60012050 | B35: <<10200 | D35: Taskforce Expenses 外援费用 | E35: 0 | F35: 0 | G35: 0 | H35: 0 | I35: 0 | J35: 0 | K35: 0 | L35: 0 | M35: 0 | N35: 0 | O35: 0 | P35: 0 | Q35: =SUM(E35:P35) -> 0 | R35: 0 | S35: 0 | T35: 0 | U35: 0 | V35: 0 | W35: 0 | X35: 0 | Y35: 0 | Z35: 0 | AA35: 0 | AB35: 0 | AC35: 0 | AD35: =SUM(R35:AC35) -> 0 | AE35: =Q35-AD35 -> 0 | AF35: =AE35/AD35 -> #DIV/0! | AG35: 0 | AH35: =AG35-Q35 -> 0
A36: <<60011460 | B36: <<10200 | D36: Plant Hire 植物租摆 | E36: 37721 | F36: 18739 | G36: 18441 | H36: 17238 | I36: 17352 | J36: 16630 | K36: 16651 | L36: 16651 | M36: 14224 | N36: 16902 | O36: 14427 | P36: 16232 | Q36: =SUM(E36:P36) -> 221208 | R36: 30035.69 | S36: 51425.51 | T36: 29148.83 | U36: 15389.38 | V36: 12367.59 | W36: 11915.88 | X36: 6236.39 | Y36: 13744.52 | Z36: 9839 | AA36: 14785 | AB36: 14528 | AC36: 15497 | AD36: =SUM(R36:AC36) -> 224912.79 | AE36: =Q36-AD36 -> -3704.79 | AF36: =AE36/AD36 -> -0.016472118 | AG36: 17228.56 | AH36: =AG36-Q36 -> -203979.44
A37: <<60012020 | B37: <<10200 | D37: Postage 邮费 | E37: 1500 | F37: 1500 | G37: 1500 | H37: 1000 | I37: 1000 | J37: 1000 | K37: 1500 | L37: 1500 | M37: 1000 | N37: 1500 | O37: 1500 | P37: 1500 | Q37: =SUM(E37:P37) -> 16000 | R37: 493.39 | S37: 2500 | T37: 1135.85 | U37: -2153.78 | V37: 2500 | W37: -563.01 | X37: -91.51 | Y37: 6000 | Z37: 500 | AA37: 1000 | AB37: 1000 | AC37: 1000 | AD37: =SUM(R37:AC37) -> 13320.94 | AE37: =Q37-AD37 -> 2679.06 | AF37: =AE37/AD37 -> 0.20111644 | AG37: 7562.05 | AH37: =AG37-Q37 -> -8437.95
A38: <<60012030 | B38: <<10200 | D38: Printing & Stationery 印刷与文具 | E38: 6035 | F38: 5451 | G38: 5901 | H38: 5516 | I38: 5553 | J38: 5321 | K38: 5968 | L38: 5968 | M38: 5192 | N38: 5499 | O38: 5257 | P38: 5834 | Q38: =SUM(E38:P38) -> 67495 | R38: 4666.69 | S38: 6368.97 | T38: 6900.35 | U38: 4441.8 | V38: 7540.91 | W38: 5994.99 | X38: 7039.54 | Y38: 5063.44 | Z38: 5210 | AA38: 5566 | AB38: 5469 | AC38: 5834 | AD38: =SUM(R38:AC38) -> 70095.69 | AE38: =Q38-AD38 -> -2600.69 | AF38: =AE38/AD38 -> -0.037101996 | AG38: 88283.08 | AH38: =AG38-Q38 -> 20788.08
A39: <<60012040 | B39: <<10200 | D39: Internal Laundry 内部洗衣 | E39: =Laundry!E121 -> 542 | F39: =Laundry!F121 -> 495 | G39: =Laundry!G121 -> 500 | H39: =Laundry!H121 -> 514 | I39: =Laundry!I121 -> 528 | J39: =Laundry!J121 -> 505 | K39: =Laundry!K121 -> 538 | L39: =Laundry!L121 -> 536 | ... P39: =Laundry!P121 -> 517 | Q39: =SUM(E39:P39) -> 6301 | R39: 917.18 | S39: 750.92 | T39: 547.2 | U39: 538.82 | V39: 191.48 | W39: 571.98 | X39: 445.26 | Y39: 248.15 | Z39: 820 | AA39: 917 | AB39: 770 | AC39: 788 | AD39: =SUM(R39:AC39) -> 7505.99 | AE39: =Q39-AD39 -> -1204.99 | AF39: =AE39/AD39 -> -0.16053712 | AG39: 6041.67 | AH39: =AG39-Q39 -> -259.33
A40: <<60012060 | B40: <<10200 | D40: Telephone 电话费 | E40: =1300-230 -> 1070 | F40: =1300-230 -> 1070 | G40: =1300-230 -> 1070 | H40: =1300-230 -> 1070 | I40: =1300-230 -> 1070 | J40: =1300-230 -> 1070 | K40: =1300-230 -> 1070 | L40: =1300-230 -> 1070 | ... P40: =1300-230 -> 1070 | Q40: =SUM(E40:P40) -> 12840 | R40: 1082.16 | S40: 1437.07 | T40: 1168.02 | U40: 1180.45 | V40: 1548.9 | W40: 1390.81 | X40: 2224.77 | Y40: 1807 | Z40: 1500 | AA40: 1500 | AB40: 1500 | AC40: 1500 | AD40: =SUM(R40:AC40) -> 17839.18 | AE40: =Q40-AD40 -> -4999.18 | AF40: =AE40/AD40 -> -0.28023597 | AG40: 17514.05 | AH40: =AG40-Q40 -> 4674.05
A41: <<60012080 | B41: <<10200 | D41: Transportation 交通 - Staff 员工 | E41: 1450 | F41: 1450 | G41: 1450 | H41: 1450 | I41: 1450 | J41: 1450 | K41: 1450 | L41: 1450 | M41: 1450 | N41: 1450 | O41: 1450 | P41: 1450 | Q41: =SUM(E41:P41) -> 17400 | R41: -99.69 | S41: 2479.92 | T41: 3435.67 | U41: 819.37 | V41: 1090.23 | W41: 902.48 | X41: 403 | Y41: 403 | Z41: 1500 | AA41: 1500 | AB41: 1500 | AC41: 1500 | AD41: =SUM(R41:AC41) -> 15433.98 | AE41: =Q41-AD41 -> 1966.02 | AF41: =AE41/AD41 -> 0.12738257 | AG41: 3822.69 | AH41: =AG41-Q41 -> -13577.31
A42: <<60012090 | B42: <<10200 | D42: Travelling Expenses 差旅费 | E42: 0 | F42: 0 | G42: 0 | H42: 0 | I42: 0 | J42: 0 | K42: 0 | L42: 0 | M42: 0 | N42: 0 | O42: 0 | P42: 0 | Q42: =SUM(E42:P42) -> 0 | R42: 0 | S42: 0 | T42: 0 | U42: 0 | V42: 0 | W42: 0 | X42: 0 | Y42: 0 | Z42: 0 | AA42: 0 | AB42: 0 | AC42: 0 | AD42: =SUM(R42:AC42) -> 0 | AE42: =Q42-AD42 -> 0 | AF42: =AE42/AD42 -> #DIV/0! | AG42: 0 | AH42: =AG42-Q42 -> 0
A43: <<60011490 | B43: <<10200 | D43: Miscellaneous Expenses 杂项 | E43: 500 | F43: 500 | G43: 500 | H43: 500 | I43: 500 | J43: 500 | K43: 500 | L43: 500 | M43: 500 | N43: 500 | O43: 500 | P43: 500 | Q43: =SUM(E43:P43) -> 6000 | R43: 48 | S43: 0 | T43: 625.38 | U43: 761.36 | V43: 116.48 | W43: 116.48 | X43: 623.84 | Y43: 145.6 | Z43: 1000 | AA43: 1000 | AB43: 1000 | AC43: 1000 | AD43: =SUM(R43:AC43) -> 6437.14 | AE43: =Q43-AD43 -> -437.14 | AF43: =AE43/AD43 -> -0.06790904 | AG43: 42313.74 | AH43: =AG43-Q43 -> 36313.74
D44: Total Operating Expenses 营运费用合计 | E44: =SUM(E20:E43) -> 446771.24 | F44: =SUM(F20:F43) -> 359035.52 | G44: =SUM(G20:G43) -> 374013.03 | H44: =SUM(H20:H43) -> 367822.29 | I44: =SUM(I20:I43) -> 370018.6 | J44: =SUM(J20:J43) -> 348585.4 | K44: =SUM(K20:K43) -> 376103.62 | L44: =SUM(L20:L43) -> 385764.8 | ... AD44: =SUM(AD20:AD43) -> 4418843.7 | AE44: =Q44-AD44 -> 55391.94 | AF44: =AE44/AD44 -> 0.012535392 | AG44: 1603971.4 | AH44: =AG44-Q44 -> -2870264.3
D45: Department Profit/(Loss) 部门利润（亏损） | E45: =E15-E17-E44 -> -936159.8 | F45: =F15-F17-F44 -> -787588.86 | G45: =G15-G17-G44 -> -807746.95 | H45: =H15-H17-H44 -> -816040.14 | I45: =I15-I17-I44 -> -829343.14 | J45: =J15-J17-J44 -> -784122.95 | K45: =K15-K17-K44 -> -813588.29 | L45: =L15-L17-L44 -> -830399.15 | ... AD45: =AD15-AD17-AD44 -> -9465546.9 | AE45: =Q45-AD45 -> -423161.24 | AF45: =AE45/AD45 -> 0.044705419 | AG45: -6423126.8 | AH45: =Q45-AG45 -> -3465581.3
D46: Department Profit/(Loss)% 部门利润（亏损）率% | E46: =E45/E105 -> -0.031796127 | F46: =F45/F105 -> -0.022935397 | G46: =G45/G105 -> -0.039694262 | H46: =H45/H105 -> -0.043626243 | I46: =I45/I105 -> -0.047589526 | J46: =J45/J105 -> -0.050258299 | K46: =K45/K105 -> -0.035099578 | L46: =L45/L105 -> -0.030948407 | ... AD46: =AD45/AD105 -> -0.0348754 | AG46: -0.070812565 | AH46: =Q46-AG46 -> 0.031613406
A48: <<90010201 | B48: <<10100 | D48: Total Rooms 总房间数 | E48: ='Rooms+Summary'!E48 -> 20956 | F48: ='Rooms+Summary'!F48 -> 18928 | G48: ='Rooms+Summary'!G48 -> 20956 | H48: ='Rooms+Summary'!H48 -> 20280 | I48: ='Rooms+Summary'!I48 -> 20956 | J48: ='Rooms+Summary'!J48 -> 20280 | K48: ='Rooms+Summary'!K48 -> 20956 | L48: ='Rooms+Summary'!L48 -> 20956 | ... P48: ='Rooms+Summary'!P48 -> 20956 | Q48: =SUM(E48:P48) -> 246740 | R48: 20956 | S48: 19604 | T48: 20956 | U48: 20280 | V48: 20956 | W48: 20280 | X48: =+'Rooms+Summary'!X48 -> 20956 | Y48: =+'Rooms+Summary'!Y48 -> 20956 | Z48: =+'Rooms+Summary'!Z48 -> 20280 | AA48: =+'Rooms+Summary'!AA48 -> 20956 | AB48: =+'Rooms+Summary'!AB48 -> 20280 | AC48: =+'Rooms+Summary'!AC48 -> 20956 | AD48: =SUM(R48:AC48) -> 247416 | AE48: =Q48-AD48 -> -676 | AF48: =AE48/AD48 -> -0.0027322404 | AG48: 246740 | AH48: =Q48-AG48 -> 0
A49: <<90010203 | B49: <<10100 | D49: Available Rooms 可用房数 | E49: =E48-E50-E51 -> 20956 | F49: =F48-F50-F51 -> 18928 | G49: =G48-G50-G51 -> 20956 | H49: =H48-H50-H51 -> 20280 | I49: =I48-I50-I51 -> 20956 | J49: =J48-J50-J51 -> 20280 | K49: =K48-K50-K51 -> 20956 | L49: =L48-L50-L51 -> 20956 | ... P49: =P48-P50-P51 -> 20956 | Q49: =SUM(E49:P49) -> 246740 | R49: =R48-R50-R51 -> 20494 | S49: =S48-S50-S51 -> 19227 | T49: =T48-T50-T51 -> 20477 | U49: =U48-U50-U51 -> 19399 | V49: =V48-V50-V51 -> 19203 | W49: =W48-W50-W51 -> 18839 | X49: =+'Rooms+Summary'!X49 -> 20556 | Y49: =+'Rooms+Summary'!Y49 -> 20436 | Z49: =+'Rooms+Summary'!Z49 -> 19680 | AA49: =+'Rooms+Summary'!AA49 -> 20356 | AB49: =+'Rooms+Summary'!AB49 -> 19680 | AC49: =+'Rooms+Summary'!AC49 -> 20356 | AD49: =SUM(R49:AC49) -> 238703 | AE49: =Q49-AD49 -> 8037 | AF49: =AE49/AD49 -> 0.033669455 | AG49: 238727 | AH49: =Q49-AG49 -> 8013
A50: <<90010208 | B50: <<10100 | D50: Out of Order Rooms 大修房数 | E50: ='Rooms+Summary'!E50 -> 0 | F50: ='Rooms+Summary'!F50 -> 0 | G50: ='Rooms+Summary'!G50 -> 0 | H50: ='Rooms+Summary'!H50 -> 0 | I50: ='Rooms+Summary'!I50 -> 0 | J50: ='Rooms+Summary'!J50 -> 0 | K50: ='Rooms+Summary'!K50 -> 0 | L50: ='Rooms+Summary'!L50 -> 0 | ... P50: ='Rooms+Summary'!P50 -> 0 | Q50: =SUM(E50:P50) -> 0 | R50: 450 | S50: 370 | T50: 473 | U50: 871 | V50: 1729 | W50: 1433 | X50: =+'Rooms+Summary'!X50 -> 400 | Y50: =+'Rooms+Summary'!Y50 -> 520 | Z50: =+'Rooms+Summary'!Z50 -> 600 | AA50: =+'Rooms+Summary'!AA50 -> 600 | AB50: =+'Rooms+Summary'!AB50 -> 600 | AC50: =+'Rooms+Summary'!AC50 -> 600 | AD50: =SUM(R50:AC50) -> 8646 | AE50: =Q50-AD50 -> -8646 | AF50: =AE50/AD50 -> -1 | AG50: 6262 | AH50: =Q50-AG50 -> -6262
A51: <<90010209 | B51: <<10100 | D51: Out of Service Rooms 小维修房数 | E51: ='Rooms+Summary'!E51 -> 0 | F51: ='Rooms+Summary'!F51 -> 0 | G51: ='Rooms+Summary'!G51 -> 0 | H51: ='Rooms+Summary'!H51 -> 0 | I51: ='Rooms+Summary'!I51 -> 0 | J51: ='Rooms+Summary'!J51 -> 0 | K51: ='Rooms+Summary'!K51 -> 0 | L51: ='Rooms+Summary'!L51 -> 0 | ... P51: ='Rooms+Summary'!P51 -> 0 | Q51: =SUM(E51:P51) -> 0 | R51: 12 | S51: 7 | T51: 6 | U51: 10 | V51: 24 | W51: 8 | X51: =+'Rooms+Summary'!X51 -> 9 | Y51: =+'Rooms+Summary'!Y51 -> 14 | Z51: =+'Rooms+Summary'!Z51 -> 5 | AA51: =+'Rooms+Summary'!AA51 -> 5 | AB51: =+'Rooms+Summary'!AB51 -> 5 | AC51: =+'Rooms+Summary'!AC51 -> 5 | AD51: =SUM(R51:AC51) -> 110 | AE51: =Q51-AD51 -> -110 | AF51: =AE51/AD51 -> -1 | AG51: 1751 | AH51: =Q51-AG51 -> -1751
A52: <<90010205 | B52: <<10100 | D52: Room Sold 付费房数 | E52: ='Rooms+Summary'!E52 -> 18860 | F52: ='Rooms+Summary'!F52 -> 17035 | G52: ='Rooms+Summary'!G52 -> 17813 | H52: ='Rooms+Summary'!H52 -> 17005 | I52: ='Rooms+Summary'!I52 -> 17603 | J52: ='Rooms+Summary'!J52 -> 16867 | K52: ='Rooms+Summary'!K52 -> 18860 | L52: ='Rooms+Summary'!L52 -> 18860 | ... P52: ='Rooms+Summary'!P52 -> 18441 | Q52: =SUM(E52:P52) -> 212199 | R52: 19715 | S52: 18855 | T52: 19772 | U52: 18249 | V52: 17477 | W52: 17897 | X52: =+'Rooms+Summary'!X52 -> 19826 | Y52: =+'Rooms+Summary'!Y52 -> 19726 | Z52: =+'Rooms+Summary'!Z52 -> 16224 | AA52: =+'Rooms+Summary'!AA52 -> 16765 | AB52: =+'Rooms+Summary'!AB52 -> 16832 | AC52: =+'Rooms+Summary'!AC52 -> 17813 | AD52: =SUM(R52:AC52) -> 219151 | AE52: =Q52-AD52 -> -6952 | AF52: =AE52/AD52 -> -0.03172242 | AG52: 213673 | AH52: =Q52-AG52 -> -1474
A53: <<90010206 | B53: <<10100 | D53: Complimentary Rooms 免费房数 | E53: ='Rooms+Summary'!E53 -> 62 | F53: ='Rooms+Summary'!F53 -> 62 | G53: ='Rooms+Summary'!G53 -> 62 | H53: ='Rooms+Summary'!H53 -> 62 | I53: ='Rooms+Summary'!I53 -> 62 | J53: ='Rooms+Summary'!J53 -> 62 | K53: ='Rooms+Summary'!K53 -> 62 | L53: ='Rooms+Summary'!L53 -> 62 | ... P53: ='Rooms+Summary'!P53 -> 62 | Q53: =SUM(E53:P53) -> 744 | R53: 96 | S53: 29 | T53: 74 | U53: 49 | V53: 53 | W53: 61 | X53: =+'Rooms+Summary'!X53 -> 73 | Y53: =+'Rooms+Summary'!Y53 -> 93 | Z53: =+'Rooms+Summary'!Z53 -> 200 | AA53: =+'Rooms+Summary'!AA53 -> 150 | AB53: =+'Rooms+Summary'!AB53 -> 200 | AC53: =+'Rooms+Summary'!AC53 -> 150 | AD53: =SUM(R53:AC53) -> 1228 | AE53: =Q53-AD53 -> -484 | AF53: =AE53/AD53 -> -0.39413681 | AG53: 1723 | AH53: =Q53-AG53 -> -979
A54: <<90010207 | B54: <<10100 | D54: House Use Rooms 自用房数 | E54: ='Rooms+Summary'!E54 -> 54 | F54: ='Rooms+Summary'!F54 -> 54 | G54: ='Rooms+Summary'!G54 -> 54 | H54: ='Rooms+Summary'!H54 -> 54 | I54: ='Rooms+Summary'!I54 -> 54 | J54: ='Rooms+Summary'!J54 -> 54 | K54: ='Rooms+Summary'!K54 -> 54 | L54: ='Rooms+Summary'!L54 -> 54 | ... P54: ='Rooms+Summary'!P54 -> 54 | Q54: =SUM(E54:P54) -> 648 | R54: 59 | S54: 43 | T54: 57 | U54: 65 | V54: 63 | W54: 57 | X54: =+'Rooms+Summary'!X54 -> 40 | Y54: =+'Rooms+Summary'!Y54 -> 44 | Z54: =+'Rooms+Summary'!Z54 -> 60 | AA54: =+'Rooms+Summary'!AA54 -> 60 | AB54: =+'Rooms+Summary'!AB54 -> 60 | AC54: =+'Rooms+Summary'!AC54 -> 60 | AD54: =SUM(R54:AC54) -> 668 | AE54: =Q54-AD54 -> -20 | AF54: =AE54/AD54 -> -0.02994012 | AG54: 711 | AH54: =Q54-AG54 -> -63
D55: Total Occupied Rooms 占用房间合计 | E55: =SUM(E52:E54) -> 18976 | F55: =SUM(F52:F54) -> 17151 | G55: =SUM(G52:G54) -> 17929 | H55: =SUM(H52:H54) -> 17121 | I55: =SUM(I52:I54) -> 17719 | J55: =SUM(J52:J54) -> 16983 | K55: =SUM(K52:K54) -> 18976 | L55: =SUM(L52:L54) -> 18976 | ... AD55: =SUM(AD52:AD54) -> 221047 | AE55: =Q55-AD55 -> -7456 | AF55: =AE55/AD55 -> -0.033730383 | AG55: 216107 | AH55: =Q55-AG55 -> -2516
D56: Total Occupancy % 出租率合计 | E56: =E55/E48 -> 0.90551632 | F56: =F55/F48 -> 0.90611792 | G56: =G55/G48 -> 0.8555545 | H56: =H55/H48 -> 0.84423077 | I56: =I55/I48 -> 0.8455335 | J56: =J55/J48 -> 0.83742604 | K56: =K55/K48 -> 0.90551632 | L56: =L55/L48 -> 0.90551632 | ... AD56: =AD55/AD48 -> 0.89342241 | AE56: =Q56-AD56 -> -0.027770311 | AF56: =AE56/AD56 -> -0.031083069 | AG56: 0.87584907 | AH56: =Q56-AG56 -> -0.010196968
D57: Paid Occupancy % 付费房出租率 | E57: =E52/E48 -> 0.89998091 | F57: =F52/F48 -> 0.89998943 | G57: =G52/G48 -> 0.85001909 | H57: =H52/H48 -> 0.83851085 | I57: =I52/I48 -> 0.83999809 | J57: =J52/J48 -> 0.83170611 | K57: =K52/K48 -> 0.89998091 | L57: =L52/L48 -> 0.89998091 | ... AD57: =AD52/AD48 -> 0.88575921 | AE57: =Q57-AD57 -> -0.02574867 | AF57: =AE57/AD57 -> -0.029069604 | AG57: 0.86598444 | AH57: =Q57-AG57 -> -0.0059738997
D58: Average Rate 平均房费 | E58: =E15/E52 -> 0 | F58: =F15/F52 -> 0 | G58: =G15/G52 -> 0 | H58: =H15/H52 -> 0 | I58: =I15/I52 -> 0 | J58: =J15/J52 -> 0 | K58: =K15/K52 -> 0 | L58: =L15/L52 -> 0 | ... AD58: =AD15/AD52 -> 0 | AE58: =Q58-AD58 -> 0 | AF58: =AE58/AD58 -> #DIV/0! | AG58: 0 | AH58: =Q58-AG58 -> 0
D59: RevPAR 每间房平均房费 | E59: =E15/E48 -> 0 | F59: =F15/F48 -> 0 | G59: =G15/G48 -> 0 | H59: =H15/H48 -> 0 | I59: =I15/I48 -> 0 | J59: =J15/J48 -> 0 | K59: =K15/K48 -> 0 | L59: =L15/L48 -> 0 | ... AD59: =AD15/AD48 -> 0 | AE59: =Q59-AD59 -> 0 | AF59: =AE59/AD59 -> #DIV/0! | AG59: 0 | AH59: =Q59-AG59 -> 0
D60: Cost per Occupied Room 每个占用房间成本 | E60: =(E44+E17)/E55 -> 49.333885 | F60: =(F44+F17)/F55 -> 45.920871 | G60: =(G44+G17)/G55 -> 45.052538 | H60: =(H44+H17)/H55 -> 47.663112 | I60: =(I44+I17)/I55 -> 46.805302 | J60: =(J44+J17)/J55 -> 46.17105 | K60: =(K44+K17)/K55 -> 42.874594 | L60: =(L44+L17)/L55 -> 43.760495 | ... AD60: =(AD44+AD17)/AD55 -> 42.821422 | AE60: =Q60-AD60 -> 3.4759787 | AF60: =AE60/AD60 -> 0.081173827 | AG60: 29.721975 | AH60: =AG60-Q60 -> -16.575426
AH61: =AG61-Q61 -> 0
D62: LABOUR COST ANALYSIS 人工成本费用 | AH62: =AG62-Q62 -> 0
D63: Salary & Wages 工资 | AH63: =AG63-Q63 -> 0
A64: <<50010300,50010400 | B64: <<10200 | D64: Managers 经理 | E64: 96572.92 | F64: 96572.92 | G64: 96967.92 | H64: 96967.92 | I64: 96967.92 | J64: 96967.92 | K64: 96967.92 | L64: 103170.42 | M64: 103170.42 | N64: 103170.42 | O64: 103170.42 | P64: 103170.42 | Q64: =SUM(E64:P64) -> 1193837.5 | R64: 76709.68 | S64: 77471.26 | T64: 78000 | U64: 76928.09 | V64: 72500 | W64: 68040.57 | X64: 67000 | Y64: 67000 | Z64: 90500 | AA64: 90500 | AB64: 90500 | AC64: 90500 | AD64: =SUM(R64:AC64) -> 945649.6 | AE64: =Q64-AD64 -> 248187.94 | AF64: =AE64/AD64 -> 0.26245233 | AG64: 821789.58 | AH64: =AG64-Q64 -> -372047.96
A65: <<50010100..50010200,50010500..50010700,50012500..50012600 | B65: <<10200 | D65: Front Office 前厅 | E65: 57466 | F65: 57466 | G65: 57466 | H65: 57466 | I65: 57466 | J65: 57466 | K65: 57466 | L65: 57466 | M65: 57466 | N65: 57466 | O65: 57466 | P65: 57466 | Q65: =SUM(E65:P65) -> 689592 | R65: 80094.25 | S65: 78603.81 | T65: 77075.86 | U65: 77623.47 | V65: 78064.37 | W65: 78974.86 | X65: 80158.15 | Y65: 79443.16 | Z65: 49595 | AA65: 49595 | AB65: 49595 | AC65: 49595 | AD65: =SUM(R65:AC65) -> 828417.93 | AE65: =Q65-AD65 -> -138825.93 | AF65: =AE65/AD65 -> -0.16757958 | AG65: 1049366.2 | AH65: =AG65-Q65 -> 359774.16
A66: Z | D66: Housekeeping 客房 | Q66: =SUM(E66:P66) -> 0 | R66: 0 | S66: 0 | T66: 0 | U66: 0 | V66: 0 | W66: 0 | X66: 0 | Y66: 0 | Z66: 0 | AA66: 0 | AB66: 0 | AC66: 0 | AD66: =SUM(R66:AC66) -> 0 | AE66: =Q66-AD66 -> 0 | AF66: =AE66/AD66 -> #DIV/0! | AG66: 0 | AH66: =AG66-Q66 -> 0
A67: Z | D67: Reservations 预定 | Q67: =SUM(E67:P67) -> 0 | R67: 0 | S67: 0 | T67: 0 | U67: 0 | V67: 0 | W67: 0 | X67: 0 | Y67: 0 | Z67: 0 | AA67: 0 | AB67: 0 | AC67: 0 | AD67: =SUM(R67:AC67) -> 0 | AE67: =Q67-AD67 -> 0 | AF67: =AE67/AD67 -> #DIV/0! | AG67: 0 | AH67: =AG67-Q67 -> 0
A68: Z | D68: Rooms Admin房务行政 | Q68: =SUM(E68:P68) -> 0 | R68: 0 | S68: 0 | T68: 0 | U68: 0 | V68: 0 | W68: 0 | X68: 0 | Y68: 0 | Z68: 0 | AA68: 0 | AB68: 0 | AC68: 0 | AD68: =SUM(R68:AC68) -> 0 | AE68: =Q68-AD68 -> 0 | AF68: =AE68/AD68 -> #DIV/0! | AG68: 0 | AH68: =AG68-Q68 -> 0
D69: Total Remuneration 薪酬小计 | E69: =SUM(E64:E68) -> 154038.92 | F69: =SUM(F64:F68) -> 154038.92 | G69: =SUM(G64:G68) -> 154433.92 | H69: =SUM(H64:H68) -> 154433.92 | I69: =SUM(I64:I68) -> 154433.92 | J69: =SUM(J64:J68) -> 154433.92 | K69: =SUM(K64:K68) -> 154433.92 | L69: =SUM(L64:L68) -> 160636.42 | ... AD69: =SUM(AD64:AD68) -> 1774067.5 | AE69: =Q69-AD69 -> 109362.01 | AF69: =AE69/AD69 -> 0.061644784 | AG69: 1871155.7 | AH69: =AG69-Q69 -> -12273.8
AH70: =AG70-Q70 -> 0
A71: <<50012300 | B71: <<10200 | D71: Overtime 加班 | E71: 51544.83 | F71: 0 | G71: 0 | H71: 12266.93 | I71: 19779.32 | J71: 0 | K71: 0 | L71: 0 | M71: 0 | N71: 52013.77 | O71: 0 | P71: 0 | Q71: =SUM(E71:P71) -> 135604.85 | R71: 12151.74 | S71: 33058.61 | T71: 0 | U71: 10896.54 | V71: 11724.15 | W71: 10648.29 | X71: 0 | Y71: 0 | Z71: 19240 | AA71: 57721 | AB71: 0 | AC71: 0 | AD71: =SUM(R71:AC71) -> 155440.33 | AE71: =Q71-AD71 -> -19835.48 | AF71: =AE71/AD71 -> -0.12760832 | AG71: 125106.5 | AH71: =AG71-Q71 -> -10498.35
A72: <<50012100..50012200 | B72: <<10200 | D72: Local staff Bonus 本地员工-年终奖金 | E72: 32044.57 | F72: 32177.91 | G72: 33344.57 | H72: 33344.57 | I72: 33344.57 | J72: 33344.57 | K72: 33344.57 | L72: 34261.24 | M72: 34261.24 | N72: 34261.24 | O72: 34261.24 | P72: 34261.24 | Q72: =SUM(E72:P72) -> 402251.53 | R72: 39335.3 | S72: 41168.3 | T72: 39807.3 | U72: 27096.93 | V72: 25593.55 | W72: 26189.72 | X72: 24633.54 | Y72: 25876.99 | Z72: 20015.83 | AA72: 20015.83 | AB72: 20015.83 | AC72: 20015.83 | AD72: =SUM(R72:AC72) -> 329764.95 | AE72: =Q72-AD72 -> 72486.58 | AF72: =AE72/AD72 -> 0.21981287 | AG72: 313785.03 | AH72: =AG72-Q72 -> -88466.5
A73: <<50021270 | B73: <<10200 | D73: Allowance 津贴 | E73: 19210 | F73: 18970 | G73: 19630 | H73: 19630 | I73: 19630 | J73: 19630 | K73: 19630 | L73: 19630 | M73: 19630 | N73: 19630 | O73: 19630 | P73: 19630 | Q73: =SUM(E73:P73) -> 234480 | R73: 14206.69 | S73: 13914.48 | T73: 13855.86 | U73: 13597.88 | V73: 13713 | W73: 13579.02 | X73: 14402 | Y73: 14651.61 | Z73: 23620 | AA73: 23700 | AB73: 23780 | AC73: 23780 | AD73: =SUM(R73:AC73) -> 206800.54 | AE73: =Q73-AD73 -> 27679.46 | AF73: =AE73/AD73 -> 0.13384617 | AG73: 91368 | AH73: =AG73-Q73 -> -143112
A74: <<50012400 | B74: <<10200 | D74: Vacation Pay 假期工资 | E74: 0 | F74: 0 | G74: 0 | H74: 0 | I74: 0 | J74: 0 | K74: 0 | L74: 0 | M74: 0 | N74: 0 | O74: 0 | P74: 0 | Q74: =SUM(E74:P74) -> 0 | R74: 0 | S74: 0 | T74: 0 | U74: 0 | V74: 0 | W74: 0 | X74: 0 | Y74: 0 | Z74: 0 | AA74: 0 | AB74: 0 | AC74: 0 | AD74: =SUM(R74:AC74) -> 0 | AE74: =Q74-AD74 -> 0 | AF74: =AE74/AD74 -> #DIV/0! | AG74: 0 | AH74: =AG74-Q74 -> 0
A75: <<50021280 | B75: <<10200 | D75: Incentive 奖金 | E75: 79662.5 | F75: 79662.5 | G75: 79662.5 | H75: 79662.5 | I75: 79662.5 | J75: 79662.5 | K75: 79662.5 | L75: 79662.5 | M75: 79662.5 | N75: 79662.5 | O75: 79662.5 | P75: 79662.5 | Q75: =SUM(E75:P75) -> 955950 | R75: 46470.35 | S75: 72517.56 | T75: 31528.04 | U75: 4942.35 | V75: 18957.08 | W75: 12023.61 | X75: 24540.95 | Y75: 351064.83 | Z75: 72314.2 | AA75: 79400 | AB75: 83900 | AC75: 88400 | AD75: =SUM(R75:AC75) -> 886058.97 | AE75: =Q75-AD75 -> 69891.03 | AF75: =AE75/AD75 -> 0.078878531 | AG75: 675886.28 | AH75: =AG75-Q75 -> -280063.72
D76: Total Salary & Wages 工资合计 | E76: =SUM(E71:E75) -> 182461.9 | F76: =SUM(F71:F75) -> 130810.41 | G76: =SUM(G71:G75) -> 132637.07 | H76: =SUM(H71:H75) -> 144904 | I76: =SUM(I71:I75) -> 152416.39 | J76: =SUM(J71:J75) -> 132637.07 | K76: =SUM(K71:K75) -> 132637.07 | L76: =SUM(L71:L75) -> 133553.74 | ... AD76: =SUM(AD71:AD75) -> 1578064.8 | AE76: =Q76-AD76 -> 150221.59 | AF76: =AE76/AD76 -> 0.09519355 | AG76: 1206145.8 | AH76: =AG76-Q76 -> -522140.57
AH77: =AG77-Q77 -> 0
A78: <<50013100 | B78: <<10200 | D78: PRC - Retirement Insurance 养老保险 | E78: 47682.13 | F78: 47682.13 | G78: 49336.61 | H78: 49336.61 | I78: 49336.61 | J78: 49336.61 | K78: 50164.49 | L78: 50531.29 | M78: 50531.29 | N78: 50531.29 | O78: 50531.29 | P78: 50531.29 | Q78: =SUM(E78:P78) -> 595531.64 | R78: 41220.94 | S78: 40518.89 | T78: 39536.38 | U78: 40415.21 | V78: 37927.09 | W78: 36843.49 | X78: 36803.21 | Y78: 36365.71 | Z78: 45727.11 | AA78: 61873.91 | AB78: 66844.71 | AC78: 66844.71 | AD78: =SUM(R78:AC78) -> 550921.36 | AE78: =Q78-AD78 -> 44610.28 | AF78: =AE78/AD78 -> 0.080973952 | AG78: 352888.3 | AH78: =AG78-Q78 -> -242643.34
A79: <<50013200 | B79: <<10200 | D79: PRC - Basic Medical Insurance 医疗保险 | E79: 19334.32 | F79: 19334.32 | G79: 19999.6 | H79: 19999.6 | I79: 19999.6 | J79: 19999.6 | K79: 20267.07 | L79: 20416.08 | M79: 20416.08 | N79: 20416.08 | O79: 20416.08 | P79: 20416.08 | Q79: =SUM(E79:P79) -> 241014.51 | R79: 21898.6 | S79: 21525.64 | T79: 21003.68 | U79: 21470.56 | V79: 20148.75 | W79: 19573.08 | X79: 14977.54 | Y79: 14773.59 | Z79: 18088 | AA79: 18088 | AB79: 18088 | AC79: 18088 | AD79: =SUM(R79:AC79) -> 227723.44 | AE79: =Q79-AD79 -> 13291.07 | AF79: =AE79/AD79 -> 0.058364962 | AG79: 171236.55 | AH79: =AG79-Q79 -> -69777.96
A80: <<50013300 | B80: <<10200 | D80: PRC - Unemployement fund 失业保险 | E80: 1487.26 | F80: 1487.26 | G80: 1538.44 | H80: 1538.44 | I80: 1538.44 | J80: 1538.44 | K80: 1559.06 | L80: 1570.52 | M80: 1570.52 | N80: 1570.52 | O80: 1570.52 | P80: 1570.52 | Q80: =SUM(E80:P80) -> 18539.94 | R80: 1288.16 | S80: 1266.22 | T80: 1235.52 | U80: 1262.98 | V80: 1185.22 | W80: 1151.36 | X80: 1150.1 | Y80: 1136.44 | Z80: 1131 | AA80: 1131 | AB80: 1131 | AC80: 1131 | AD80: =SUM(R80:AC80) -> 14200 | AE80: =Q80-AD80 -> 4339.94 | AF80: =AE80/AD80 -> 0.30562958 | AG80: 10485.65 | AH80: =AG80-Q80 -> -8054.29
A81: <<50013400 | B81: <<10200 | D81: PRC - Employee Liability (Injury) 工伤保险 | E81: 356.96 | F81: 356.96 | G81: 369.24 | H81: 369.24 | I81: 369.24 | J81: 369.24 | K81: 374.26 | L81: 377.01 | M81: 377.01 | N81: 377.01 | O81: 377.01 | P81: 377.01 | Q81: =SUM(E81:P81) -> 4450.19 | R81: 309.2 | S81: 303.93 | T81: 296.56 | U81: 303.15 | V81: 284.48 | W81: 276.36 | X81: 276.06 | Y81: 272.79 | Z81: 304 | AA81: 304 | AB81: 304 | AC81: 304 | AD81: =SUM(R81:AC81) -> 3538.53 | AE81: =Q81-AD81 -> 911.66 | AF81: =AE81/AD81 -> 0.25763806 | AG81: 3355.42 | AH81: =AG81-Q81 -> -1094.77
A82: <<50013500 | B82: <<10200 | D82: PRC - Birth Insurance 生育保险 | E82: 0 | F82: 0 | G82: 0 | H82: 0 | I82: 0 | J82: 0 | K82: 0 | L82: 0 | M82: 0 | N82: 0 | O82: 0 | P82: 0 | Q82: =SUM(E82:P82) -> 0 | R82: 0 | S82: 0 | T82: 0 | U82: 0 | V82: 0 | W82: 0 | X82: 0 | Y82: 0 | Z82: 0 | AA82: 0 | AB82: 0 | AC82: 0 | AD82: =SUM(R82:AC82) -> 0 | AE82: =Q82-AD82 -> 0 | AF82: =AE82/AD82 -> #DIV/0! | AG82: 7014.09 | AH82: =AG82-Q82 -> 7014.09
A83: <<50013600 | B83: <<10200 | D83: PRC - Housing Fund 住房公积金 | E83: 14223.75 | F83: 14250.02 | G83: 14600.02 | H83: 14600.02 | I83: 14600.02 | J83: 14600.02 | K83: 15590.15 | L83: 14714.64 | M83: 14714.64 | N83: 14714.64 | O83: 15704.77 | P83: 14714.64 | Q83: =SUM(E83:P83) -> 177027.33 | R83: 12827 | S83: 12608 | T83: 12413 | U83: 12484 | V83: 11637 | W83: 11182 | X83: 11182 | Y83: 10978 | Z83: 10199 | AA83: 10199 | AB83: 10199 | AC83: 10199 | AD83: =SUM(R83:AC83) -> 136107 | AE83: =Q83-AD83 -> 40920.33 | AF83: =AE83/AD83 -> 0.30064824 | AG83: 92993 | AH83: =AG83-Q83 -> -84034.33
A84: <<50013700 | B84: <<10200 | D84: PRC - Union Fee 工会经费 | E84: 5926 | F84: 4893 | G84: 4938 | H84: 5183 | I84: 5333 | J84: 4938 | K84: 4938 | L84: 5080 | M84: 5080 | N84: 6120 | O84: 5080 | P84: 5080 | Q84: =SUM(E84:P84) -> 62589 | R84: 5279.98 | S84: 5072.57 | T84: 8302.45 | U84: 8226.17 | V84: 4564.64 | W84: 4621.38 | X84: 4174.25 | Y84: 4708.07 | Z84: 6695 | AA84: 6695 | AB84: 6695 | AC84: 6695 | AD84: =SUM(R84:AC84) -> 71729.51 | AE84: =Q84-AD84 -> -9140.51 | AF84: =AE84/AD84 -> -0.12743026 | AG84: 64036.58 | AH84: =AG84-Q84 -> 1447.58
A85: Z | D85: PRC - Education Fund 教育经费 | E85: 0 | F85: 0 | G85: 0 | H85: 0 | I85: 0 | J85: 0 | K85: 0 | L85: 0 | M85: 0 | N85: 0 | O85: 0 | P85: 0 | Q85: =SUM(E85:P85) -> 0 | R85: 0 | S85: 0 | T85: 0 | U85: 0 | V85: 0 | W85: 0 | X85: 0 | Y85: 0 | Z85: 0 | AA85: 0 | AB85: 0 | AC85: 0 | AD85: =SUM(R85:AC85) -> 0 | AE85: =Q85-AD85 -> 0 | AF85: =AE85/AD85 -> #DIV/0! | AG85: 0 | AH85: =AG85-Q85 -> 0
D86: Total Social Security 社保合计 | E86: =SUM(E78:E85) -> 89010.42 | F86: =SUM(F78:F85) -> 88003.69 | G86: =SUM(G78:G85) -> 90781.91 | H86: =SUM(H78:H85) -> 91026.91 | I86: =SUM(I78:I85) -> 91176.91 | J86: =SUM(J78:J85) -> 90781.91 | K86: =SUM(K78:K85) -> 92893.03 | L86: =SUM(L78:L85) -> 92689.54 | ... AD86: =SUM(AD78:AD85) -> 1004219.8 | AE86: =Q86-AD86 -> 94932.77 | AF86: =AE86/AD86 -> 0.094533852 | AG86: 702009.59 | AH86: =AG86-Q86 -> -397143.02
AH87: =AG87-Q87 -> 0
A88: Z | D88: Expats - Insurance 外籍保险 | E88: 0 | F88: 0 | G88: 0 | H88: 0 | I88: 0 | J88: 0 | K88: 0 | L88: 0 | M88: 0 | N88: 0 | O88: 0 | P88: 0 | Q88: =SUM(E88:P88) -> 0 | R88: 0 | S88: 0 | T88: 0 | U88: 0 | V88: 0 | W88: 0 | X88: 0 | Y88: 0 | Z88: 0 | AA88: 0 | AB88: 0 | AC88: 0 | AD88: =SUM(R88:AC88) -> 0 | AE88: =Q88-AD88 -> 0 | AF88: =AE88/AD88 -> #DIV/0! | AG88: 0 | AH88: =AG88-Q88 -> 0
A89: Z | D89: Expats - Medical Insurance 外籍医疗保险 | E89: 0 | F89: 0 | G89: 0 | H89: 0 | I89: 0 | J89: 0 | K89: 0 | L89: 0 | M89: 0 | N89: 0 | O89: 0 | P89: 0 | Q89: =SUM(E89:P89) -> 0 | R89: 0 | S89: 0 | T89: 0 | U89: 0 | V89: 0 | W89: 0 | X89: 0 | Y89: 0 | Z89: 0 | AA89: 0 | AB89: 0 | AC89: 0 | AD89: =SUM(R89:AC89) -> 0 | AE89: =Q89-AD89 -> 0 | AF89: =AE89/AD89 -> #DIV/0! | AG89: 0 | AH89: =AG89-Q89 -> 0
A90: Z | D90: Expats - Benefits 外籍福利 | E90: 0 | F90: 0 | G90: 0 | H90: 0 | I90: 0 | J90: 0 | K90: 0 | L90: 0 | M90: 0 | N90: 0 | O90: 0 | P90: 0 | Q90: =SUM(E90:P90) -> 0 | R90: 0 | S90: 0 | T90: 0 | U90: 0 | V90: 0 | W90: 0 | X90: 0 | Y90: 0 | Z90: 0 | AA90: 0 | AB90: 0 | AC90: 0 | AD90: =SUM(R90:AC90) -> 0 | AE90: =Q90-AD90 -> 0 | AF90: =AE90/AD90 -> #DIV/0! | AG90: 0 | AH90: =AG90-Q90 -> 0
A91: <<50021110 | B91: <<10200 | D91: Local - Business Insurance 本地员工商业保险 | E91: 266.66 | F91: 266.66 | G91: 266.66 | H91: 266.66 | I91: 266.66 | J91: 266.66 | K91: 266.66 | L91: 266.66 | M91: 266.66 | N91: 266.66 | O91: 266.66 | P91: 266.66 | Q91: =SUM(E91:P91) -> 3199.92 | R91: 263.19 | S91: 254 | T91: 272 | U91: 264 | V91: 272 | W91: 264 | X91: 272 | Y91: 272 | Z91: 267 | AA91: 267 | AB91: 267 | AC91: 267 | AD91: =SUM(R91:AC91) -> 3201.19 | AE91: =Q91-AD91 -> -1.27 | AF91: =AE91/AD91 -> -0.00039672747 | AG91: 3458.63 | AH91: =AG91-Q91 -> 258.71
A92: <<50021290 | B92: <<10200 | D92: Other Benefits 其他福利 | E92: 4663.05 | F92: 4663.05 | G92: 4663.05 | H92: 4663.05 | I92: 4663.05 | J92: 4663.05 | K92: 4663.05 | L92: 4663.05 | M92: 4663.05 | N92: 4663.05 | O92: 4663.05 | P92: 4663.05 | Q92: =SUM(E92:P92) -> 55956.6 | R92: 640.23 | S92: 608.32 | T92: 799.67 | U92: 659.08 | V92: 609.89 | W92: 632.33 | X92: 636.38 | Y92: 626.83 | Z92: 636 | AA92: 636 | AB92: 636 | AC92: 636 | AD92: =SUM(R92:AC92) -> 7756.73 | AE92: =Q92-AD92 -> 48199.87 | AF92: =AE92/AD92 -> 6.213942 | AG92: 66514.69 | AH92: =AG92-Q92 -> 10558.09
A93: <<50032001..50032004 | B93: <<10200 | D93: Staff Dormitory & Related Expenses 员工宿舍及相关费用 | E93: 12205 | F93: 11220 | G93: 11373 | H93: 12823 | I93: 13263 | J93: 12573 | K93: 12635 | L93: 12901 | M93: 12903 | N93: 12962 | O93: 12031 | P93: 12003 | Q93: =SUM(E93:P93) -> 148892 | R93: 8971.49 | S93: 11363.84 | T93: 9313.74 | U93: 11186.47 | V93: 11840.52 | W93: 11428.87 | X93: 9017.35 | Y93: 10988.69 | Z93: 21341 | AA93: 20293 | AB93: 18980 | AC93: 18984 | AD93: =SUM(R93:AC93) -> 163708.97 | AE93: =Q93-AD93 -> -14816.97 | AF93: =AE93/AD93 -> -0.090507991 | AG93: 176279.28 | AH93: =AG93-Q93 -> 27387.28
A94: <<50031001,50021500 | B94: <<10200 | D94: Staff Cateen Allocation & OC 员工餐费 | E94: 46742.61 | F94: 39550.61 | G94: 39578.31 | H94: 40100.31 | I94: 43104.61 | J94: 40181.94 | K94: 39955.94 | L94: 39923.94 | M94: 40154.94 | N94: 46316.57 | O94: 39989.31 | P94: 39956.31 | Q94: =SUM(E94:P94) -> 495555.4 | R94: 44025.26 | S94: 39020.8 | T94: 37337.14 | U94: 37057.52 | V94: 26011.34 | W94: 30279.76 | X94: 28074.14 | Y94: 31373.14 | Z94: 58647 | AA94: 65018 | AB94: 59420 | AC94: 59420 | AD94: =SUM(R94:AC94) -> 515684.1 | AE94: =Q94-AD94 -> -20128.7 | AF94: =AE94/AD94 -> -0.039033005 | AG94: 793591.72 | AH94: =AG94-Q94 -> 298036.32
A95: Z | D95: Staff Canteen Allocation 员工餐分摊 | E95: 0 | F95: 0 | G95: 0 | H95: 0 | I95: 0 | J95: 0 | K95: 0 | L95: 0 | M95: 0 | N95: 0 | O95: 0 | P95: 0 | X95: 0 | Y95: 0 | Z95: 0 | AA95: 0 | AB95: 0 | AC95: 0 | AD95: =SUM(R95:AC95) -> 0 | AE95: =Q95-AD95 -> 0 | AF95: =AE95/AD95 -> #DIV/0! | AG95: 0 | AH95: =AG95-Q95 -> 0
A96: Z | D96: Dormitory & Related Allocation员工宿舍及相关费用分摊 | E96: 0 | F96: 0 | G96: 0 | H96: 0 | I96: 0 | J96: 0 | K96: 0 | L96: 0 | M96: 0 | N96: 0 | O96: 0 | P96: 0 | X96: 0 | Y96: 0 | Z96: 0 | AA96: 0 | AB96: 0 | AC96: 0 | AD96: =SUM(R96:AC96) -> 0 | AE96: =Q96-AD96 -> 0 | AF96: =AE96/AD96 -> #DIV/0! | AG96: 0 | AH96: =AG96-Q96 -> 0
D97: Total Benefits 福利合计 | E97: =SUM(E88:E96) -> 63877.32 | F97: =SUM(F88:F96) -> 55700.32 | G97: =SUM(G88:G96) -> 55881.02 | H97: =SUM(H88:H96) -> 57853.02 | I97: =SUM(I88:I96) -> 61297.32 | J97: =SUM(J88:J96) -> 57684.65 | K97: =SUM(K88:K96) -> 57520.65 | L97: =SUM(L88:L96) -> 57754.65 | ... AD97: =SUM(AD88:AD96) -> 690350.99 | AE97: =Q97-AD97 -> 13252.93 | AF97: =AE97/AD97 -> 0.01919738 | AG97: 1039844.3 | AH97: =AG97-Q97 -> 336240.4
D98: TOTAL LABOUR COST 人工成本合计 | E98: =E76+E86+E97+E69 -> 489388.56 | F98: =F76+F86+F97+F69 -> 428553.34 | G98: =G76+G86+G97+G69 -> 433733.92 | H98: =H76+H86+H97+H69 -> 448217.85 | I98: =I76+I86+I97+I69 -> 459324.54 | J98: =J76+J86+J97+J69 -> 435537.55 | K98: =K76+K86+K97+K69 -> 437484.67 | L98: =L76+L86+L97+L69 -> 444634.35 | ... AD98: =AD76+AD86+AD97+AD69 -> 5046703.2 | AE98: =Q98-AD98 -> 367769.3 | AF98: =AE98/AD98 -> 0.072873179 | AG98: 4819155.5 | AH98: =AG98-Q98 -> -595316.99
AH99: =AG99-Q99 -> 0
AH100: =AG100-Q100 -> 0
A101: <<90030100 | B101: <<10200 | D101: FTEs 员工人数 | E101: 38 | F101: 38 | G101: 38 | H101: 38 | I101: 38 | J101: 38 | K101: 38 | L101: 38 | M101: 38 | N101: 38 | O101: 38 | P101: 38 | Q101: =SUM(E101:P101)/12 -> 38 | R101: 32 | S101: 32 | T101: 32 | U101: 33 | V101: 31 | W101: 32 | X101: 30 | Y101: 32 | Z101: 28 | AA101: 28 | AB101: 28 | AC101: 28 | AD101: =SUM(R101:AC101)/12 -> 30.5 | AE101: =Q101-AD101 -> 7.5 | AF101: =AE101/AD101 -> 0.24590164 | AG101: 48.916667 | AH101: =AG101-Q101 -> 10.916667
Q103: =Q98/Q101 -> 142486.12 | AD103: =AD98/AD101 -> 165465.68
D105: Total Rooms Revenue 客房收入合计 | E105: ='Rooms+Summary'!E15 -> 29442573 | F105: ='Rooms+Summary'!F15 -> 34339448 | G105: ='Rooms+Summary'!G15 -> 20349212 | H105: ='Rooms+Summary'!H15 -> 18705258 | I105: ='Rooms+Summary'!I15 -> 17427010 | J105: ='Rooms+Summary'!J15 -> 15601860 | K105: ='Rooms+Summary'!K15 -> 23179432 | L105: ='Rooms+Summary'!L15 -> 26831725 | ... P105: ='Rooms+Summary'!P15 -> 19547757 | Q105: =SUM(E105:P105) -> 252268372 | R105: ='Rooms+Summary'!R15 -> 33339933 | S105: ='Rooms+Summary'!S15 -> 52712408 | T105: ='Rooms+Summary'!T15 -> 22181852 | U105: ='Rooms+Summary'!U15 -> 18679121 | V105: ='Rooms+Summary'!V15 -> 17436274 | W105: ='Rooms+Summary'!W15 -> 15572622 | X105: ='Rooms+Summary'!X15 -> 23202310 | Y105: ='Rooms+Summary'!Y15 -> 27004827 | ... AC105: ='Rooms+Summary'!AC15 -> 17813000 | AD105: =SUM(R105:AC105) -> 2.7141041e+08
...

Sheet HSKP
A1: D31 | D1: Hotel Profit & Loss Budget Report 酒店年度预算报表 | E1: ='Front office'!E$1 -> 2025001 | F1: ='Front office'!F$1 -> 2025002 | G1: ='Front office'!G$1 -> 2025003 | H1: ='Front office'!H$1 -> 2025004 | I1: ='Front office'!I$1 -> 2025005 | J1: ='Front office'!J$1 -> 2025006 | K1: ='Front office'!K$1 -> 2025007 | L1: ='Front office'!L$1 -> 2025008 | ... P1: ='Front office'!P$1 -> 2025012 | R1: 2024001 | S1: 2024002 | T1: 2024003 | U1: 2024004 | V1: 2024005 | W1: 2024006 | X1: 2024007 | Y1: 2024008 | Z1: 2024009 | AA1: 2024010 | AB1: 2024011 | AC1: 2024012
D2: MGM Grand Sanya 三亚美高梅度假酒店 | E2: ='Front office'!E$2 -> 2025001 | F2: ='Front office'!F$2 -> 2025002 | G2: ='Front office'!G$2 -> 2025003 | H2: ='Front office'!H$2 -> 2025004 | I2: ='Front office'!I$2 -> 2025005 | J2: ='Front office'!J$2 -> 2025006 | K2: ='Front office'!K$2 -> 2025007 | L2: ='Front office'!L$2 -> 2025008 | ... P2: ='Front office'!P$2 -> 2025012 | R2: 2024001 | S2: 2024002 | T2: 2024003 | U2: 2024004 | V2: 2024005 | W2: 2024006 | X2: 2024007 | Y2: 2024008 | Z2: 2024009 | AA2: 2024010 | AB2: 2024011 | AC2: 2024012
D3: Housekeeping 客房部损益 | E3: A | F3: A | G3: A | H3: A | I3: A | J3: A | K3: B | L3: B | M3: B | N3: B | O3: B | P3: B | R3: A | S3: A | T3: A | U3: A | V3: A | W3: A | X3: A | Y3: A | Z3: A | AA3: A | AB3: A | AC3: A
D4: =+'2025 Summay'!$D$7 -> 2025
E6: ='Rooms+Summary'!E6 -> 1 | F6: ='Rooms+Summary'!F6 -> 2 | G6: ='Rooms+Summary'!G6 -> 3 | H6: ='Rooms+Summary'!H6 -> 4 | I6: ='Rooms+Summary'!I6 -> 5 | J6: ='Rooms+Summary'!J6 -> 6 | K6: ='Rooms+Summary'!K6 -> 7 | L6: ='Rooms+Summary'!L6 -> 8 | ... AD6: ='Rooms+Summary'!AD6 -> 2024 | AG6: 2019
E7: ='Rooms+Summary'!E7 -> Budget | F7: ='Rooms+Summary'!F7 -> Budget | G7: ='Rooms+Summary'!G7 -> Budget | H7: ='Rooms+Summary'!H7 -> Budget | I7: ='Rooms+Summary'!I7 -> Budget | J7: ='Rooms+Summary'!J7 -> Budget | K7: ='Rooms+Summary'!K7 -> Budget | L7: ='Rooms+Summary'!L7 -> Budget | ... AD7: ='Rooms+Summary'!AD7 -> Forecast | AE7: Var. | AF7: Var.% | AG7: Actual
D8: REVENUE 收入
A9: <<30100110..30100180 | B9: <<10300 | C9: <<LDTA,LDMW,LINW,TFIT,LWMM,ADV,TPKG,OPKG,TGDS,TWMM,TDMH,LSG | D9: Transient 散客 | Q9: =SUM(E9:P9) -> 0 | R9: 0 | S9: 0 | T9: 0 | U9: 0 | V9: 0 | W9: 0 | X9: 0 | Y9: 0 | Z9: 0 | AA9: 0 | AB9: 0 | AC9: 0 | AD9: =SUM(R9:AC9) -> 0 | AE9: =Q9-AD9 -> 0 | AF9: =AE9/AD9 -> #DIV/0! | AG9: 0 | AH9: =Q9-AG9 -> 0
A10: <<30100110..30100180 | B10: <<10300 | C10: <<TSMG,LDMA,VCOR,VSMF,VASS,GOT,VINC,LDSE,LISE,LINA,TCOR,COA,COB,COC,COS,OOWN,TIND,TPAR | D10: Group 团队 | Q10: =SUM(E10:P10) -> 0 | R10: 0 | S10: 0 | T10: 0 | U10: 0 | V10: 0 | W10: 0 | X10: 0 | Y10: 0 | Z10: 0 | AA10: 0 | AB10: 0 | AC10: 0 | AD10: =SUM(R10:AC10) -> 0 | AE10: =Q10-AD10 -> 0 | AF10: =AE10/AD10 -> #DIV/0! | AG10: 0 | AH10: =Q10-AG10 -> 0
A11: z | D11: Contract 合约 | Q11: =SUM(E11:P11) -> 0 | R11: 0 | S11: 0 | T11: 0 | U11: 0 | V11: 0 | W11: 0 | X11: 0 | Y11: 0 | Z11: 0 | AA11: 0 | AB11: 0 | AC11: 0 | AD11: =SUM(R11:AC11) -> 0 | AE11: =Q11-AD11 -> 0 | AG11: 0 | AH11: =Q11-AG11 -> 0
A12: z | D12: Rooms Revenue 房费收入 | Q12: =SUM(Q9:Q11) -> 0 | R12: =SUM(R9:R11) -> 0 | S12: =SUM(S9:S11) -> 0 | T12: =SUM(T9:T11) -> 0 | U12: =SUM(U9:U11) -> 0 | V12: =SUM(V9:V11) -> 0 | W12: =SUM(W9:W11) -> 0 | X12: =SUM(X9:X11) -> 0 | ... AC12: =SUM(AC9:AC11) -> 0 | AD12: =SUM(R12:AC12) -> 0 | AE12: =Q12-AD12 -> 0 | AF12: =AE12/AD12 -> #DIV/0! | AG12: 0 | AH12: =Q12-AG12 -> 0
A13: <<38108100 | B13: <<10300 | D13: Service Charge 服务费 | Q13: =SUM(E13:P13) -> 0 | R13: 0 | S13: 0 | T13: 0 | U13: 0 | V13: 0 | W13: 0 | X13: 0 | Y13: 0 | Z13: 0 | AA13: 0 | AB13: 0 | AC13: 0 | AD13: =SUM(R13:AC13) -> 0 | AE13: =Q13-AD13 -> 0 | AF13: =AE13/AD13 -> #DIV/0! | AG13: 0 | AH13: =Q13-AG13 -> 0
A14: z | D14: Other Revenue 其他收入 | Q14: =SUM(E14:P14) -> 0 | R14: 0 | S14: 0 | T14: 0 | U14: 0 | V14: 0 | W14: 0 | X14: 0 | Y14: 0 | Z14: 0 | AA14: 0 | AB14: 0 | AC14: 0 | AD14: =SUM(R14:AC14) -> 0 | AE14: =Q14-AD14 -> 0 | AG14: 0 | AH14: =Q14-AG14 -> 0
D15: Total Rooms Revenue 客房收入合计 | Q15: =SUM(Q12:Q14) -> 0 | R15: =SUM(R12:R14) -> 0 | S15: =SUM(S12:S14) -> 0 | T15: =SUM(T12:T14) -> 0 | U15: =SUM(U12:U14) -> 0 | V15: =SUM(V12:V14) -> 0 | W15: =SUM(W12:W14) -> 0 | X15: =SUM(X12:X14) -> 0 | ... AC15: =SUM(AC12:AC14) -> 0 | AD15: =SUM(R15:AC15) -> 0 | AE15: =Q15-AD15 -> 0 | AF15: =AE15/AD15 -> #DIV/0! | AG15: 0 | AH15: =Q15-AG15 -> 0
AD16: =SUM(R16:AC16) -> 0 | AG16: 0 | AH16: =Q16-AG16 -> 0
A17: <<5..59999999 | B17: <<10300 | D17: Total Labour Costs 人工成本合计 | E17: =E98 -> 371368.44 | F17: =F98 -> 320954.76 | G17: =G98 -> 326904.01 | H17: =H98 -> 353571.13 | I17: =I98 -> 369101.85 | J17: =J98 -> 348387.79 | K17: =K98 -> 350427.08 | L17: =L98 -> 349589.51 | ... AC17: =AC98 -> 626759.27 | AD17: =SUM(R17:AC17) -> 5476221.5 | AE17: =Q17-AD17 -> -1236510.1 | AF17: =AE17/AD17 -> -0.22579621 | AG17: 8676149 | AH17: =AG17-Q17 -> 4436437.6
Q18: 37.229326
D19: OPERATING EXPENSES 营运费用
A20: <<60010011 | B20: <<10300 | D20: Comm - Travel Agents 佣金 - 旅行社 | Q20: =SUM(E20:P20) -> 0 | R20: 0 | S20: 0 | T20: 0 | U20: 0 | V20: 0 | W20: 0 | X20: 0 | Y20: 0 | Z20: 0 | AA20: 0 | AB20: 0 | AC20: 0 | AD20: =SUM(R20:AC20) -> 0 | AE20: =Q20-AD20 -> 0 | AF20: =AE20/AD20 -> #DIV/0! | AG20: 0 | AH20: =AG20-Q20 -> 0
A21: <<60010040 | B21: <<10300 | D21: Contract Cleaning 清洁合同 | E21: =ROUND(E55*45,0) -> 853920 | F21: =ROUND(F55*39,0) -> 668889 | G21: =ROUND(G55*39,0) -> 699231 | H21: =ROUND(H55*39,0) -> 667719 | I21: =ROUND(I55*39,0) -> 691041 | J21: =ROUND(J55*39,0) -> 662337 | K21: =ROUND(K55*39,0) -> 740064 | L21: =ROUND(L55*39,0) -> 740064 | M21: =ROUND(M55*39,0) -> 653094 | ... O21: =ROUND(O55*39,0) -> 660972 | P21: =ROUND(P55*39,0)-8 -> 723715 | Q21: =SUM(E21:P21) -> 8443897 | R21: 758692.87 | S21: 835794.58 | T21: 760190.19 | U21: 794134.29 | V21: 754914.49 | W21: 754840.44 | X21: 793814.79 | Y21: 785569.6 | Z21: 540372.39 | AA21: 560012.39 | AB21: 564692.39 | AC21: 601932.39 | AD21: =SUM(R21:AC21) -> 8504960.8 | AE21: =Q21-AD21 -> -61063.81 | AF21: =AE21/AD21 -> -0.0071797873 | AG21: 5318127.2 | AH21: =AG21-Q21 -> -3125769.8
A22: <<60010050 | B22: <<10300 | D22: Contract Services 服务合同 | E22: =+E107+E108+E109 -> 179843.4 | F22: =+F107+F108+F109 -> 153271.77 | G22: =+G107+G108+G109 -> 155058.43 | H22: =+H107+H108+H109 -> 165167.52 | I22: =+I107+I108+I109 -> 174623.29 | J22: =+J107+J108+J109 -> 159022.13 | K22: =+K107+K108+K109 -> 160595.96 | L22: =+L107+L108+L109 -> 159352.09 | ... P22: =+P107+P108+P109 -> 158923.54 | Q22: =SUM(E22:P22) -> 1976060.2 | R22: 212412.4 | S22: 252728.14 | T22: 204435.12 | U22: 164599.65 | V22: 156983.29 | W22: 170097.98 | X22: 178862.04 | Y22: 187252.05 | Z22: 63443 | AA22: 39512.5 | AB22: 33359.1 | AC22: 42315.01 | AD22: =SUM(R22:AC22) -> 1706000.3 | AE22: =Q22-AD22 -> 270059.9 | AF22: =AE22/AD22 -> 0.15830003 | AG22: 99832.05 | AH22: =AG22-Q22 -> -1876228.1
A23: <<60010060 | B23: <<10300 | D23: Promotion Decoration 推广装饰 | E23: 85000 | F23: 0 | G23: 0 | H23: 0 | I23: 0 | J23: 0 | K23: 0 | L23: 0 | M23: 0 | N23: 0 | O23: 0 | P23: 20000 | Q23: =SUM(E23:P23) -> 105000 | R23: 42862.61 | S23: 84205.42 | T23: 0 | U23: 0 | V23: 0 | W23: 0 | X23: 0 | Y23: 0 | Z23: 0 | AA23: 0 | AB23: 0 | AC23: 100000 | AD23: =SUM(R23:AC23) -> 227068.03 | AE23: =Q23-AD23 -> -122068.03 | AF23: =AE23/AD23 -> -0.53758352 | AG23: 476526.92 | AH23: =AG23-Q23 -> 371526.92
A24: <<60010080 | B24: <<10300 | D24: Entertainment 招待 | E24: 0 | F24: 0 | G24: 0 | H24: 0 | I24: 0 | J24: 0 | K24: 0 | L24: 0 | M24: 0 | N24: 0 | O24: 0 | P24: 0 | Q24: =SUM(E24:P24) -> 0 | R24: 0 | S24: 0 | T24: 0 | U24: 0 | V24: 0 | W24: 0 | X24: 0 | Y24: 11.27 | Z24: 0 | AA24: 0 | AB24: 0 | AC24: 0 | AD24: =SUM(R24:AC24) -> 11.27 | AE24: =Q24-AD24 -> -11.27 | AF24: =AE24/AD24 -> -1 | AG24: 948.92 | AH24: =AG24-Q24 -> 948.92
A25: <<60010093 | B25: <<10300 | D25: Guest Supplies 客用品 - Magazines&Newspapers 杂志&报纸 | E25: 1200 | F25: 1200 | G25: 1200 | H25: 1200 | I25: 1200 | J25: 1200 | K25: 1200 | L25: 1200 | M25: 1200 | N25: 1200 | O25: 1200 | P25: 1200 | Q25: =SUM(E25:P25) -> 14400 | R25: 0 | S25: 2334.22 | T25: 1167.11 | U25: 1167.11 | V25: 1167.11 | W25: 1167.11 | X25: 1167.11 | Y25: 1167.11 | Z25: 1500 | AA25: 1500 | AB25: 1500 | AC25: 1500 | AD25: =SUM(R25:AC25) -> 15336.88 | AE25: =Q25-AD25 -> -936.88 | AF25: =AE25/AD25 -> -0.06108674 | AG25: 22690.91 | AH25: =AG25-Q25 -> 8290.91
A26: <<60010094 | B26: <<10300 | D26: Guest Supplies 客用品 - Others 其他 | E26: =ROUND(E55*45,0) -> 853920 | F26: =ROUND(F55*43,0) -> 737493 | G26: =ROUND(G55*33,0) -> 591657 | H26: =ROUND(H55*33,0) -> 564993 | I26: =ROUND(I55*33,0) -> 584727 | J26: =ROUND(J55*33,0) -> 560439 | K26: =ROUND(K55*36,0) -> 683136 | L26: =ROUND(L55*36,0) -> 683136 | M26: =ROUND(M55*33,0) -> 552618 | N26: =ROUND(N55*35,0) -> 612815 | O26: =ROUND(O55*33,0) -> 559284 | P26: =ROUND(P55*35,0) -> 649495 | Q26: =SUM(E26:P26) -> 7633713 | R26: 1036735.7 | S26: 1178844.4 | T26: 961807.51 | U26: 834167.11 | V26: 896568.96 | W26: 580238 | X26: 701306.13 | Y26: 801207.21 | Z26: 675844 | AA26: 763875 | AB26: 769140 | AC26: 811035 | AD26: =SUM(R26:AC26) -> 10010769 | AE26: =Q26-AD26 -> -2377056.1 | AF26: =AE26/AD26 -> -0.2374499 | AG26: 5521542.2 | AH26: =AG26-Q26 -> -2112170.8
A27: <<60010110 | B27: <<10300 | D27: Communication/Satellite/Cable 通讯/卫星/有线收视 | E27: 44998 | F27: 44998 | G27: 44998 | H27: 44998 | I27: 44998 | J27: 44998 | K27: 44998 | L27: 44998 | M27: 44998 | N27: 44998 | O27: 44998 | P27: 44998 | Q27: =SUM(E27:P27) -> 539976 | R27: 43288.87 | S27: 43288.87 | T27: 43288.87 | U27: 14040 | V27: 14040 | W27: 14039.99 | X27: 14040 | Y27: 14040 | Z27: 14040 | AA27: 14040 | AB27: 14040 | AC27: 14040 | AD27: =SUM(R27:AC27) -> 256226.6 | AE27: =Q27-AD27 -> 283749.4 | AF27: =AE27/AD27 -> 1.1074159 | AG27: 692424.28 | AH27: =AG27-Q27 -> 152448.28
A28: Z | D28: Reservations Fees预订费 | E28: 0 | F28: 0 | G28: 0 | H28: 0 | I28: 0 | J28: 0 | K28: 0 | L28: 0 | M28: 0 | N28: 0 | O28: 0 | P28: 0 | Q28: =SUM(E28:P28) -> 0 | R28: 0 | S28: 0 | T28: 0 | U28: 0 | V28: 0 | W28: 0 | X28: 0 | Y28: 0 | Z28: 0 | AA28: 0 | AB28: 0 | AC28: 0 | AD28: =SUM(R28:AC28) -> 0 | AE28: =Q28-AD28 -> 0 | AF28: =AE28/AD28 -> #DIV/0! | AG28: 0 | AH28: =AG28-Q28 -> 0
A29: <<60010021 | B29: <<10300 | D29: Complimentaries - Give Away 免费赠送 | E29: 0 | F29: 0 | G29: 0 | H29: 0 | I29: 0 | J29: 0 | K29: 0 | L29: 0 | M29: 0 | N29: 0 | O29: 0 | P29: 0 | Q29: =SUM(E29:P29) -> 0 | R29: 0 | S29: 0 | T29: 0 | U29: 0 | V29: 0 | W29: 0 | X29: 0 | Y29: 0 | Z29: 0 | AA29: 0 | AB29: 0 | AC29: 0 | AD29: =SUM(R29:AC29) -> 0 | AE29: =Q29-AD29 -> 0 | AF29: =AE29/AD29 -> #DIV/0! | AG29: 0 | AH29: =AG29-Q29 -> 0
A30: <<60011210 | B30: <<10300 | D30: Chinaware 瓷器 | E30: 7255 | F30: 6633 | G30: 6920 | H30: 6771 | I30: 6467 | J30: 6793 | K30: 7339 | L30: 7339 | M30: 6698 | N30: 6417 | O30: 6536 | P30: 7339 | Q30: =SUM(E30:P30) -> 82507 | R30: 11823 | S30: 11191 | T30: 11205 | U30: 0 | V30: 0 | W30: 0 | X30: 0 | Y30: 0 | Z30: 0 | AA30: 0 | AB30: 0 | AC30: 0 | AD30: =SUM(R30:AC30) -> 34219 | AE30: =Q30-AD30 -> 48288 | AF30: =AE30/AD30 -> 1.4111459 | AG30: 27597 | AH30: =AG30-Q30 -> -54910
A31: <<60011220 | B31: <<10300 | D31: Cleaning Supplies&Chemicals 清洁用品&化学药剂 | E31: 84872 | F31: 76658 | G31: 82986 | H31: 77571 | I31: 78082 | J31: 74833 | K31: 83929 | L31: 83929 | M31: 73008 | N31: 77328 | O31: 73921 | P31: 82043 | Q31: =SUM(E31:P31) -> 949160 | R31: 85680.73 | S31: 55292.73 | T31: 90870.68 | U31: 84802.96 | V31: 43763.24 | W31: 81104.08 | X31: 72387.95 | Y31: 88169.51 | Z31: 79314 | AA31: 101103 | AB31: 94261 | AC31: 101215 | AD31: =SUM(R31:AC31) -> 977964.88 | AE31: =Q31-AD31 -> -28804.88 | AF31: =AE31/AD31 -> -0.0294539 | AG31: 911171.85 | AH31: =AG31-Q31 -> -37988.15
A32: <<60011250 | B32: <<10300 | D32: Linen 布巾 | E32: 21124 | F32: 19931 | G32: 20654 | H32: =344760-250000 -> 94760 | I32: 19434 | J32: 18625 | K32: 20889 | L32: 21821 | M32: 22876 | N32: 115304 | O32: 110224 | P32: 22243 | Q32: =SUM(E32:P32) -> 507885 | R32: 22198 | S32: 22198 | T32: 22198 | U32: 0 | V32: 0 | W32: 0 | X32: 0 | Y32: 100000 | Z32: 0 | AA32: 0 | AB32: 0 | AC32: 0 | AD32: =SUM(R32:AC32) -> 166594 | AE32: =Q32-AD32 -> 341291 | AF32: =AE32/AD32 -> 2.0486392 | AG32: 630173 | AH32: =AG32-Q32 -> 122288
A33: <<60011270 | B33: <<10300 | D33: Other Operating Supplies 其他运营用品 | E33: 32648 | F33: 16583 | G33: 17300 | H33: 16928 | I33: 48504 | J33: 50949 | K33: 18348 | L33: 18348 | M33: 75357 | N33: 72189 | O33: 16340 | P33: 18348 | Q33: =SUM(E33:P33) -> 401842 | R33: 37130.32 | S33: 798.65 | T33: 1215 | U33: -15168.49 | V33: 140257.38 | W33: 13837.24 | X33: 105.4 | Y33: 6315.89 | Z33: 9890 | AA33: 33950 | AB33: 34184 | AC33: 36046 | AD33: =SUM(R33:AC33) -> 298561.39 | AE33: =Q33-AD33 -> 103280.61 | AF33: =AE33/AD33 -> 0.34592755 | AG33: 836168.96 | AH33: =AG33-Q33 -> 434326.96
A34: <<60011310 | B34: <<10300 | D34: Uniforms 制服 | E34: 1673 | F34: 1673 | G34: 1673 | H34: 1673 | I34: 1673 | J34: 1673 | K34: 1673 | L34: 1673 | M34: 1673 | N34: 1673 | O34: 1673 | P34: 1673 | Q34: =SUM(E34:P34) -> 20076 | R34: 4629 | S34: 4629 | T34: 4465.4 | U34: -10.2 | V34: 0 | W34: 0 | X34: 0 | Y34: -38.4 | Z34: 0 | AA34: 0 | AB34: 0 | AC34: 0 | AD34: =SUM(R34:AC34) -> 13674.8 | AE34: =Q34-AD34 -> 6401.2 | AF34: =AE34/AD34 -> 0.46810191 | AG34: 171309.5 | AH34: =AG34-Q34 -> 151233.5
A35: <<60012050 | B35: <<10300 | D35: Taskforce Expenses 外援费用 | E35: 0 | F35: 0 | G35: 0 | H35: 0 | I35: 0 | J35: 0 | K35: 0 | L35: 0 | M35: 0 | N35: 0 | O35: 0 | P35: 0 | Q35: =SUM(E35:P35) -> 0 | R35: 0 | S35: 0 | T35: 0 | U35: 0 | V35: 0 | W35: 0 | X35: 0 | Y35: 0 | Z35: 0 | AA35: 0 | AB35: 0 | AC35: 0 | AD35: =SUM(R35:AC35) -> 0 | AE35: =Q35-AD35 -> 0 | AF35: =AE35/AD35 -> #DIV/0! | AG35: 0 | AH35: =AG35-Q35 -> 0
A36: <<60011460 | B36: <<10300 | D36: Plant Hire 植物租摆 | E36: 28000 | F36: 28000 | G36: 21000 | H36: 21000 | I36: 21000 | J36: 21000 | K36: 21000 | L36: 21000 | M36: 21000 | N36: 21000 | O36: 21000 | P36: 23000 | Q36: =SUM(E36:P36) -> 268000 | R36: 28365.68 | S36: 28520.36 | T36: 21153.64 | U36: 21032.51 | V36: 20901.78 | W36: 20591.86 | X36: 21224.39 | Y36: 20698.89 | Z36: 21000 | AA36: 21000 | AB36: 21000 | AC36: 21000 | AD36: =SUM(R36:AC36) -> 266489.11 | AE36: =Q36-AD36 -> 1510.89 | AF36: =AE36/AD36 -> 0.0056696125 | AG36: 154413.38 | AH36: =AG36-Q36 -> -113586.62
A37: <<60012020 | B37: <<10300 | D37: Postage 邮费 | E37: 0 | F37: 0 | G37: 0 | H37: 0 | I37: 0 | J37: 0 | K37: 0 | L37: 0 | M37: 0 | N37: 0 | O37: 0 | P37: 0 | Q37: =SUM(E37:P37) -> 0 | R37: 0 | S37: 0 | T37: 0 | U37: 5.66 | V37: 0 | W37: 0 | X37: 0 | Y37: 0 | Z37: 0 | AA37: 0 | AB37: 0 | AC37: 0 | AD37: =SUM(R37:AC37) -> 5.66 | AE37: =Q37-AD37 -> -5.66 | AF37: =AE37/AD37 -> -1 | AG37: 3525.22 | AH37: =AG37-Q37 -> 3525.22
A38: <<60012030 | B38: <<10300 | D38: Printing & Stationery 印刷与文具 | E38: 3395 | F38: 3066 | G38: 3319 | H38: 3103 | I38: 3123 | J38: 2993 | K38: 3357 | L38: 3357 | M38: 2920 | N38: 3093 | O38: 2957 | P38: 3282 | Q38: =SUM(E38:P38) -> 37965 | R38: 5512.36 | S38: 3037.13 | T38: 2254.36 | U38: 1889.37 | V38: 2075.01 | W38: 1902.71 | X38: 2134.93 | Y38: 2935.14 | Z38: 2884 | AA38: 3218 | AB38: 3128 | AC38: 3470 | AD38: =SUM(R38:AC38) -> 34441.01 | AE38: =Q38-AD38 -> 3523.99 | AF38: =AE38/AD38 -> 0.10231959 | AG38: 39669.94 | AH38: =AG38-Q38 -> 1704.94
A39: <<60012040 | B39: <<10300 | D39: Internal Laundry 内部洗衣 | E39: =Laundry!E120 -> 210015.04 | F39: =Laundry!F120 -> 191446.08 | G39: =Laundry!G120 -> 193657.58 | H39: =Laundry!H120 -> 198977.53 | I39: =Laundry!I120 -> 204583.99 | J39: =Laundry!J120 -> 195476.25 | K39: =Laundry!K120 -> 208444.92 | L39: =Laundry!L120 -> 207440.53 | ... P39: =Laundry!P120 -> 200258.53 | Q39: =SUM(E39:P39) -> 2439606.6 | R39: 258422.78 | S39: 292732.71 | T39: 203383.23 | U39: 190606.83 | V39: 72285.25 | W39: 215573.62 | X39: 196133.24 | Y39: 158251.57 | Z39: 212814 | AA39: 238057 | AB39: 200035 | AC39: 204526 | AD39: =SUM(R39:AC39) -> 2442821.2 | AE39: =Q39-AD39 -> -3214.66 | AF39: =AE39/AD39 -> -0.001315962 | AG39: 2203350.7 | AH39: =AG39-Q39 -> -236255.86
A40: <<60012060 | B40: <<10300 | D40: Telephone 电话费 | E40: =19803-445 -> 19358 | F40: 17442 | G40: 18918 | H40: 17655 | I40: 17774 | J40: 17016 | K40: 19138 | L40: 19138 | M40: 16590 | N40: 17598 | O40: 16803 | P40: 18698 | Q40: =SUM(E40:P40) -> 216128 | R40: 18262.43 | S40: 16714.46 | T40: 18275.9 | U40: 20306.31 | V40: 20394.95 | W40: 20354.47 | X40: 19438.81 | Y40: 15754.89 | Z40: 20394.95 | AA40: 20394.95 | AB40: 20394.95 | AC40: 20394.95 | AD40: =SUM(R40:AC40) -> 231082.02 | AE40: =Q40-AD40 -> -14954.02 | AF40: =AE40/AD40 -> -0.06471304 | AG40: 717473.15 | AH40: =AG40-Q40 -> 501345.15
A41: <<60012080 | B41: <<10300 | D41: Transportation 交通 - Staff 员工 | E41: 300 | F41: 300 | G41: 300 | H41: 300 | I41: 300 | J41: 300 | K41: 300 | L41: 300 | M41: 300 | N41: 300 | O41: 300 | P41: 300 | Q41: =SUM(E41:P41) -> 3600 | R41: 508 | S41: 1055 | T41: -2992 | U41: 508 | V41: -1494 | W41: 222 | X41: 222 | Y41: 565 | Z41: 550 | AA41: 550 | AB41: 550 | AC41: 550 | AD41: =SUM(R41:AC41) -> 794 | AE41: =Q41-AD41 -> 2806 | AF41: =AE41/AD41 -> 3.534005 | AG41: 2629.56 | AH41: =AG41-Q41 -> -970.44
A42: <<60012090 | B42: <<10300 | D42: Travelling Expenses 差旅费 | E42: 0 | F42: 0 | G42: 0 | H42: 0 | I42: 0 | J42: 0 | K42: 0 | L42: 0 | M42: 0 | N42: 0 | O42: 0 | P42: 0 | Q42: =SUM(E42:P42) -> 0 | R42: 0 | S42: 0 | T42: 0 | U42: 0 | V42: 0 | W42: 0 | X42: 0 | Y42: 0 | Z42: 0 | AA42: 0 | AB42: 0 | AC42: 0 | AD42: =SUM(R42:AC42) -> 0 | AE42: =Q42-AD42 -> 0 | AF42: =AE42/AD42 -> #DIV/0! | AG42: 0 | AH42: =AG42-Q42 -> 0
A43: <<60011490 | B43: <<10300 | D43: Miscellaneous Expenses 杂项 | E43: 3772 | F43: 3407 | G43: 3688 | H43: 3448 | I43: 3470 | J43: 3326 | K43: 3730 | L43: 3730 | M43: 3245 | N43: 3437 | O43: 3285 | P43: 3646 | Q43: =SUM(E43:P43) -> 42184 | R43: 108 | S43: 22559.51 | T43: 0 | U43: 241.42 | V43: 794 | W43: 3965.6 | X43: 0 | Y43: 13.62 | Z43: 4698 | AA43: 5088 | AB43: 4982 | AC43: 5381 | AD43: =SUM(R43:AC43) -> 47831.15 | AE43: =Q43-AD43 -> -5647.15 | AF43: =AE43/AD43 -> -0.11806427 | AG43: 27325.2 | AH43: =AG43-Q43 -> -14858.8
D44: Total Operating Expenses 营运费用合计 | E44: =SUM(E20:E43) -> 2431293.4 | F44: =SUM(F20:F43) -> 1970990.9 | G44: =SUM(G20:G43) -> 1862560 | H44: =SUM(H20:H43) -> 1886264.1 | I44: =SUM(I20:I43) -> 1901000.3 | J44: =SUM(J20:J43) -> 1820980.4 | K44: =SUM(K20:K43) -> 2018141.9 | L44: =SUM(L20:L43) -> 2016825.6 | ... AD44: =SUM(AD20:AD43) -> 25234851 | AE44: =Q44-AD44 -> -1552851.4 | AF44: =AE44/AD44 -> -0.061535986 | AG44: 17856900 | AH44: =AG44-Q44 -> -5825099.7
D45: Department Profit/(Loss) 部门利润（亏损） | E45: =E15-E17-E44 -> -2802661.9 | F45: =F15-F17-F44 -> -2291945.6 | G45: =G15-G17-G44 -> -2189464 | H45: =H15-H17-H44 -> -2239835.2 | I45: =I15-I17-I44 -> -2270102.1 | J45: =J15-J17-J44 -> -2169368.2 | K45: =K15-K17-K44 -> -2368569 | L45: =L15-L17-L44 -> -2366415.1 | ... AD45: =AD15-AD17-AD44 -> -30711073 | AE45: =Q45-AD45 -> 2789361.5 | AF45: =AE45/AD45 -> -0.090825923 | AG45: -26533049 | AH45: =Q45-AG45 -> -1388662.1
D46: Department Profit/(Loss)% 部门利润（亏损）率% | E46: =E45/E105 -> -0.073446962 | F46: =F45/F105 -> -0.079912605 | G46: =G45/G105 -> -0.10892317 | H46: =H45/H105 -> -0.13605239 | I46: =I45/I105 -> -0.15906155 | J46: =J45/J105 -> -0.15604719 | K46: =K45/K105 -> -0.12663625 | L46: =L45/L105 -> -0.10552568 | ... AD46: =AD45/AD105 -> #DIV/0! | AG46: -0.10865227 | AH46: =Q46-AG46 -> -0.0052529962
A48: <<90010201 | B48: <<10100 | D48: Total Rooms 总房间数 | E48: ='Rooms+Summary'!E48 -> 20956 | F48: ='Rooms+Summary'!F48 -> 18928 | G48: ='Rooms+Summary'!G48 -> 20956 | H48: ='Rooms+Summary'!H48 -> 20280 | I48: ='Rooms+Summary'!I48 -> 20956 | J48: ='Rooms+Summary'!J48 -> 20280 | K48: ='Rooms+Summary'!K48 -> 20956 | L48: ='Rooms+Summary'!L48 -> 20956 | ... P48: ='Rooms+Summary'!P48 -> 20956 | Q48: =SUM(E48:P48) -> 246740 | R48: 20956 | S48: 19604 | T48: 20956 | U48: 20280 | V48: 20956 | W48: 20280 | X48: ='Rooms+Summary'!X48 -> 20956 | Y48: ='Rooms+Summary'!Y48 -> 20956 | Z48: ='Rooms+Summary'!Z48 -> 20280 | AA48: ='Rooms+Summary'!AA48 -> 20956 | AB48: ='Rooms+Summary'!AB48 -> 20280 | AC48: ='Rooms+Summary'!AC48 -> 20956 | AD48: =SUM(R48:AC48) -> 247416 | AE48: =Q48-AD48 -> -676 | AF48: =AE48/AD48 -> -0.0027322404 | AG48: 246740 | AH48: =Q48-AG48 -> 0
A49: <<90010203 | B49: <<10100 | D49: Available Rooms 可用房数 | E49: =E48-E50-E51 -> 20956 | F49: =F48-F50-F51 -> 18928 | G49: =G48-G50-G51 -> 20956 | H49: =H48-H50-H51 -> 20280 | I49: =I48-I50-I51 -> 20956 | J49: =J48-J50-J51 -> 20280 | K49: =K48-K50-K51 -> 20956 | L49: =L48-L50-L51 -> 20956 | ... P49: =P48-P50-P51 -> 20956 | Q49: =SUM(E49:P49) -> 246740 | R49: =R48-R50-R51 -> 20494 | S49: =S48-S50-S51 -> 19227 | T49: =T48-T50-T51 -> 20477 | U49: =U48-U50-U51 -> 19399 | V49: =V48-V50-V51 -> 19203 | W49: =W48-W50-W51 -> 18839 | X49: ='Rooms+Summary'!X49 -> 20556 | Y49: ='Rooms+Summary'!Y49 -> 20436 | Z49: ='Rooms+Summary'!Z49 -> 19680 | AA49: ='Rooms+Summary'!AA49 -> 20356 | AB49: ='Rooms+Summary'!AB49 -> 19680 | AC49: ='Rooms+Summary'!AC49 -> 20356 | AD49: =SUM(R49:AC49) -> 238703 | AE49: =Q49-AD49 -> 8037 | AF49: =AE49/AD49 -> 0.033669455 | AG49: 238727 | AH49: =Q49-AG49 -> 8013
A50: <<90010208 | B50: <<10100 | D50: Out of Order Rooms 大修房数 | E50: ='Rooms+Summary'!E50 -> 0 | F50: ='Rooms+Summary'!F50 -> 0 | G50: ='Rooms+Summary'!G50 -> 0 | H50: ='Rooms+Summary'!H50 -> 0 | I50: ='Rooms+Summary'!I50 -> 0 | J50: ='Rooms+Summary'!J50 -> 0 | K50: ='Rooms+Summary'!K50 -> 0 | L50: ='Rooms+Summary'!L50 -> 0 | ... P50: ='Rooms+Summary'!P50 -> 0 | Q50: =SUM(E50:P50) -> 0 | R50: 450 | S50: 370 | T50: 473 | U50: 871 | V50: 1729 | W50: 1433 | X50: ='Rooms+Summary'!X50 -> 400 | Y50: ='Rooms+Summary'!Y50 -> 520 | Z50: ='Rooms+Summary'!Z50 -> 600 | AA50: ='Rooms+Summary'!AA50 -> 600 | AB50: ='Rooms+Summary'!AB50 -> 600 | AC50: ='Rooms+Summary'!AC50 -> 600 | AD50: =SUM(R50:AC50) -> 8646 | AE50: =Q50-AD50 -> -8646 | AF50: =AE50/AD50 -> -1 | AG50: 6262 | AH50: =Q50-AG50 -> -6262
A51: <<90010209 | B51: <<10100 | D51: Out of Service Rooms 小维修房数 | E51: ='Rooms+Summary'!E51 -> 0 | F51: ='Rooms+Summary'!F51 -> 0 | G51: ='Rooms+Summary'!G51 -> 0 | H51: ='Rooms+Summary'!H51 -> 0 | I51: ='Rooms+Summary'!I51 -> 0 | J51: ='Rooms+Summary'!J51 -> 0 | K51: ='Rooms+Summary'!K51 -> 0 | L51: ='Rooms+Summary'!L51 -> 0 | ... P51: ='Rooms+Summary'!P51 -> 0 | Q51: =SUM(E51:P51) -> 0 | R51: 12 | S51: 7 | T51: 6 | U51: 10 | V51: 24 | W51: 8 | X51: ='Rooms+Summary'!X51 -> 9 | Y51: ='Rooms+Summary'!Y51 -> 14 | Z51: ='Rooms+Summary'!Z51 -> 5 | AA51: ='Rooms+Summary'!AA51 -> 5 | AB51: ='Rooms+Summary'!AB51 -> 5 | AC51: ='Rooms+Summary'!AC51 -> 5 | AD51: =SUM(R51:AC51) -> 110 | AE51: =Q51-AD51 -> -110 | AF51: =AE51/AD51 -> -1 | AG51: 1751 | AH51: =Q51-AG51 -> -1751
A52: <<90010205 | B52: <<10100 | D52: Room Sold 付费房数 | E52: ='Rooms+Summary'!E52 -> 18860 | F52: ='Rooms+Summary'!F52 -> 17035 | G52: ='Rooms+Summary'!G52 -> 17813 | H52: ='Rooms+Summary'!H52 -> 17005 | I52: ='Rooms+Summary'!I52 -> 17603 | J52: ='Rooms+Summary'!J52 -> 16867 | K52: ='Rooms+Summary'!K52 -> 18860 | L52: ='Rooms+Summary'!L52 -> 18860 | ... P52: ='Rooms+Summary'!P52 -> 18441 | Q52: =SUM(E52:P52) -> 212199 | R52: 19715 | S52: 18855 | T52: 19772 | U52: 18249 | V52: 17477 | W52: 17897 | X52: ='Rooms+Summary'!X52 -> 19826 | Y52: ='Rooms+Summary'!Y52 -> 19726 | Z52: ='Rooms+Summary'!Z52 -> 16224 | AA52: ='Rooms+Summary'!AA52 -> 16765 | AB52: ='Rooms+Summary'!AB52 -> 16832 | AC52: ='Rooms+Summary'!AC52 -> 17813 | AD52: =SUM(R52:AC52) -> 219151 | AE52: =Q52-AD52 -> -6952 | AF52: =AE52/AD52 -> -0.03172242 | AG52: 213673 | AH52: =Q52-AG52 -> -1474
A53: <<90010206 | B53: <<10100 | D53: Complimentary Rooms 免费房数 | E53: ='Rooms+Summary'!E53 -> 62 | F53: ='Rooms+Summary'!F53 -> 62 | G53: ='Rooms+Summary'!G53 -> 62 | H53: ='Rooms+Summary'!H53 -> 62 | I53: ='Rooms+Summary'!I53 -> 62 | J53: ='Rooms+Summary'!J53 -> 62 | K53: ='Rooms+Summary'!K53 -> 62 | L53: ='Rooms+Summary'!L53 -> 62 | ... P53: ='Rooms+Summary'!P53 -> 62 | Q53: =SUM(E53:P53) -> 744 | R53: 96 | S53: 29 | T53: 74 | U53: 49 | V53: 53 | W53: 61 | X53: ='Rooms+Summary'!X53 -> 73 | Y53: ='Rooms+Summary'!Y53 -> 93 | Z53: ='Rooms+Summary'!Z53 -> 200 | AA53: ='Rooms+Summary'!AA53 -> 150 | AB53: ='Rooms+Summary'!AB53 -> 200 | AC53: ='Rooms+Summary'!AC53 -> 150 | AD53: =SUM(R53:AC53) -> 1228 | AE53: =Q53-AD53 -> -484 | AF53: =AE53/AD53 -> -0.39413681 | AG53: 1723 | AH53: =Q53-AG53 -> -979
A54: <<90010207 | B54: <<10100 | D54: House Use Rooms 自用房数 | E54: ='Rooms+Summary'!E54 -> 54 | F54: ='Rooms+Summary'!F54 -> 54 | G54: ='Rooms+Summary'!G54 -> 54 | H54: ='Rooms+Summary'!H54 -> 54 | I54: ='Rooms+Summary'!I54 -> 54 | J54: ='Rooms+Summary'!J54 -> 54 | K54: ='Rooms+Summary'!K54 -> 54 | L54: ='Rooms+Summary'!L54 -> 54 | ... P54: ='Rooms+Summary'!P54 -> 54 | Q54: =SUM(E54:P54) -> 648 | R54: 59 | S54: 43 | T54: 57 | U54: 65 | V54: 63 | W54: 57 | X54: ='Rooms+Summary'!X54 -> 40 | Y54: ='Rooms+Summary'!Y54 -> 44 | Z54: ='Rooms+Summary'!Z54 -> 60 | AA54: ='Rooms+Summary'!AA54 -> 60 | AB54: ='Rooms+Summary'!AB54 -> 60 | AC54: ='Rooms+Summary'!AC54 -> 60 | AD54: =SUM(R54:AC54) -> 668 | AE54: =Q54-AD54 -> -20 | AF54: =AE54/AD54 -> -0.02994012 | AG54: 711 | AH54: =Q54-AG54 -> -63
D55: Total Occupied Rooms 占用房间合计 | E55: =SUM(E52:E54) -> 18976 | F55: =SUM(F52:F54) -> 17151 | G55: =SUM(G52:G54) -> 17929 | H55: =SUM(H52:H54) -> 17121 | I55: =SUM(I52:I54) -> 17719 | J55: =SUM(J52:J54) -> 16983 | K55: =SUM(K52:K54) -> 18976 | L55: =SUM(L52:L54) -> 18976 | ... AD55: =SUM(AD52:AD54) -> 221047 | AE55: =Q55-AD55 -> -7456 | AF55: =AE55/AD55 -> -0.033730383 | AG55: 216107 | AH55: =Q55-AG55 -> -2516
D56: Total Occupancy % 出租率合计 | E56: =E55/E48 -> 0.90551632 | F56: =F55/F48 -> 0.90611792 | G56: =G55/G48 -> 0.8555545 | H56: =H55/H48 -> 0.84423077 | I56: =I55/I48 -> 0.8455335 | J56: =J55/J48 -> 0.83742604 | K56: =K55/K48 -> 0.90551632 | L56: =L55/L48 -> 0.90551632 | ... AD56: =AD55/AD48 -> 0.89342241 | AE56: =Q56-AD56 -> -0.027770311 | AF56: =AE56/AD56 -> -0.031083069 | AG56: 0.87584907 | AH56: =Q56-AG56 -> -0.010196968
D57: Paid Occupancy % 付费房出租率 | E57: =E52/E48 -> 0.89998091 | F57: =F52/F48 -> 0.89998943 | G57: =G52/G48 -> 0.85001909 | H57: =H52/H48 -> 0.83851085 | I57: =I52/I48 -> 0.83999809 | J57: =J52/J48 -> 0.83170611 | K57: =K52/K48 -> 0.89998091 | L57: =L52/L48 -> 0.89998091 | ... AD57: =AD52/AD48 -> 0.88575921 | AE57: =Q57-AD57 -> -0.02574867 | AF57: =AE57/AD57 -> -0.029069604 | AG57: 0.86598444 | AH57: =Q57-AG57 -> -0.0059738997
D58: Average Rate 平均房费 | E58: =E15/E52 -> 0 | F58: =F15/F52 -> 0 | G58: =G15/G52 -> 0 | H58: =H15/H52 -> 0 | I58: =I15/I52 -> 0 | J58: =J15/J52 -> 0 | K58: =K15/K52 -> 0 | L58: =L15/L52 -> 0 | ... AD58: =AD15/AD52 -> 0 | AE58: =Q58-AD58 -> 0 | AF58: =AE58/AD58 -> #DIV/0! | AG58: 0 | AH58: =Q58-AG58 -> 0
D59: RevPAR 每间房平均房费 | E59: =E15/E48 -> 0 | F59: =F15/F48 -> 0 | G59: =G15/G48 -> 0 | H59: =H15/H48 -> 0 | I59: =I15/I48 -> 0 | J59: =J15/J48 -> 0 | K59: =K15/K48 -> 0 | L59: =L15/L48 -> 0 | ... AD59: =AD15/AD48 -> 0 | AE59: =Q59-AD59 -> 0 | AF59: =AE59/AD59 -> #DIV/0! | AG59: 0 | AH59: =Q59-AG59 -> 0
D60: Cost per Occupied Room 每个占用房间成本 | E60: =(E44+E17)/E55 -> 147.69508 | F60: =(F44+F17)/F55 -> 133.63335 | G60: =(G44+G17)/G55 -> 122.11858 | H60: =(H44+H17)/H55 -> 130.82385 | I60: =(I44+I17)/I55 -> 128.11683 | J60: =(J44+J17)/J55 -> 127.73763 | K60: =(K44+K17)/K55 -> 124.81919 | L60: =(L44+L17)/L55 -> 124.70569 | ... AD60: =(AD44+AD17)/AD55 -> 138.93458 | AE60: =Q60-AD60 -> -8.2094529 | AF60: =AE60/AD60 -> -0.059088621 | AG60: 122.77737 | AH60: =AG60-Q60 -> -7.9477598
AH61: =AG61-Q61 -> 0
D62: LABOUR COST ANALYSIS 人工成本费用 | AH62: =AG62-Q62 -> 0
D63: Salary & Wages 工资 | AH63: =AG63-Q63 -> 0
A64: <<50010300,50010400 | B64: <<10300 | D64: Managers 经理 | E64: 61180 | F64: 61180 | G64: 62426.4 | H64: 62426.4 | I64: 62426.4 | J64: 62426.4 | K64: 62426.4 | L64: 62426.4 | M64: 62426.4 | N64: 62426.4 | O64: 62426.4 | P64: 62426.4 | Q64: =SUM(E64:P64) -> 746624 | R64: 65182.76 | S64: 66014 | T64: 65976 | U64: 65900 | V64: 60997.9 | W64: 48242 | X64: 48166 | Y64: 54226.25 | Z64: 65600 | AA64: 65600 | AB64: 65600 | AC64: 65600 | AD64: =SUM(R64:AC64) -> 737104.91 | AE64: =Q64-AD64 -> 9519.09 | AF64: =AE64/AD64 -> 0.012914159 | AG64: 878460.59 | AH64: =AG64-Q64 -> 131836.59
A65: z | D65: Front Office 前厅 | E65: 0 | F65: 0 | G65: 0 | H65: 0 | I65: 0 | J65: 0 | K65: 0 | L65: 0 | M65: 0 | N65: 0 | O65: 0 | P65: 0 | Q65: =SUM(E65:P65) -> 0 | R65: 0 | S65: 0 | T65: 0 | U65: 0 | V65: 0 | W65: 0 | X65: 0 | Y65: 0 | Z65: 0 | AA65: 0 | AB65: 0 | AC65: 0 | AD65: =SUM(R65:AC65) -> 0 | AE65: =Q65-AD65 -> 0 | AF65: =AE65/AD65 -> #DIV/0! | AG65: 0 | AH65: =AG65-Q65 -> 0
A66: <<50010100..50010200,50010500..50010700,50012500..50012600 | B66: <<10300 | D66: Housekeeping 客房 | E66: 82365 | F66: 82365 | G66: 87281.25 | H66: 96258.75 | I66: 96258.75 | J66: 99450.75 | K66: 99450.75 | L66: 99450.75 | M66: 99450.75 | N66: 99450.75 | O66: 99450.75 | P66: 99450.75 | Q66: =SUM(E66:P66) -> 1140684 | R66: 98933.21 | S66: 109834.46 | T66: 104281.94 | U66: 88975.24 | V66: 97592.99 | W66: 91168.88 | X66: 89845.42 | Y66: 92116.38 | Z66: 90062 | AA66: 120062 | AB66: 120062 | AC66: 120062 | AD66: =SUM(R66:AC66) -> 1222996.5 | AE66: =Q66-AD66 -> -82312.52 | AF66: =AE66/AD66 -> -0.067303969 | AG66: 3068265.1 | AH66: =AG66-Q66 -> 1927581.1
A67: Z | D67: Reservations 预定 | E67: 0 | F67: 0 | G67: 0 | H67: 0 | I67: 0 | J67: 0 | K67: 0 | L67: 0 | M67: 0 | N67: 0 | O67: 0 | P67: 0 | Q67: =SUM(E67:P67) -> 0 | R67: 0 | S67: 0 | T67: 0 | U67: 0 | V67: 0 | W67: 0 | X67: 0 | Y67: 0 | Z67: 0 | AA67: 0 | AB67: 0 | AC67: 0 | AD67: =SUM(R67:AC67) -> 0 | AE67: =Q67-AD67 -> 0 | AF67: =AE67/AD67 -> #DIV/0! | AG67: 0 | AH67: =AG67-Q67 -> 0
